Workbook
Name \C: #REF!
Name \C: #REF!
Name \C: #REF!
Name \C: #REF!
Name \D: #REF!
Name \D: #REF!
Name \D: #REF!
Name \G: #REF!
Name \G: #REF!
Name \G: #REF!
Name \I: #REF!
Name \I: #REF!
Name \I: #REF!
Name \l: #REF!
Name \l: #REF!
Name \l: #REF!
Name \M: #REF!
Name \M: #REF!
Name \M: #REF!
Name \P: #REF!
Name \P: #REF!
Name \P: #REF!
Name \q: #REF!
Name \q: #REF!
Name \q: #REF!
Name \R: #REF!
Name \R: #REF!
Name \R: #REF!
Name \s: #REF!
Name \s: #REF!
Name \s: #REF!
Name \t: #REF!
Name \t: #REF!
Name \t: #REF!
Name \Y: #REF!
Name \Y: #REF!
Name \Y: #REF!
Name _: #REF!
Name _: #REF!
Name _: #REF!
Name _________sub1: #REF!
Name _________sub1: #REF!
Name _________sub1: #REF!
Name _________sub3: #REF!
Name _________sub3: #REF!
Name _________sub3: #REF!
Name ________R: #REF!
Name ________R: #REF!
Name ________R: #REF!
Name ________sub1: #REF!
Name ________sub1: #REF!
Name ________sub1: #REF!
Name ________sub2: #REF!
Name ________sub2: #REF!
Name ________sub2: #REF!
Name ________sub3: #REF!
Name ________sub3: #REF!
Name ________sub3: #REF!
Name ________sub4: #REF!
Name ________sub4: #REF!

Sheet Inf. Prel.
A1: INFORMAÇÕES PRELIMINARES Orçamento OGU
A2: ITEM | B2: DESCRIÇÃO | C2: INFORMAÇÃO
A3: 1 | B3: Número Convênio (SICONV)
B4: Número Contrato de Repasse (Operação)
A5: 3 | B5: Gestor do Recurso (Ministério)
A6: 4 | B6: Objeto | C6: FORNECIMENTO E INSTALAÇÃO DE SUBESTAÇÕES AÉREAS EM DIVERSAS ESCOLAS DO MUNICIPIO DE POMBAL-PB
A7: 5 | B7: Tipo de obra/serviço
A8: 6 | B8: Programa
A9: 7 | B9: Ação/Modalidade
A10: 8 | B10: Proponente/Tomador | C10: PREFEITURA MUNICIPAL DE POMBAL - PB
A11: 9 | B11: Timbre Proponente/Tomador (Clicar no botão direito do mouse sobre a imagem -> Alterar Imagem -> de um Arquivo)
A12: 10 | B12: Representante Legal da Instituição
A13: 11 | B13: Cargo do Representante Legal | C13: Prefeito Constitucional
A14: 12 | B14: Município/UF | C14: POMBAL -PB
A15: 13 | B15: Localidade/Endereço | C15: Diversas
A16: 14 | B16: GIGOV (CAIXA) responsável pela análise
A17: 15 | B17: =CONCATENATE("Data Orçamento (Sugestão: ",TEXT(TODAY(), "dd/MM/aaaa"),")") -> Data Orçamento (Sugestão: 11/05/2026) | C17: =TODAY() -> 46153
A18: 16 | B18: Responsável Técnico | C18: Ana Clara Ferreira Siqueira

Sheet Capa
B21: PLANILHA ORÇAMENTÁRIA
C25: ='Inf. Prel.'!C6 -> FORNECIMENTO E INSTALAÇÃO DE SUBESTAÇÕES AÉREAS EM DIVERSAS ESCOLAS DO MUNICIPIO DE POMBAL-PB
E45: =CONCATENATE((DAY('Inf. Prel.'!C17))," de") -> 11 de | F45: =CONCATENATE((TEXT('Inf. Prel.'!C17,"mmmm"))," de") -> maio de | G45: =YEAR('Inf. Prel.'!C17) -> 2026

Sheet Encargos
A1: ENCARGOS SOCIAIS
A3: Item | B3: Discriminação | C3: Horista | D3: Mensalista
A4: A | B4: ENCARGOS SOCIAIS BÁSICOS | C4: =SUM(C5:C13) -> 16.8 | D4: =SUM(D5:D13) -> 16.8
A5: A-1 | B5: INSS | C5: 0 | D5: 0
A6: A-2 | B6: SESI | C6: 1.5 | D6: 1.5
A7: A-3 | B7: SENAI | C7: 1 | D7: 1
A8: A-4 | B8: INCRA | C8: 0.2 | D8: 0.2
A9: A-5 | B9: SEBRAE | C9: 0.6 | D9: 0.6
A10: A-6 | B10: SALÁRIO EDUCAÇÃO | C10: 2.5 | D10: 2.5
A11: A-7 | B11: SEGURO CONTRA ACIDENTES DE TRABALHO | C11: 3 | D11: 3
A12: A-8 | B12: FGTS | C12: 8 | D12: 8
A13: A-9 | B13: SECONCI | C13: 0 | D13: 0
A14: B | B14: ENCARGOS SOCIAIS QUE RECEBEM AS INCIDÊNCIAS DE "A" | C14: =SUM(C15:C25) -> 50.51 | D14: =SUM(D15:D25) -> 20.28
A15: B-1 | B15: REPOUSO SEMANAL REMUNERADO | C15: 18.01 | D15: 0
A16: B-2 | B16: FERIADOS | C16: 4.3 | D16: 0
A17: B-3 | B17: AUXILIO - ENFERMIDADE | C17: 0.87 | D17: 0.67
A18: B-4 | B18: 13º SALARIO | C18: 10.78 | D18: 8.33
A19: B-5 | B19: LICENÇA PATERNIDADE | C19: 0.07 | D19: 0.06
A20: B-6 | B20: FALTAS JUSTIFICADAS | C20: 0.72 | D20: 0.56
A21: B-7 | B21: DIAS DE CHUVAS | C21: 1.98 | D21: -
A22: B-8 | B22: AUXILIO ACIDENTE DE TRABALHO | C22: 0.11 | D22: 0.08
A23: B-9 | B23: FÉRIAS GOZADAS | C23: 13.64 | D23: 10.55
A24: B-10 | B24: SALÁRIO MATERNIDADE | C24: 0.03 | D24: 0.03
A26: C | B26: ENCARGOS SOCIAIS QUE NÃO RECEBEM AS INCIDÊNCIAS DE "A" | C26: =SUM(C27:C32) -> 9.52 | D26: =SUM(D27:D32) -> 7.38
A27: C-1 | B27: AVISO PRÉVIO INDENIZADO | C27: 4.45 | D27: 3.45
A28: C-2 | B28: AVISO PRÉVIO TRABALHADO | C28: 0.1 | D28: 0.08
A29: C-3 | B29: FÉRIAS INDENIZADAS | C29: 0.5 | D29: 0.39
A30: C-4 | B30: DEPÓSITO RECISÃO SEM JUSTA CAUSA | C30: 4.1 | D30: 3.17
A31: C-5 | B31: INDENIZAÇÃO ADICIONAL | C31: 0.37 | D31: 0.29
A33: D | B33: TAXAS DE REINCIDÊNCIAS DE UM GRUPO SOBRE O OUTRO | C33: =SUM(C34:C35) -> 8.86 | D33: =SUM(D34:D35) -> 3.7
A34: D-1 | B34: REINCIDENCIA DE GRUPO A SOBRE GRUPO B | C34: 8.49 | D34: 3.41
A35: D-2 | B35: REINCIDENCIA DE GRUPO A SOBRE AVISO PRÉVIO TRABALHADO E REINCIDENCIA DO FGTS SOBRE AVISO PRÉVIO INDENIZADO | C35: 0.37 | D35: 0.29
B36: TOTAL | C36: =SUM(C4,C14,C26,C33) -> 85.69 | D36: =SUM(D4,D14,D26,D33) -> 48.16

Sheet BDI
C4: ='Inf. Prel.'!C10 -> PREFEITURA MUNICIPAL DE POMBAL - PB | L4: CONCEDENTE:
L5: CONTRATO:
L6: OBRA: | N6: ='Inf. Prel.'!C6 -> FORNECIMENTO E INSTALAÇÃO DE SUBESTAÇÕES AÉREAS EM DIVERSAS ESCOLAS DO MUNICIPIO DE POMBAL-PB
R8: REF. PREÇOS: | T8: DESONERADO:
R9: SINAPI-PB / 12-2025 | T9: Não
B11: CÁLCULO DA BONIFICAÇÃO E DESPESAS INDIRETAS
B13: CÁLCULO DE BDI | D13: 1 - Edificações | G13: 2 - Rodovias, Ferrovias, Pistas de Aeroportos, Infra Viária Urbana | J13: 3 - Abastecimento de Água, Coleta de Esgoto | M13: 4 - Estações e Redes de Distribuição de Energia Elétrica | P13: 5 - Portuárias, Marítimas e Fluviais | S13: 6 - Fornecimento de Materiais e Equipamentos
B14: Item componente do BDI | C14: % Info | D14: 1ºQ | E14: Médio | F14: 3º Q | G14: 1ºQ | H14: Médio | I14: 3º Q | J14: 1ºQ | K14: Médio | L14: 3º Q | M14: 1ºQ | N14: Médio | O14: 3º Q | P14: 1ºQ | Q14: Médio | R14: 3º Q | S14: 1ºQ | T14: Médio | U14: 3º Q
B15: Administração Central ( AC ) | C15: 5.92 | D15: 3 | E15: 4 | F15: 5.5 | G15: 3.8 | H15: 4.01 | I15: 4.67 | J15: 3.43 | K15: 4.93 | L15: 6.71 | M15: 5.29 | N15: 5.92 | O15: 7.93 | P15: 4 | Q15: 5.52 | R15: 7.85 | S15: 1.5 | T15: 3.45 | U15: 4.49
B16: Seguro e Garantia (G) | C16: 0.51 | D16: 0.8 | E16: 0.8 | F16: 1 | G16: 0.32 | H16: 0.4 | I16: 0.74 | J16: 0.28 | K16: 0.49 | L16: 0.75 | M16: 0.25 | N16: 0.51 | O16: 0.56 | P16: 0.81 | Q16: 1.22 | R16: 1.99 | S16: 0.3 | T16: 0.48 | U16: 0.82
B17: Risco (R) | C17: 1.48 | D17: 0.97 | E17: 1.27 | F17: 1.27 | G17: 0.5 | H17: 0.56 | I17: 0.97 | J17: 1 | K17: 1.39 | L17: 1.74 | M17: 1 | N17: 1.48 | O17: 1.97 | P17: 1.46 | Q17: 2.32 | R17: 3.16 | S17: 0.56 | T17: 0.85 | U17: 0.89
B18: Despesas Financeiras (DF) | C18: 1.07 | D18: 0.59 | E18: 1.23 | F18: 1.39 | G18: 1.02 | H18: 1.11 | I18: 1.21 | J18: 0.94 | K18: 0.99 | L18: 1.17 | M18: 1.01 | N18: 1.07 | O18: 1.11 | P18: 0.94 | Q18: 1.02 | R18: 1.33 | S18: 0.85 | T18: 0.85 | U18: 1.11
B19: Lucro (L) | C19: 8.31 | D19: 6.16 | E19: 7.4 | F19: 8.96 | G19: 6.64 | H19: 7.3 | I19: 8.69 | J19: 6.74 | K19: 8.04 | L19: 9.4 | M19: 8 | N19: 8.31 | O19: 9.51 | P19: 7.14 | Q19: 8.4 | R19: 10.43 | S19: 3.5 | T19: 5.11 | U19: 6.22
B20: Impostos (I) - PIS, COFINS, ISSQN | C20: =0.65+3+2 -> 5.65 | D20: Conforme Legislação Específica
B21: Observações
B22: 1) Preencher apenas a coluna % Informado (Coluna C) | G22: VALORES DE BDI POR TIPO DE OBRA
B23: =CONCATENATE("2) Os impostos (I) normalmente aplicáveis são: PIS (0,65%), COFINS (3,00%), ISS (2 ",'Inf. Prel.'!C10,").") -> 2) Os impostos (I) normalmente aplicáveis são: PIS (0,65%), COFINS (3,00%), ISS (2 PREFEITURA MUNICIPAL DE POMBAL - PB). | G23: Tipo de Obra | M23: 1ºQ | N23: Médio | O23: 3º Q
G24: 1 - Edificações | M24: 20.34 | N24: 22.12 | O24: 25
B25: 3) O cálculo do BDI se baseia na fórmula abaixo utilizada pelo Acórdão 2622/13 do TCU, conforme CE GEPAD 354/2013 de 17/10/2013. | G25: 2 - Rodovias, Ferrovias, Pistas de Aeroportos, Infra Viária Urbana | M25: 19.6 | N25: 20.97 | O25: 24.23
G26: 3 - Abastecimento de Água, Coleta de Esgotos | M26: 20.76 | N26: 24.18 | O26: 26.44
G27: 4 - Estações e Redes de Distribuição de Energia Elétrica | M27: 24 | N27: 25.84 | O27: 27.86
B28: Fórmula Utilizada: | G28: 5 - Portuárias, Marítimas e Fluviais | M28: 22.8 | N28: 27.48 | O28: 30.95
G29: 6 - Fornecimento de Materiais e Equipamentos | M29: 11.1 | N29: 14.02 | O29: 16.8
G31: Observações sobre os % informados no cálculo do BDI, neste caso:
B32: B.D.I = | C32: =ROUND(((1+(C15+C16+C17)/100)*((1+C18/100)*(1+C19/100))/(1-C20/100))-1,4) -> 0.252 | G32: Estações e Redes de Distribuição de Energia (obra tipo 4)
G33: Os valores % informados se enquadram nos limites do Acordão 2622/2013-TCU-Plenário (CPRB desconsiderado)

Sheet Cotação
B3: =BDI!C4 -> PREFEITURA MUNICIPAL DE POMBAL - PB
B4: CONTRATO: | C4: =CONCATENATE('Inf. Prel.'!C4, " - ",RIGHT('Inf. Prel.'!C3,7)) -> - | D4: REF. PREÇOS: | F4: DESONERADO:
B5: OBRA: | C5: =BDI!N6 -> FORNECIMENTO E INSTALAÇÃO DE SUBESTAÇÕES AÉREAS EM DIVERSAS ESCOLAS DO MUNICIPIO DE POMBAL-PB | D5: =BDI!R9 -> SINAPI-PB / 12-2025 | F5: =BDI!T9 -> Não
B7: COTAÇÃO DE INSUMOS
B8: ITEM | C8: DESCRIÇÃO/FONTE | D8: TIPO | E8: UND | F8: CUSTO
B9: 1 | C9: LUMINÁRIA LED 10W DE EMBUTIR | E9: UM | F9: =ROUND((F10+F11+F12)/3,2) -> 32.9
B10: =CONCATENATE($B$9,".1") -> 1.1 | C10: INTERBLOCOS INDUSTRIA E COMERCIO DE ARTEFATOS DE CIMENTO EIRELI (CNPJ: 14.465.161/0001-65) | D10: INSUMO | E10: =E9 -> UM | F10: 39.9
B11: =CONCATENATE($B$9,".2") -> 1.2 | C11: Precon Artefatos de Concreto LTDA (CNPJ 13.617.541/0001-05) | D11: INSUMO | E11: =E10 -> UM | F11: 31.9
B12: =CONCATENATE($B$9,".3") -> 1.3 | C12: BR CONSTRUÇÃO (CNPJ 43.453.062.0001/61) | D12: INSUMO | E12: =E11 -> UM | F12: 26.9
B13: 2 | C13: LUMINÁRIA LED 15W DE EMBUTIR | E13: UM | F13: =ROUND((F14+F15+F16)/3,2) -> 46.57
B14: =CONCATENATE($B$13,".1") -> 2.1 | C14: Ferreira Costa & Cia Ltda CNPJ: 10.230.480/0022-65 | E14: =E13 -> UM | F14: 46.9
B15: =CONCATENATE($B$13,".2") -> 2.2 | C15: Carajás Material de Construção Ltda CNPJ: 03.656.804/0024-28 | E15: =E14 -> UM | F15: 42.9
B16: =CONCATENATE($B$13,".3") -> 2.3 | C16: ALED COMERCIO DE PRODUTOS DE ILUMINACAO LTDA CNPJ: 50.820.558/0001-91 | E16: =E15 -> UM | F16: 49.9
B17: 3 | C17: LUMINÁRIA LED 15W DE SOBREPOR | E17: UM | F17: =ROUND((F18+F19+F20)/3,2) -> 62.39
B18: =CONCATENATE(B17,".1") -> 3.1 | C18: ALED COMERCIO DE PRODUTOS DE ILUMINACAO LTDA CNPJ: 50.820.558/0001-91 | E18: =E17 -> UM | F18: 49.9
B19: =CONCATENATE(B17,".2") -> 3.2 | C19: Starlumen do Brasil Ltda CNPJ: 47.628.241/0001-43 | E19: =E18 -> UM | F19: 65.02
B20: =CONCATENATE(B17,".3") -> 3.3 | C20: Leroy Merlin Companhia Brasileira de Bricolagem CNPJ: 01.438.784/0001-05 | E20: =E19 -> UM | F20: 72.24
B21: 4 | C21: LUMINÁRIA LED 20W DE EMBUTIR | E21: UM | F21: =ROUND((F22+F23+F24)/3,2) -> 46.87
B22: =CONCATENATE(B21,".1") -> 4.1 | C22: Ferreira Costa & Cia Ltda CNPJ: 10.230.480/0022-65 | E22: =E21 -> UM | F22: 41.9
B23: =CONCATENATE(B21,".2") -> 4.2 | C23: Madeiramadeira Comércio Eletrônico S/A CNPJ:10.490.181/0002-16 | E23: =E22 -> UM | F23: 42.9
B24: =CONCATENATE(B21,".3") -> 4.3 | C24: ALED COMERCIO DE PRODUTOS DE ILUMINACAO LTDA CNPJ: 50.820.558/0001-91 | E24: =E23 -> UM | F24: 55.8
B25: 5 | C25: Luminária de embutir aletada 2x32W LED - T8 120cm | E25: UM | F25: =ROUND((F26+F27+F28)/3,2) -> 229.11
B26: =CONCATENATE(B25,".1") -> 5.1 | C26: MM ILUMINACOES LTDA CNPJ: 86.896.651/0001-27 | E26: =E25 -> UM | F26: 245.12
B27: =CONCATENATE(B25,".2") -> 5.2 | C27: ILUMINA INSTALAÇÃO LTDA CNPJ: 21.238.576/0001-61 | E27: =E26 -> UM | F27: 242.25
B28: =CONCATENATE(B25,".3") -> 5.3 | C28: SANTIL COMERCIAL ELETRICA LTDA CNPJ: 49.474.398/0013-20 | E28: =E27 -> UM | F28: 199.97
B29: 6 | C29: Luminária de sobrepor aletada 2x32W LED - T8 120cm | E29: UM | F29: =ROUND((F30+F31+F32)/3,2) -> 234.32
B30: =CONCATENATE(B29,".1") -> 6.1 | C30: MM ILUMINACOES LTDA CNPJ: 86.896.651/0001-27 | E30: =E29 -> UM | F30: 252.62
B31: =CONCATENATE(B29,".2") -> 6.2 | C31: ILUMINA INSTALAÇÃO LTDA CNPJ: 21.238.576/0001-61 | E31: =E30 -> UM | F31: 255.34
B32: =CONCATENATE(B29,".3") -> 6.3 | C32: CARVALHO COMERCIO DE MATERIAL ELETRICO CNPJ: 22.425.609/0001-45 | E32: =E31 -> UM | F32: 195
B33: 7 | C33: Lâmpada Led 32W | E33: UM | F33: =ROUND((F34+F35+F36)/3,2) -> 80.72
B34: =CONCATENATE(B33,".1") -> 7.1 | C34: Philips do Brasil Ltda CNPJ: 61.086.336/0001-03 | E34: =E33 -> UM | F34: 79.99
B35: =CONCATENATE(B33,".2") -> 7.2 | C35: Leroy Merlin Companhia Brasileira de Bricolagem CNPJ: 01.438.784/0001-05 | E35: =E34 -> UM | F35: 96.15
B36: =CONCATENATE(B33,".3") -> 7.3 | C36: Dimensional Brasil Soluções Ltda CNPJ: 06.913.480/0017-25 | E36: =E35 -> UM | F36: 66.03
B37: 8 | C37: ELETROCALHA PERFURADA 100x75x3000mm, GALVANIZADA A FOGO, CHAPA #18 | E37: UN | F37: =F38 -> 218.94
B38: =CONCATENATE(B37,".1") -> 8.1 | C38: Eletro FM - Comércio de Materiais Elétricos Ltda CNPJ: 00.617.983/0001-00. | E38: =E37 -> UN | F38: 218.94
B39: Obs.: Adotado como referência a MEDIA dos valores cotados
B40: 9 | C40: REVESTIMENTO EM PASTILHA CERÂMICA 15X15 INTERNO | E40: M² | F40: =ROUND((F41+F42+F43)/3,2) -> 104.43
B41: =CONCATENATE(B40,".1") -> 9.1 | C41: Ferreira Costa e Cia Ltda CNPJ: 10.230.480/0008-07 | E41: =E40 -> M² | F41: 102.9
B42: =CONCATENATE(B40,".2") -> 9.2 | C42: TelhaNorte CNPJ: 03.840.986/0020-69 | E42: =E41 -> M² | F42: 134.9
B43: =CONCATENATE(B40,".3") -> 9.3 | C43: FORNECEDORA CHATUBA DE NILOPOLIS S.A CNPJ: 29.911.559/0010-46 | E43: =E42 -> M² | F43: 75.5
B44: 10 | C44: EXTINTOR CLASSE K PORTÁTIL 6 LITROS | E44: UN | F44: =ROUND((F45+F46+F47)/3,2) -> 2983.58
B45: =CONCATENATE(B44,".1") -> 10.1 | C45: PROTEÇÃO EXTINTORES LTDA - CNPJ: 50.549.045/0001-98 | E45: =E44 -> UN | F45: 3199.99
B46: =CONCATENATE(B44,".2") -> 10.2 | C46: R&A Extintores LTDA - CNPJ: 14.314.086/0001-31 | E46: =E45 -> UN | F46: 3199.99
B47: =CONCATENATE(B44,".3") -> 10.3 | C47: Contra Incêndio - Sistemas de Proteção e Combate a Incêndio em Sorocaba - CNPJ: 15579136/0001-75 | E47: =E46 -> UN | F47: 2550.75
B48: 11 | C48: CENTRAL DE ALARME CONVENCIONAL 12 SETORES 12V + BATERIA | E48: UN | F48: =ROUND((F49+F50+F51)/3,2) -> 663.33
B49: =CONCATENATE(B48,".1") -> 11.1 | C49: R&A Extintores LTDA - CNPJ: 14.314.086/0001-31 | E49: =E48 -> UN | F49: 730
B50: =CONCATENATE(B48,".2") -> 11.2 | C50: PROTEÇÃO EXTINTORES LTDA - CNPJ: 50.549.045/0001-98 | E50: =E49 -> UN | F50: 730
B51: =CONCATENATE(B48,".3") -> 11.3 | C51: Quality Tubos Comércio de Ferro e Aço Ltda - CNPJ: 11.818.296/0001-79 | E51: =E50 -> UN | F51: 530
B52: 12 | C52: =UPPER("Sirene Áudio Visual Convencional - 12/24v - 100 db") -> SIRENE ÁUDIO VISUAL CONVENCIONAL - 12/24V - 100 DB | E52: UN | F52: =ROUND((F53+F54+F55)/3,2) -> 79.83
B53: =CONCATENATE(B52,".1") -> 12.1 | C53: R&A Extintores LTDA - CNPJ: 14.314.086/0001-31 | E53: =E52 -> UN | F53: 85.99
B54: =CONCATENATE(B52,".2") -> 12.2 | C54: PROTEÇÃO EXTINTORES LTDA - CNPJ: 50.549.045/0001-98 | E54: =E53 -> UN | F54: 85.99
B55: =CONCATENATE(B52,".3") -> 12.3 | C55: Quality Tubos Comércio de Ferro e Aço Ltda - CNPJ: 11.818.296/0001-79 | E55: =E54 -> UN | F55: 67.5

Sheet Plan.Orçam.
K3: CONCEDENTE:
H4: ='Inf. Prel.'!C10 -> PREFEITURA MUNICIPAL DE POMBAL - PB | K4: CONTRATO:
K5: OBRA: | L5: =BDI!N6 -> FORNECIMENTO E INSTALAÇÃO DE SUBESTAÇÕES AÉREAS EM DIVERSAS ESCOLAS DO MUNICIPIO DE POMBAL-PB
K7: REF. PREÇOS: | L7: DESONERADO: | M7: Encargos: | N7: B.D.I. Serviços:
K8: =BDI!R9 -> SINAPI-PB / 12-2025 | L8: =BDI!T9 -> Não | M8: =Encargos!C36 -> 85.69 | N8: =BDI!C32 -> 0.252
F9: PLANILHA ORÇAMENTÁRIA
F11: FONTE | G11: CÓDIGO | H11: ITEM | I11: DESCRIÇÃO DOS SERVIÇOS | J11: UNID. | K11: QUANT. | L11: VALORES (R$) - UNIT SEM BDI | M11: VALORES (R$) - UNIT COM BDI | N11: VALORES (R$) - TOTAL
H12: 1.0 | I12: =UPPER("Subestação Escola Poeta") -> SUBESTAÇÃO ESCOLA POETA | N12: =ROUND(N13+N27+N32+N45,2) -> 20411.86
H13: 1.1 | I13: =UPPER("Subestação Escola Poeta") -> SUBESTAÇÃO ESCOLA POETA | N13: =SUM(N14:N26) -> 5174.51
F14: SINAPI | G14: 105973 | H14: 1.1.1 | I14: ESTRUTURA DE ESTAIAMENTO PARA POSTES DE CONCRETO CRUZETA A POSTE N3 - FORNECIMENTO E INSTALAÇÃO. AF_04/2025 | J14: UN | K14: 3 | L14: 117.4 | M14: =TRUNC((L14*$N$8)+L14,2) -> 146.98 | N14: =TRUNC(K14*M14,2) -> 440.94
F15: SINAPI | G15: 102110 | H15: 1.1.2 | I15: SUPORTE PARA TRANSFORMADOR EM POSTE DE CONCRETO DUPLO T - FORNECIMENTO E INSTALAÇÃO. AF_12/2020 | J15: UN | K15: 2 | L15: 212.69 | M15: =TRUNC((L15*$N$8)+L15,2) -> 266.28 | N15: =TRUNC(K15*M15,2) -> 532.56
F16: Próprio | G16: 0377 | H16: 1.1.3 | I16: (102105) - TRANSFORMADOR DE DISTRIBUIÇÃO, 112,5 KVA, TRIFÁSICO, 60 HZ, CLASSE 15 KV, IMERSO EM ÓLEO MINERAL, INSTALAÇÃO EM POSTE (NÃO INCLUSO SUPORTE) - INSTALAÇÃO. AF_12/2020 | J16: UN | K16: 1 | L16: 534.17 | M16: =TRUNC((L16*$N$8)+L16,2) -> 668.78 | N16: =TRUNC(K16*M16,2) -> 668.78
F17: SINAPI | G17: 101546 | H17: 1.1.4 | I17: ISOLADOR, TIPO PINO, PARA TENSÃO 15 KV - FORNECIMENTO E INSTALAÇÃO. AF_12/2025 | J17: UN | K17: 3 | L17: 28.76 | M17: =TRUNC((L17*$N$8)+L17,2) -> 36 | N17: =TRUNC(K17*M17,2) -> 108
F18: SINAPI | G18: 101540 | H18: 1.1.5 | I18: ARMAÇÃO SECUNDÁRIA, COM 3 ESTRIBOS E 3 ISOLADORES - FORNECIMENTO E INSTALAÇÃO. AF_12/2025 | J18: UN | K18: 1 | L18: 138.85 | M18: =TRUNC((L18*$N$8)+L18,2) -> 173.84 | N18: =TRUNC(K18*M18,2) -> 173.84
F19: ORSE | G19: 2884 | H19: 1.1.6 | I19: Fornecimento de gancho de olhal c/ furo 18 mm | J19: UN | K19: 3 | L19: 14.9 | M19: =TRUNC((L19*$N$8)+L19,2) -> 18.65 | N19: =TRUNC(K19*M19,2) -> 55.95
F20: ORSE | G20: 4136 | H20: 1.1.7 | I20: Manilha sapatilha preformada, fornecimento | J20: UN | K20: 3 | L20: 21 | M20: =TRUNC((L20*$N$8)+L20,2) -> 26.29 | N20: =TRUNC(K20*M20,2) -> 78.87
F21: ORSE | G21: 2923 | H21: 1.1.8 | I21: Fornecimento de parafuso rosca dupla 16 x 300mm | J21: UN | K21: 8 | L21: 21.41 | M21: =TRUNC((L21*$N$8)+L21,2) -> 26.8 | N21: =TRUNC(K21*M21,2) -> 214.4
F22: ORSE | G22: 2925 | H22: 1.1.9 | I22: Fornecimento de parafuso rosca dupla 16 x 400mm | J22: UN | K22: 4 | L22: 28.3 | M22: =TRUNC((L22*$N$8)+L22,2) -> 35.43 | N22: =TRUNC(K22*M22,2) -> 141.72
F23: ORSE | G23: 12876 | H23: 1.1.10 | I23: Fornecimento e instalação de Para raios tipo polimérico 15kv - 12ka | J23: UN | K23: 3 | L23: 253.85 | M23: =TRUNC((L23*$N$8)+L23,2) -> 317.82 | N23: =TRUNC(K23*M23,2) -> 953.46
F24: ORSE | G24: 3335 | H24: 1.1.11 | I24: Fornecimento de alça preformada para cabo multiplex 35 mm2 | J24: UN | K24: 3 | L24: 14.65 | M24: =TRUNC((L24*$N$8)+L24,2) -> 18.34 | N24: =TRUNC(K24*M24,2) -> 55.02
F25: ORSE | G25: 13173 | H25: 1.1.12 | I25: Fornecimento de arruela quadrada 38 mm c/ furo 18 mm | J25: UN | K25: 36 | L25: 1.43 | M25: =TRUNC((L25*$N$8)+L25,2) -> 1.79 | N25: =TRUNC(K25*M25,2) -> 64.44
F26: ORSE | G26: 2945 | H26: 1.1.13 | I26: Poste de concreto duplo T (DT) 12/600 - fornecimento | J26: UN | K26: 1 | L26: 1347.07 | M26: =TRUNC((L26*$N$8)+L26,2) -> 1686.53 | N26: =TRUNC(K26*M26,2) -> 1686.53
H27: 1.2 | I27: ATERRAMENTO | N27: =SUM(N28:N31) -> 3206.16
F28: SINAPI | G28: 96977 | H28: 1.2.1 | I28: CORDOALHA DE COBRE NU 50 MM², ENTERRADA - FORNECIMENTO E INSTALAÇÃO. AF_08/2023 | J28: M | K28: 27 | L28: 66.55 | M28: =TRUNC((L28*$N$8)+L28,2) -> 83.32 | N28: =TRUNC(K28*M28,2) -> 2249.64
F29: SINAPI | G29: 104749 | H29: 1.2.2 | I29: CONECTOR GRAMPO METÁLICO TIPO OLHAL, PARA SPDA, PARA HASTE DE ATERRAMENTO DE 3/4'' E CABOS DE 10 A 50 MM2 - FORNECIMENTO E INSTALAÇÃO. AF_08/2023 | J29: UN | K29: 4 | L29: 22.58 | M29: =TRUNC((L29*$N$8)+L29,2) -> 28.27 | N29: =TRUNC(K29*M29,2) -> 113.08
F30: ORSE | G30: 9379 | H30: 1.2.3 | I30: Haste cobreada copperweld p/aterramento d= 5/8" x 2,40m | J30: UN | K30: 4 | L30: 68.41 | M30: =TRUNC((L30*$N$8)+L30,2) -> 85.64 | N30: =TRUNC(K30*M30,2) -> 342.56
F31: ORSE | G31: 12915 | H31: 1.2.4 | I31: Caixa de concreto pre moldado para aterramento, com tampa, 40 x 40 x 40, e = 5cm | J31: UN | K31: 4 | L31: 100.02 | M31: =TRUNC((L31*$N$8)+L31,2) -> 125.22 | N31: =TRUNC(K31*M31,2) -> 500.88
H32: 1.3 | I32: RAMAL DE ENTRADA | N32: =SUM(N33:N44) -> 10404.5
F33: ORSE | G33: 7929 | H33: 1.3.1 | I33: Terminal de compressão para cabo de 70 mm2 - fornecimento e instalação | J33: UN | K33: 12 | L33: 7.79 | M33: =TRUNC((L33*$N$8)+L33,2) -> 9.75 | N33: =TRUNC(K33*M33,2) -> 117
F34: ORSE | G34: 8021 | H34: 1.3.2 | I34: Cabeçote de alumínio de 3" | J34: UN | K34: 1 | L34: 33.33 | M34: =TRUNC((L34*$N$8)+L34,2) -> 41.72 | N34: =TRUNC(K34*M34,2) -> 41.72
F35: ORSE | G35: 8022 | H35: 1.3.3 | I35: Eletroduto em ferro galvanizado pesado sem costura 3" x 3m | J35: UN | K35: 2 | L35: 399.58 | M35: =TRUNC((L35*$N$8)+L35,2) -> 500.27 | N35: =TRUNC(K35*M35,2) -> 1000.54
F36: ORSE | G36: 10805 | H36: 1.3.4 | I36: Curva para eletroduto galvanizado, diâm = 3" - Rev.01 | J36: UN | K36: 2 | L36: 63.8 | M36: =TRUNC((L36*$N$8)+L36,2) -> 79.87 | N36: =TRUNC(K36*M36,2) -> 159.74
F37: ORSE | G37: 10806 | H37: 1.3.5 | I37: Luva para eletroduto galvanizado, diâm = 3" | J37: UN | K37: 2 | L37: 26.04 | M37: =TRUNC((L37*$N$8)+L37,2) -> 32.6 | N37: =TRUNC(K37*M37,2) -> 65.2
F38: ORSE | G38: 3999 | H38: 1.3.6 | I38: Fita em aço inox, fusimec ou similar - Fornecimento | J38: M | K38: 10 | L38: 3.8 | M38: =TRUNC((L38*$N$8)+L38,2) -> 4.75 | N38: =TRUNC(K38*M38,2) -> 47.5
F39: ORSE | G39: 11381 | H39: 1.3.7 | I39: Quadro de medição indireta para transformadores de até 225 kva | J39: UN | K39: 1 | L39: 2567.11 | M39: =TRUNC((L39*$N$8)+L39,2) -> 3214.02 | N39: =TRUNC(K39*M39,2) -> 3214.02
F40: SINAPI | G40: 101563 | H40: 1.3.8 | I40: CABO DE COBRE FLEXÍVEL ISOLADO, 35 MM², 0,6/1,0 KV, PARA REDE AÉREA DE DISTRIBUIÇÃO DE ENERGIA ELÉTRICA DE BAIXA TENSÃO - FORNECIMENTO E INSTALAÇÃO. AF_12/2025 | J40: M | K40: 14 | L40: 41.43 | M40: =TRUNC((L40*$N$8)+L40,2) -> 51.87 | N40: =TRUNC(K40*M40,2) -> 726.18
F41: SINAPI | G41: 101565 | H41: 1.3.9 | I41: CABO DE COBRE FLEXÍVEL ISOLADO, 70 MM², 0,6/1,0 KV, PARA REDE AÉREA DE DISTRIBUIÇÃO DE ENERGIA ELÉTRICA DE BAIXA TENSÃO - FORNECIMENTO E INSTALAÇÃO. AF_12/2025 | J41: M | K41: 42 | L41: 85.62 | M41: =TRUNC((L41*$N$8)+L41,2) -> 107.19 | N41: =TRUNC(K41*M41,2) -> 4501.98
F42: SINAPI | G42: 93011 | H42: 1.3.10 | I42: ELETRODUTO RÍGIDO ROSCÁVEL, PVC, DN 85 MM (3"), PARA REDE ENTERRADA DE DISTRIBUIÇÃO DE ENERGIA ELÉTRICA - FORNECIMENTO E INSTALAÇÃO. AF_12/2021 | J42: M | K42: 6 | L42: 49.06 | M42: =TRUNC((L42*$N$8)+L42,2) -> 61.42 | N42: =TRUNC(K42*M42,2) -> 368.52
F43: SINAPI | G43: 93024 | H43: 1.3.11 | I43: CURVA 90 GRAUS PARA ELETRODUTO, PVC, ROSCÁVEL, DN 85 MM (3"), PARA REDE ENTERRADA DE DISTRIBUIÇÃO DE ENERGIA ELÉTRICA - FORNECIMENTO E INSTALAÇÃO. AF_12/2021 | J43: UN | K43: 2 | L43: 38.98 | M43: =TRUNC((L43*$N$8)+L43,2) -> 48.8 | N43: =TRUNC(K43*M43,2) -> 97.6
F44: SINAPI | G44: 93016 | H44: 1.3.12 | I44: LUVA PARA ELETRODUTO, PVC, ROSCÁVEL, DN 85 MM (3"), PARA REDE ENTERRADA DE DISTRIBUIÇÃO DE ENERGIA ELÉTRICA - FORNECIMENTO E INSTALAÇÃO. AF_12/2021 | J44: UN | K44: 2 | L44: 25.76 | M44: =TRUNC((L44*$N$8)+L44,2) -> 32.25 | N44: =TRUNC(K44*M44,2) -> 64.5
H45: 1.4 | I45: RAMAL DE SAÍDA | N45: =SUM(N46:N47) -> 1626.69
F46: SINAPI | G46: 92986 | H46: 1.4.1 | I46: CABO DE COBRE FLEXÍVEL ISOLADO, 35 MM², ANTI-CHAMA 0,6/1,0 KV, PARA REDE ENTERRADA DE DISTRIBUIÇÃO DE ENERGIA ELÉTRICA - FORNECIMENTO E INSTALAÇÃO. AF_12/2021 | J46: M | K46: 4.2 | L46: 43.84 | M46: =TRUNC((L46*$N$8)+L46,2) -> 54.88 | N46: =TRUNC(K46*M46,2) -> 230.49
F47: SINAPI | G47: 92990 | H47: 1.4.2 | I47: CABO DE COBRE FLEXÍVEL ISOLADO, 70 MM², ANTI-CHAMA 0,6/1,0 KV, PARA REDE ENTERRADA DE DISTRIBUIÇÃO DE ENERGIA ELÉTRICA - FORNECIMENTO E INSTALAÇÃO. AF_12/2021 | J47: M | K47: 12.6 | L47: 88.51 | M47: =TRUNC((L47*$N$8)+L47,2) -> 110.81 | N47: =TRUNC(K47*M47,2) -> 1396.2
H48: 2.0 | I48: =UPPER("Subestação Escola Sustentavel") -> SUBESTAÇÃO ESCOLA SUSTENTAVEL | N48: =ROUND(N49+N52+N67,2) -> 34066.32
H49: 2.1 | I49: =UPPER("Aterramento") -> ATERRAMENTO | N49: =SUM(N50:N51) -> 1388.02
F50: SINAPI | G50: 96977 | H50: 2.1.1 | I50: CORDOALHA DE COBRE NU 50 MM², ENTERRADA - FORNECIMENTO E INSTALAÇÃO. AF_08/2023 | J50: M | K50: 5 | L50: 66.55 | M50: =TRUNC((L50*$N$8)+L50,2) -> 83.32 | N50: =TRUNC(K50*M50,2) -> 416.6
F51: SINAPI | G51: 10423 | H51: 2.1.2 | I51: Caixa de equipotencialização 40x40x15, com barramento para neutro - Fornecimento | J51: UN | K51: 1 | L51: 775.9 | M51: =TRUNC((L51*$N$8)+L51,2) -> 971.42 | N51: =TRUNC(K51*M51,2) -> 971.42
H52: 2.2 | I52: RAMAL DE ENTRADA | N52: =SUM(N53:N66) -> 24125.89
F53: ORSE | G53: 7929 | H53: 2.2.1 | I53: Terminal de compressão para cabo de 70 mm2 - fornecimento e instalação | J53: UN | K53: 6 | L53: 7.79 | M53: =TRUNC((L53*$N$8)+L53,2) -> 9.75 | N53: =TRUNC(K53*M53,2) -> 58.5
F54: ORSE | G54: 7930 | H54: 2.2.2 | I54: Terminal de compressão para cabo de 120 mm2 - fornecimento e instalação | J54: UN | K54: 30 | L54: 12.39 | M54: =TRUNC((L54*$N$8)+L54,2) -> 15.51 | N54: =TRUNC(K54*M54,2) -> 465.3
F55: ORSE | G55: 3998 | H55: 2.2.3 | I55: Cabeçote de alumínio de 4" - Fornecimento | J55: UN | K55: 2 | L55: 45.45 | M55: =TRUNC((L55*$N$8)+L55,2) -> 56.9 | N55: =TRUNC(K55*M55,2) -> 113.8
F56: ORSE | G56: 9510 | H56: 2.2.4 | I56: Eletroduto em ferro galvanizado pesado sem costura 4" x 3m | J56: UN | K56: 1.5 | L56: 525.58 | M56: =TRUNC((L56*$N$8)+L56,2) -> 658.02 | N56: =TRUNC(K56*M56,2) -> 987.03
F57: ORSE | G57: 12459 | H57: 2.2.5 | I57: Curva para eletroduto galvanizado, diâm = 4" - Rev.01 | J57: UN | K57: 2 | L57: 99.88 | M57: =TRUNC((L57*$N$8)+L57,2) -> 125.04 | N57: =TRUNC(K57*M57,2) -> 250.08
F58: ORSE | G58: 12461 | H58: 2.2.6 | I58: Luva para eletroduto galvanizado, diâm = 4" | J58: UN | K58: 4 | L58: 36.86 | M58: =TRUNC((L58*$N$8)+L58,2) -> 46.14 | N58: =TRUNC(K58*M58,2) -> 184.56
F59: ORSE | G59: 3999 | H59: 2.2.7 | I59: Fita em aço inox, fusimec ou similar - Fornecimento | J59: M | K59: 10 | L59: 3.8 | M59: =TRUNC((L59*$N$8)+L59,2) -> 4.75 | N59: =TRUNC(K59*M59,2) -> 47.5
F60: ORSE | G60: 11381 | H60: 2.2.8 | I60: Quadro de medição indireta para transformadores de até 225 kva | J60: UN | K60: 1 | L60: 2567.11 | M60: =TRUNC((L60*$N$8)+L60,2) -> 3214.02 | N60: =TRUNC(K60*M60,2) -> 3214.02
F61: SINAPI | G61: 101568 | H61: 2.2.9 | I61: CABO DE COBRE FLEXÍVEL ISOLADO, 120 MM², 0,6/1,0 KV, PARA REDE AÉREA DE DISTRIBUIÇÃO DE ENERGIA ELÉTRICA DE BAIXA TENSÃO - FORNECIMENTO E INSTALAÇÃO. AF_12/2025 | J61: M | K61: 75.6 | L61: 145.33 | M61: =TRUNC((L61*$N$8)+L61,2) -> 181.95 | N61: =TRUNC(K61*M61,2) -> 13755.42
F62: SINAPI | G62: 101565 | H62: 2.2.10 | I62: CABO DE COBRE FLEXÍVEL ISOLADO, 70 MM², 0,6/1,0 KV, PARA REDE AÉREA DE DISTRIBUIÇÃO DE ENERGIA ELÉTRICA DE BAIXA TENSÃO - FORNECIMENTO E INSTALAÇÃO. AF_12/2025 | J62: M | K62: 25.2 | L62: 85.62 | M62: =TRUNC((L62*$N$8)+L62,2) -> 107.19 | N62: =TRUNC(K62*M62,2) -> 2701.18
F63: SINAPI | G63: 91872 | H63: 2.2.11 | I63: ELETRODUTO RÍGIDO ROSCÁVEL, PVC, DN 32 MM (1"), PARA CIRCUITOS TERMINAIS, INSTALADO EM PAREDE - FORNECIMENTO E INSTALAÇÃO. AF_03/2023 | J63: M | K63: 3 | L63: 18.38 | M63: =TRUNC((L63*$N$8)+L63,2) -> 23.01 | N63: =TRUNC(K63*M63,2) -> 69.03
F64: SINAPI | G64: 91917 | H64: 2.2.12 | I64: CURVA 90 GRAUS PARA ELETRODUTO, PVC, ROSCÁVEL, DN 32 MM (1"), PARA CIRCUITOS TERMINAIS, INSTALADA EM PAREDE - FORNECIMENTO E INSTALAÇÃO. AF_03/2023 | J64: UN | K64: 1 | L64: 18.72 | M64: =TRUNC((L64*$N$8)+L64,2) -> 23.43 | N64: =TRUNC(K64*M64,2) -> 23.43
... F66: ORSE | G66: 8902 | H66: 2.2.14 | I66: Disjuntor termomagnético tripolar 300 A com caixa moldada 10 kA | J66: UN | K66: 1 | L66: 1778.25 | M66: =TRUNC((L66*$N$8)+L66,2) -> 2226.36 | N66: =TRUNC(K66*M66,2) -> 2226.36
H67: 2.3 | I67: RAMAL DE SAÍDA | N67: =SUM(N68:N74) -> 8552.41
F68: SINAPI | G68: 101568 | H68: 2.3.1 | I68: CABO DE COBRE FLEXÍVEL ISOLADO, 120 MM², 0,6/1,0 KV, PARA REDE AÉREA DE DISTRIBUIÇÃO DE ENERGIA ELÉTRICA DE BAIXA TENSÃO - FORNECIMENTO E INSTALAÇÃO. AF_12/2025 | J68: M | K68: 33.6 | L68: 145.33 | M68: =TRUNC((L68*$N$8)+L68,2) -> 181.95 | N68: =TRUNC(K68*M68,2) -> 6113.52
F69: SINAPI | G69: 92990 | H69: 2.3.2 | I69: CABO DE COBRE FLEXÍVEL ISOLADO, 70 MM², ANTI-CHAMA 0,6/1,0 KV, PARA REDE ENTERRADA DE DISTRIBUIÇÃO DE ENERGIA ELÉTRICA - FORNECIMENTO E INSTALAÇÃO. AF_12/2021 | J69: M | K69: 11.2 | L69: 88.51 | M69: =TRUNC((L69*$N$8)+L69,2) -> 110.81 | N69: =TRUNC(K69*M69,2) -> 1241.07
F70: ORSE | G70: 7929 | H70: 2.3.3 | I70: Terminal de compressão para cabo de 70 mm2 - fornecimento e instalação | J70: UN | K70: 4 | L70: 7.79 | M70: =TRUNC((L70*$N$8)+L70,2) -> 9.75 | N70: =TRUNC(K70*M70,2) -> 39
F71: ORSE | G71: 7930 | H71: 2.3.4 | I71: Terminal de compressão para cabo de 120 mm2 - fornecimento e instalação | J71: UN | K71: 6 | L71: 12.39 | M71: =TRUNC((L71*$N$8)+L71,2) -> 15.51 | N71: =TRUNC(K71*M71,2) -> 93.06
F72: ORSE | G72: 360 | H72: 2.3.5 | I72: Eletroduto de pvc rígido roscável, diâm = 110mm (4") | J72: M | K72: 6 | L72: 82.07 | M72: =TRUNC((L72*$N$8)+L72,2) -> 102.75 | N72: =TRUNC(K72*M72,2) -> 616.5
F73: ORSE | G73: 369 | H73: 2.3.6 | I73: Curva para eletroduto de pvc rígido roscável, diâm = 110mm (4") | J73: UN | K73: 2 | L73: 92.09 | M73: =TRUNC((L73*$N$8)+L73,2) -> 115.29 | N73: =TRUNC(K73*M73,2) -> 230.58
F74: ORSE | G74: 378 | H74: 2.3.7 | I74: Luva para eletroduto de pvc rígido roscável, diâm = 110mm (4") | J74: UN | K74: 4 | L74: 43.67 | M74: =TRUNC((L74*$N$8)+L74,2) -> 54.67 | N74: =TRUNC(K74*M74,2) -> 218.68
H75: 3.0 | I75: =UPPER("Subestação Escola 12 Salas") -> SUBESTAÇÃO ESCOLA 12 SALAS | N75: =ROUND(N76,2) -> 50116.4
H76: 3.1 | I76: RAMAL DE SAÍDA | N76: =SUM(N77:N87) -> 50116.4
F77: ORSE | G77: 7929 | H77: 3.1.1 | I77: Terminal de compressão para cabo de 70 mm2 - fornecimento e instalação | J77: UN | K77: 4 | L77: 7.79 | M77: =TRUNC((L77*$N$8)+L77,2) -> 9.75 | N77: =TRUNC(K77*M77,2) -> 39
F78: ORSE | G78: 7930 | H78: 3.1.2 | I78: Terminal de compressão para cabo de 120 mm2 - fornecimento e instalação | J78: UN | K78: 12 | L78: 12.39 | M78: =TRUNC((L78*$N$8)+L78,2) -> 15.51 | N78: =TRUNC(K78*M78,2) -> 186.12
F79: ORSE | G79: 11381 | H79: 3.1.3 | I79: Quadro de medição indireta para transformadores de até 225 kva | J79: UN | K79: 1 | L79: 2567.11 | M79: =TRUNC((L79*$N$8)+L79,2) -> 3214.02 | N79: =TRUNC(K79*M79,2) -> 3214.02
F80: SINAPI | G80: 101568 | H80: 3.1.4 | I80: CABO DE COBRE FLEXÍVEL ISOLADO, 120 MM², 0,6/1,0 KV, PARA REDE AÉREA DE DISTRIBUIÇÃO DE ENERGIA ELÉTRICA DE BAIXA TENSÃO - FORNECIMENTO E INSTALAÇÃO. AF_12/2025 | J80: M | K80: 138.18 | L80: 145.33 | M80: =TRUNC((L80*$N$8)+L80,2) -> 181.95 | N80: =TRUNC(K80*M80,2) -> 25141.85
F81: SINAPI | G81: 101565 | H81: 3.1.5 | I81: CABO DE COBRE FLEXÍVEL ISOLADO, 70 MM², 0,6/1,0 KV, PARA REDE AÉREA DE DISTRIBUIÇÃO DE ENERGIA ELÉTRICA DE BAIXA TENSÃO - FORNECIMENTO E INSTALAÇÃO. AF_12/2025 | J81: M | K81: 46.06 | L81: 85.62 | M81: =TRUNC((L81*$N$8)+L81,2) -> 107.19 | N81: =TRUNC(K81*M81,2) -> 4937.17
F82: ORSE | G82: 360 | H82: 3.1.6 | I82: Eletroduto de pvc rígido roscável, diâm = 110mm (4") | J82: m | K82: 39 | L82: 82.07 | M82: =TRUNC((L82*$N$8)+L82,2) -> 102.75 | N82: =TRUNC(K82*M82,2) -> 4007.25
F83: ORSE | G83: 369 | H83: 3.1.7 | I83: Curva para eletroduto de pvc rígido roscável, diâm = 110mm (4") | J83: UN | K83: 10 | L83: 92.09 | M83: =TRUNC((L83*$N$8)+L83,2) -> 115.29 | N83: =TRUNC(K83*M83,2) -> 1152.9
F84: ORSE | G84: 378 | H84: 3.1.8 | I84: Luva para eletroduto de pvc rígido roscável, diâm = 110mm (4") | J84: UN | K84: 20 | L84: 43.67 | M84: =TRUNC((L84*$N$8)+L84,2) -> 54.67 | N84: =TRUNC(K84*M84,2) -> 1093.4
F85: ORSE | G85: 8902 | H85: 3.1.9 | I85: Disjuntor termomagnético tripolar 300 A com caixa moldada 10 kA | J85: UN | K85: 1 | L85: 1778.25 | M85: =TRUNC((L85*$N$8)+L85,2) -> 2226.36 | N85: =TRUNC(K85*M85,2) -> 2226.36
F86: ORSE | G86: 8490 | H86: 3.1.10 | I86: Disjuntor termomagnetico tripolar 100 A, padrão DIN (Europeu - linha branca),10KA | J86: UN | K86: 8 | L86: 541.86 | M86: =TRUNC((L86*$N$8)+L86,2) -> 678.4 | N86: =TRUNC(K86*M86,2) -> 5427.2
F87: ORSE | G87: 9477 | H87: 3.1.11 | I87: Barramento trifásico | J87: M | K87: 13 | L87: 165.35 | M87: =TRUNC((L87*$N$8)+L87,2) -> 207.01 | N87: =TRUNC(K87*M87,2) -> 2691.13

Sheet Plan.Global
H3: CONCEDENTE: | I3: =BDI!N4 -> 0
H4: CONTRATO: | I4: =BDI!N5 -> 0
G5: ='Inf. Prel.'!C10 -> PREFEITURA MUNICIPAL DE POMBAL - PB | H5: OBRA: | I5: =BDI!N6 -> FORNECIMENTO E INSTALAÇÃO DE SUBESTAÇÕES AÉREAS EM DIVERSAS ESCOLAS DO MUNICIPIO DE POMBAL-PB
I7: REF. PREÇOS: | J7: DESONERADO: | K7: Encargos: | L7: B.D.I. Serviços:
I8: =BDI!R9 -> SINAPI-PB / 12-2025 | J8: =BDI!T9 -> Não | K8: 0.8569 | L8: 0.2746
F10: PLANILHA GLOBAL
F12: ITEM | G12: DESCRIÇÃO DOS SERVIÇOS | I12: UNID. | J12: QUANT. | K12: VALORES (R$) - UNIT | L12: VALORES (R$) - TOTAL
D13: 0 | F13: 0.0 | G13: =VLOOKUP(F13,#REF!,2,FALSE) -> #REF! | L13: =SUM(L14+L20+L24+L31+L50) -> #VALUE!
D14: 1 | E14: 1.1 | F14: =CONCATENATE(D14,".",0) -> 1.0 | G14: =VLOOKUP(E14,#REF!,2,FALSE) -> #REF! | L14: =SUM(L15+L17) -> #VALUE!
E15: 1.1.1 | F15: 1.1 | G15: =VLOOKUP(E15,#REF!,2,FALSE) -> #REF! | I15: UN | J15: =J16 -> 3 | K15: =K16 -> 146.98 | L15: =L16 -> 440.94
D16: 1.1.1 | E16: 1.0 | G16: =VLOOKUP(E16,#REF!,2,FALSE) -> #REF! | I16: =IFERROR(VLOOKUP(D16,'Plan.Orçam.'!H:M,3,FALSE),"") -> UN | J16: =IFERROR(VLOOKUP(D16,'Plan.Orçam.'!H:M,4,FALSE),"") -> 3 | K16: =IFERROR(VLOOKUP(D16,'Plan.Orçam.'!H:N,6,FALSE),"") -> 146.98 | L16: =ROUND(J16*K16,2) -> 440.94
E17: 1.1.2 | F17: 1.2 | G17: =VLOOKUP(E17,#REF!,2,FALSE) -> #REF! | I17: M2 | J17: 2866.4 | K17: 0.47 | L17: =SUM(L18:L19) -> #VALUE!
D18: 1.1.2 | E18: 1.0 | G18: =VLOOKUP(E18,#REF!,2,FALSE) -> #REF! | I18: =IFERROR(VLOOKUP(D18,'Plan.Orçam.'!H:M,3,FALSE),"") -> UN | J18: =IFERROR(VLOOKUP(D18,'Plan.Orçam.'!H:M,4,FALSE),"") -> 2 | K18: =IFERROR(VLOOKUP(D18,'Plan.Orçam.'!H:N,6,FALSE),"") -> 266.28 | L18: =ROUND(J18*K18,2) -> 532.56
D19: 2.1.1 | E19: 2.0 | G19: =VLOOKUP(E19,#REF!,2,FALSE) -> #REF! | I19: =IFERROR(VLOOKUP(D19,'Plan.Orçam.'!H:M,3,FALSE),"") | J19: =IFERROR(VLOOKUP(D19,'Plan.Orçam.'!H:M,4,FALSE),"") | K19: =IFERROR(VLOOKUP(D19,'Plan.Orçam.'!H:N,6,FALSE),"") | L19: =ROUND(J19*K19,2) -> #VALUE!
D20: 2 | E20: 1.2 | F20: =CONCATENATE(D20,".",0) -> 2.0 | G20: =VLOOKUP(E20,#REF!,2,FALSE) -> #REF! | L20: =SUM(L21) -> #VALUE!
E21: 1.2.1 | F21: 2.1 | G21: =VLOOKUP(E21,#REF!,2,FALSE) -> #REF! | I21: M2 | J21: 2866.4 | K21: 0.11 | L21: =SUM(L22:L23) -> #VALUE!
D22: 1.2.1 | E22: 1.0 | G22: =VLOOKUP(E22,#REF!,2,FALSE) -> #REF! | I22: =IFERROR(VLOOKUP(D22,'Plan.Orçam.'!H:M,3,FALSE),"") -> M | J22: =IFERROR(VLOOKUP(D22,'Plan.Orçam.'!H:M,4,FALSE),"") -> 27 | K22: =IFERROR(VLOOKUP(D22,'Plan.Orçam.'!H:N,6,FALSE),"") -> 83.32 | L22: =ROUND(J22*K22,2) -> 2249.64
D23: 2.2.1 | E23: 2.0 | G23: =VLOOKUP(E23,#REF!,2,FALSE) -> #REF! | I23: =IFERROR(VLOOKUP(D23,'Plan.Orçam.'!H:M,3,FALSE),"") | J23: =IFERROR(VLOOKUP(D23,'Plan.Orçam.'!H:M,4,FALSE),"") | K23: =IFERROR(VLOOKUP(D23,'Plan.Orçam.'!H:N,6,FALSE),"") | L23: =ROUND(J23*K23,2) -> #VALUE!
D24: 3 | E24: 1.3 | F24: =CONCATENATE(D24,".",0) -> 3.0 | G24: =VLOOKUP(E24,#REF!,2,FALSE) -> #REF! | L24: =SUM(L25+L28) -> #VALUE!
E25: 1.3.1 | F25: 3.1 | G25: =VLOOKUP(E25,#REF!,2,FALSE) -> #REF! | I25: M2 | J25: 2866.4 | K25: 84.71 | L25: =SUM(L26:L27) -> #VALUE!
D26: 1.3.1 | E26: 1.0 | G26: =VLOOKUP(E26,#REF!,2,FALSE) -> #REF! | I26: =IFERROR(VLOOKUP(D26,'Plan.Orçam.'!H:M,3,FALSE),"") -> UN | J26: =IFERROR(VLOOKUP(D26,'Plan.Orçam.'!H:M,4,FALSE),"") -> 12 | K26: =IFERROR(VLOOKUP(D26,'Plan.Orçam.'!H:N,6,FALSE),"") -> 9.75 | L26: =ROUND(J26*K26,2) -> 117
D27: 2.3.1 | E27: 2.0 | G27: =VLOOKUP(E27,#REF!,2,FALSE) -> #REF! | I27: =IFERROR(VLOOKUP(D27,'Plan.Orçam.'!H:M,3,FALSE),"") | J27: =IFERROR(VLOOKUP(D27,'Plan.Orçam.'!H:M,4,FALSE),"") | K27: =IFERROR(VLOOKUP(D27,'Plan.Orçam.'!H:N,6,FALSE),"") | L27: =ROUND(J27*K27,2) -> #VALUE!
E28: 1.3.2 | F28: 3.2 | G28: =VLOOKUP(E28,#REF!,2,FALSE) -> #REF! | I28: m | J28: 1321.56 | K28: 36.85 | L28: =SUM(L29:L30) -> #VALUE!
D29: 1.3.2 | E29: 1.0 | G29: =VLOOKUP(E29,#REF!,2,FALSE) -> #REF! | I29: =IFERROR(VLOOKUP(D29,'Plan.Orçam.'!H:M,3,FALSE),"") | J29: =IFERROR(VLOOKUP(D29,'Plan.Orçam.'!H:M,4,FALSE),"") | K29: =IFERROR(VLOOKUP(D29,'Plan.Orçam.'!H:N,6,FALSE),"") | L29: =ROUND(J29*K29,2) -> #VALUE!
D30: 2.3.2 | E30: 2.0 | G30: =VLOOKUP(E30,#REF!,2,FALSE) -> #REF! | I30: =IFERROR(VLOOKUP(D30,'Plan.Orçam.'!H:M,3,FALSE),"") | J30: =IFERROR(VLOOKUP(D30,'Plan.Orçam.'!H:M,4,FALSE),"") | K30: =IFERROR(VLOOKUP(D30,'Plan.Orçam.'!H:N,6,FALSE),"") | L30: =ROUND(J30*K30,2) -> #VALUE!
D31: 4 | E31: 1.4 | F31: =CONCATENATE(D31,".",0) -> 4.0 | G31: =VLOOKUP(E31,#REF!,2,FALSE) -> #REF! | L31: =SUM(L32+L35+L38+L41+L44+L47) -> #VALUE!
E32: 1.4.1 | F32: 4.1 | G32: =VLOOKUP(E32,#REF!,2,FALSE) -> #REF! | I32: M2 | J32: 2866.4 | K32: 84.71 | L32: =SUM(L33:L34) -> #VALUE!
D33: 1.4.1 | E33: 1.0 | G33: =VLOOKUP(E33,#REF!,2,FALSE) -> #REF! | I33: =IFERROR(VLOOKUP(D33,'Plan.Orçam.'!H:M,3,FALSE),"") -> M | J33: =IFERROR(VLOOKUP(D33,'Plan.Orçam.'!H:M,4,FALSE),"") -> 4.2 | K33: =IFERROR(VLOOKUP(D33,'Plan.Orçam.'!H:N,6,FALSE),"") -> 54.88 | L33: =ROUND(J33*K33,2) -> 230.5
D34: 2.4.1 | E34: 2.0 | G34: =VLOOKUP(E34,#REF!,2,FALSE) -> #REF! | I34: =IFERROR(VLOOKUP(D34,'Plan.Orçam.'!H:M,3,FALSE),"") | J34: =IFERROR(VLOOKUP(D34,'Plan.Orçam.'!H:M,4,FALSE),"") | K34: =IFERROR(VLOOKUP(D34,'Plan.Orçam.'!H:N,6,FALSE),"") | L34: =ROUND(J34*K34,2) -> #VALUE!
E35: 1.4.2 | F35: 4.2 | G35: =VLOOKUP(E35,#REF!,2,FALSE) -> #REF! | I35: M2 | J35: 2866.4 | K35: 84.71 | L35: =SUM(L36:L37) -> #VALUE!
D36: 1.4.1 | E36: 1.0 | G36: =VLOOKUP(E36,#REF!,2,FALSE) -> #REF! | I36: =IFERROR(VLOOKUP(D36,'Plan.Orçam.'!H:M,3,FALSE),"") -> M | J36: =IFERROR(VLOOKUP(D36,'Plan.Orçam.'!H:M,4,FALSE),"") -> 4.2 | K36: =IFERROR(VLOOKUP(D36,'Plan.Orçam.'!H:N,6,FALSE),"") -> 54.88 | L36: =ROUND(J36*K36,2) -> 230.5
D37: 2.4.1 | E37: 2.0 | G37: =VLOOKUP(E37,#REF!,2,FALSE) -> #REF! | I37: =IFERROR(VLOOKUP(D37,'Plan.Orçam.'!H:M,3,FALSE),"") | J37: =IFERROR(VLOOKUP(D37,'Plan.Orçam.'!H:M,4,FALSE),"") | K37: =IFERROR(VLOOKUP(D37,'Plan.Orçam.'!H:N,6,FALSE),"") | L37: =ROUND(J37*K37,2) -> #VALUE!
E38: 1.4.3 | F38: 4.3 | G38: =VLOOKUP(E38,#REF!,2,FALSE) -> #REF! | I38: M2 | J38: 2866.4 | K38: 84.71 | L38: =SUM(L39:L41) -> #VALUE!
D39: 1.4.1 | E39: 1.0 | G39: =VLOOKUP(E39,#REF!,2,FALSE) -> #REF! | I39: =IFERROR(VLOOKUP(D39,'Plan.Orçam.'!H:M,3,FALSE),"") -> M | J39: =IFERROR(VLOOKUP(D39,'Plan.Orçam.'!H:M,4,FALSE),"") -> 4.2 | K39: =IFERROR(VLOOKUP(D39,'Plan.Orçam.'!H:N,6,FALSE),"") -> 54.88 | L39: =ROUND(J39*K39,2) -> 230.5
D40: 2.4.1 | E40: 2.0 | G40: =VLOOKUP(E40,#REF!,2,FALSE) -> #REF! | I40: =IFERROR(VLOOKUP(D40,'Plan.Orçam.'!H:M,3,FALSE),"") | J40: =IFERROR(VLOOKUP(D40,'Plan.Orçam.'!H:M,4,FALSE),"") | K40: =IFERROR(VLOOKUP(D40,'Plan.Orçam.'!H:N,6,FALSE),"") | L40: =ROUND(J40*K40,2) -> #VALUE!
E41: 1.4.4 | F41: 4.4 | G41: =VLOOKUP(E41,#REF!,2,FALSE) -> #REF! | I41: M2 | J41: 2866.4 | K41: 84.71 | L41: =SUM(L42:L44) -> #VALUE!
D42: 1.4.1 | E42: 1.0 | G42: =VLOOKUP(E42,#REF!,2,FALSE) -> #REF! | I42: =IFERROR(VLOOKUP(D42,'Plan.Orçam.'!H:M,3,FALSE),"") -> M | J42: =IFERROR(VLOOKUP(D42,'Plan.Orçam.'!H:M,4,FALSE),"") -> 4.2 | K42: =IFERROR(VLOOKUP(D42,'Plan.Orçam.'!H:N,6,FALSE),"") -> 54.88 | L42: =ROUND(J42*K42,2) -> 230.5
D43: 2.4.1 | E43: 2.0 | G43: =VLOOKUP(E43,#REF!,2,FALSE) -> #REF! | I43: =IFERROR(VLOOKUP(D43,'Plan.Orçam.'!H:M,3,FALSE),"") | J43: =IFERROR(VLOOKUP(D43,'Plan.Orçam.'!H:M,4,FALSE),"") | K43: =IFERROR(VLOOKUP(D43,'Plan.Orçam.'!H:N,6,FALSE),"") | L43: =ROUND(J43*K43,2) -> #VALUE!
E44: 1.4.5 | F44: 4.5 | G44: =VLOOKUP(E44,#REF!,2,FALSE) -> #REF! | I44: M2 | J44: 2866.4 | K44: 84.71 | L44: =SUM(L45:L47) -> #VALUE!
D45: 1.4.1 | E45: 1.0 | G45: =VLOOKUP(E45,#REF!,2,FALSE) -> #REF! | I45: =IFERROR(VLOOKUP(D45,'Plan.Orçam.'!H:M,3,FALSE),"") -> M | J45: =IFERROR(VLOOKUP(D45,'Plan.Orçam.'!H:M,4,FALSE),"") -> 4.2 | K45: =IFERROR(VLOOKUP(D45,'Plan.Orçam.'!H:N,6,FALSE),"") -> 54.88 | L45: =ROUND(J45*K45,2) -> 230.5
D46: 2.4.1 | E46: 2.0 | G46: =VLOOKUP(E46,#REF!,2,FALSE) -> #REF! | I46: =IFERROR(VLOOKUP(D46,'Plan.Orçam.'!H:M,3,FALSE),"") | J46: =IFERROR(VLOOKUP(D46,'Plan.Orçam.'!H:M,4,FALSE),"") | K46: =IFERROR(VLOOKUP(D46,'Plan.Orçam.'!H:N,6,FALSE),"") | L46: =ROUND(J46*K46,2) -> #VALUE!
E47: 1.4.6 | F47: 4.6 | G47: =VLOOKUP(E47,#REF!,2,FALSE) -> #REF! | I47: M2 | J47: 2866.4 | K47: 84.71 | L47: =SUM(L48:L50) -> #VALUE!
D48: 1.4.1 | E48: 1.0 | G48: =VLOOKUP(E48,#REF!,2,FALSE) -> #REF! | I48: =IFERROR(VLOOKUP(D48,'Plan.Orçam.'!H:M,3,FALSE),"") -> M | J48: =IFERROR(VLOOKUP(D48,'Plan.Orçam.'!H:M,4,FALSE),"") -> 4.2 | K48: =IFERROR(VLOOKUP(D48,'Plan.Orçam.'!H:N,6,FALSE),"") -> 54.88 | L48: =ROUND(J48*K48,2) -> 230.5
D49: 2.4.1 | E49: 2.0 | G49: =VLOOKUP(E49,#REF!,2,FALSE) -> #REF! | I49: =IFERROR(VLOOKUP(D49,'Plan.Orçam.'!H:M,3,FALSE),"") | J49: =IFERROR(VLOOKUP(D49,'Plan.Orçam.'!H:M,4,FALSE),"") | K49: =IFERROR(VLOOKUP(D49,'Plan.Orçam.'!H:N,6,FALSE),"") | L49: =ROUND(J49*K49,2) -> #VALUE!
D50: 5 | E50: =CONCATENATE(1,".",D50) -> 1.5 | F50: =CONCATENATE(D50,".",0) -> 5.0 | G50: =VLOOKUP(E50,#REF!,2,FALSE) -> #REF! | L50: =SUM(L51+L54) -> 485625.48
E51: =CONCATENATE($E$50,".",1) -> 1.5.1 | F51: 4.1 | G51: =VLOOKUP(E51,#REF!,2,FALSE) -> #REF! | I51: M2 | J51: 2866.4 | K51: 84.71 | L51: 242812.74
D52: 1.4.1 | E52: 1.0 | G52: =VLOOKUP(E52,#REF!,2,FALSE) -> #REF! | I52: =IFERROR(VLOOKUP(D52,'Plan.Orçam.'!H:M,3,FALSE),"") -> M | J52: =IFERROR(VLOOKUP(D52,'Plan.Orçam.'!H:M,4,FALSE),"") -> 4.2 | K52: =IFERROR(VLOOKUP(D52,'Plan.Orçam.'!H:N,6,FALSE),"") -> 54.88 | L52: =ROUND(J52*K52,2) -> 230.5
D53: 2.4.1 | E53: 2.0 | G53: =VLOOKUP(E53,#REF!,2,FALSE) -> #REF! | I53: =IFERROR(VLOOKUP(D53,'Plan.Orçam.'!H:M,3,FALSE),"") | J53: =IFERROR(VLOOKUP(D53,'Plan.Orçam.'!H:M,4,FALSE),"") | K53: =IFERROR(VLOOKUP(D53,'Plan.Orçam.'!H:N,6,FALSE),"") | L53: =ROUND(J53*K53,2) -> #VALUE!
E54: =CONCATENATE($E$50,".",2) -> 1.5.2 | F54: 4.1 | G54: =VLOOKUP(E54,#REF!,2,FALSE) -> #REF! | I54: M2 | J54: 2866.4 | K54: 84.71 | L54: 242812.74
D55: 1.4.1 | E55: 1.0 | G55: =VLOOKUP(E55,#REF!,2,FALSE) -> #REF! | I55: =IFERROR(VLOOKUP(D55,'Plan.Orçam.'!H:M,3,FALSE),"") -> M | J55: =IFERROR(VLOOKUP(D55,'Plan.Orçam.'!H:M,4,FALSE),"") -> 4.2 | K55: =IFERROR(VLOOKUP(D55,'Plan.Orçam.'!H:N,6,FALSE),"") -> 54.88 | L55: =ROUND(J55*K55,2) -> 230.5
D56: 2.4.1 | E56: 2.0 | G56: =VLOOKUP(E56,#REF!,2,FALSE) -> #REF! | I56: =IFERROR(VLOOKUP(D56,'Plan.Orçam.'!H:M,3,FALSE),"") | J56: =IFERROR(VLOOKUP(D56,'Plan.Orçam.'!H:M,4,FALSE),"") | K56: =IFERROR(VLOOKUP(D56,'Plan.Orçam.'!H:N,6,FALSE),"") | L56: =ROUND(J56*K56,2) -> #VALUE!

Sheet Plan. Global
K3: CONCEDENTE: | L3: =BDI!N4 -> 0
H4: ='Inf. Prel.'!C10 -> PREFEITURA MUNICIPAL DE POMBAL - PB | K4: CONTRATO: | L4: =BDI!N5 -> 0
K5: OBRA: | L5: =BDI!N6 -> FORNECIMENTO E INSTALAÇÃO DE SUBESTAÇÕES AÉREAS EM DIVERSAS ESCOLAS DO MUNICIPIO DE POMBAL-PB
K7: REF. PREÇOS: | L7: DESONERADO: | M7: Encargos: | N7: B.D.I. Serviços:
K8: =BDI!R9 -> SINAPI-PB / 12-2025 | L8: =BDI!T9 -> Não | M8: =Encargos!C36 -> 85.69 | N8: =BDI!C32 -> 0.252
F9: PLANILHA ORÇAMENTÁRIA
F11: FONTE | G11: CÓDIGO | H11: ITEM | I11: DESCRIÇÃO DOS SERVIÇOS | J11: UNID. | K11: QUANT. | L11: VALORES (R$) - UNIT SEM BDI | M11: VALORES (R$) - UNIT COM BDI | N11: VALORES (R$) - TOTAL
F12: =VLOOKUP(H12,#REF!,2,FALSE) -> #REF! | G12: =VLOOKUP(H12,#REF!,3,FALSE) -> #REF! | H12: =#REF! -> #REF! | I12: =VLOOKUP(H12,#REF!,2,FALSE) -> #REF! | J12: =VLOOKUP(H12,#REF!,14,FALSE) -> #REF! | K12: =ROUND(VLOOKUP(H12,#REF!,13,FALSE),2) -> #REF! | L12: =IF(F12="DER PB",VLOOKUP(G12,DER!A:D,4,FALSE),IF(F12="COMPOSIÇÃO",VLOOKUP(G12,#REF!,8,FALSE),IF(F12="SINAPI PB",VLOOKUP(G12,'Sinapi_Comp-12.2025'!G:K,5,FALSE),VLOOKUP(G12,'Sinapi_Insum-12.2025'!A:E,5,FALSE)))) -> #REF! | M12: =ROUND((1+$N$8)*IF(F12="DER PB",VLOOKUP(G12,DER!A:D,4,FALSE),IF(F12="COMPOSIÇÃO",VLOOKUP(G12,#REF!,8,FALSE),IF(F12="SINAPI PB",VLOOKUP(G12,'Sinapi_Comp-12.2025'!G:K,5,FALSE),VLOOKUP(G12,'Sinapi_Insum-12.2025'!A:E,5,FALSE)))),2) -> #REF! | N12: =ROUND(K12*M12,2) -> #REF! | O12: =N12 -> #REF!
F13: =VLOOKUP(H13,#REF!,2,FALSE) -> #REF! | G13: =VLOOKUP(H13,#REF!,3,FALSE) -> #REF! | H13: =#REF! -> #REF! | I13: =VLOOKUP(H13,#REF!,2,FALSE) -> #REF! | J13: =VLOOKUP(H13,#REF!,14,FALSE) -> #REF! | K13: =ROUND(VLOOKUP(H13,#REF!,13,FALSE),2) -> #REF! | L13: =IF(F13="DER PB",VLOOKUP(G13,DER!A:D,4,FALSE),IF(F13="COMPOSIÇÃO",VLOOKUP(G13,#REF!,8,FALSE),IF(F13="SINAPI PB",VLOOKUP(G13,'Sinapi_Comp-12.2025'!G:K,5,FALSE),VLOOKUP(G13,'Sinapi_Insum-12.2025'!A:E,5,FALSE)))) -> #REF! | M13: =ROUND((1+$N$8)*IF(F13="DER PB",VLOOKUP(G13,DER!A:D,4,FALSE),IF(F13="COMPOSIÇÃO",VLOOKUP(G13,#REF!,8,FALSE),IF(F13="SINAPI PB",VLOOKUP(G13,'Sinapi_Comp-12.2025'!G:K,5,FALSE),VLOOKUP(G13,'Sinapi_Insum-12.2025'!A:E,5,FALSE)))),2) -> #REF! | N13: =ROUND(K13*M13,2) -> #REF! | O13: =N13 -> #REF!
F14: =VLOOKUP(H14,#REF!,2,FALSE) -> #REF! | G14: =VLOOKUP(H14,#REF!,3,FALSE) -> #REF! | H14: =#REF! -> #REF! | I14: =VLOOKUP(H14,#REF!,2,FALSE) -> #REF! | J14: =VLOOKUP(H14,#REF!,14,FALSE) -> #REF! | K14: =ROUND(VLOOKUP(H14,#REF!,13,FALSE),2) -> #REF! | L14: =IF(F14="DER PB",VLOOKUP(G14,DER!A:D,4,FALSE),IF(F14="COMPOSIÇÃO",VLOOKUP(G14,#REF!,8,FALSE),IF(F14="SINAPI PB",VLOOKUP(G14,'Sinapi_Comp-12.2025'!G:K,5,FALSE),VLOOKUP(G14,'Sinapi_Insum-12.2025'!A:E,5,FALSE)))) -> #REF! | M14: =L14+$N$8*L14 -> #REF! | N14: =ROUND(K14*M14,2) -> #REF! | O14: =N14 -> #REF!
F15: =VLOOKUP(H15,#REF!,2,FALSE) -> #REF! | G15: =VLOOKUP(H15,#REF!,3,FALSE) -> #REF! | H15: =#REF! -> #REF! | I15: =VLOOKUP(H15,#REF!,2,FALSE) -> #REF! | J15: =VLOOKUP(H15,#REF!,14,FALSE) -> #REF! | K15: =ROUND(VLOOKUP(H15,#REF!,13,FALSE),2) -> #REF! | L15: =174.44 -> 174.44 | M15: =L15+$N$8*L15 -> 218.39888 | N15: =ROUND(K15*M15,2) -> #REF! | O15: =N15 -> #REF!
F16: =VLOOKUP(H16,#REF!,2,FALSE) -> #REF! | G16: =VLOOKUP(H16,#REF!,3,FALSE) -> #REF! | H16: =#REF! -> #REF! | I16: =VLOOKUP(H16,#REF!,2,FALSE) -> #REF! | J16: =VLOOKUP(H16,#REF!,14,FALSE) -> #REF! | K16: =ROUND(VLOOKUP(H16,#REF!,13,FALSE),2) -> #REF! | L16: =IF(F16="DER PB",VLOOKUP(G16,DER!A:D,4,FALSE),IF(F16="COMPOSIÇÃO",VLOOKUP(G16,#REF!,8,FALSE),IF(F16="SINAPI PB",VLOOKUP(G16,'Sinapi_Comp-12.2025'!G:K,5,FALSE),VLOOKUP(G16,'Sinapi_Insum-12.2025'!A:E,5,FALSE)))) -> #REF! | M16: =ROUND((1+$N$8)*IF(F16="DER PB",VLOOKUP(G16,DER!A:D,4,FALSE),IF(F16="COMPOSIÇÃO",VLOOKUP(G16,#REF!,8,FALSE),IF(F16="SINAPI PB",VLOOKUP(G16,'Sinapi_Comp-12.2025'!G:K,5,FALSE),VLOOKUP(G16,'Sinapi_Insum-12.2025'!A:E,5,FALSE)))),2) -> #REF! | N16: =ROUND(K16*M16,2) -> #REF! | O16: =N16 -> #REF!
F17: =VLOOKUP(H17,#REF!,2,FALSE) -> #REF! | G17: =VLOOKUP(H17,#REF!,3,FALSE) -> #REF! | H17: =#REF! -> #REF! | I17: =VLOOKUP(H17,#REF!,2,FALSE) -> #REF! | J17: =VLOOKUP(H17,#REF!,14,FALSE) -> #REF! | K17: =ROUND(VLOOKUP(H17,#REF!,13,FALSE),2) -> #REF! | L17: =IF(F17="DER PB",VLOOKUP(G17,DER!A:D,4,FALSE),IF(F17="COMPOSIÇÃO",VLOOKUP(G17,#REF!,8,FALSE),IF(F17="SINAPI PB",VLOOKUP(G17,'Sinapi_Comp-12.2025'!G:K,5,FALSE),VLOOKUP(G17,'Sinapi_Insum-12.2025'!A:E,5,FALSE)))) -> #REF! | M17: =ROUND((1+$N$8)*IF(F17="DER PB",VLOOKUP(G17,DER!A:D,4,FALSE),IF(F17="COMPOSIÇÃO",VLOOKUP(G17,#REF!,8,FALSE),IF(F17="SINAPI PB",VLOOKUP(G17,'Sinapi_Comp-12.2025'!G:K,5,FALSE),VLOOKUP(G17,'Sinapi_Insum-12.2025'!A:E,5,FALSE)))),2) -> #REF! | N17: =ROUND(K17*M17,2) -> #REF! | O17: =N17 -> #REF!
F18: =VLOOKUP(H18,#REF!,2,FALSE) -> #REF! | G18: =VLOOKUP(H18,#REF!,3,FALSE) -> #REF! | H18: =#REF! -> #REF! | I18: =VLOOKUP(H18,#REF!,2,FALSE) -> #REF! | J18: =VLOOKUP(H18,#REF!,14,FALSE) -> #REF! | K18: =ROUND(VLOOKUP(H18,#REF!,13,FALSE),2) -> #REF! | L18: =IF(F18="DER PB",VLOOKUP(G18,DER!A:D,4,FALSE),IF(F18="COMPOSIÇÃO",VLOOKUP(G18,#REF!,8,FALSE),IF(F18="SINAPI PB",VLOOKUP(G18,'Sinapi_Comp-12.2025'!G:K,5,FALSE),VLOOKUP(G18,'Sinapi_Insum-12.2025'!A:E,5,FALSE)))) -> #REF! | M18: =ROUND((1+$N$8)*IF(F18="DER PB",VLOOKUP(G18,DER!A:D,4,FALSE),IF(F18="COMPOSIÇÃO",VLOOKUP(G18,#REF!,8,FALSE),IF(F18="SINAPI PB",VLOOKUP(G18,'Sinapi_Comp-12.2025'!G:K,5,FALSE),VLOOKUP(G18,'Sinapi_Insum-12.2025'!A:E,5,FALSE)))),2) -> #REF! | N18: =ROUND(K18*M18,2) -> #REF! | O18: =N18 -> #REF!
F19: =VLOOKUP(H19,#REF!,2,FALSE) -> #REF! | G19: =VLOOKUP(H19,#REF!,3,FALSE) -> #REF! | H19: =#REF! -> #REF! | I19: =VLOOKUP(H19,#REF!,2,FALSE) -> #REF! | J19: =VLOOKUP(H19,#REF!,14,FALSE) -> #REF! | K19: =ROUND(VLOOKUP(H19,#REF!,13,FALSE),2) -> #REF! | L19: =IF(F19="DER PB",VLOOKUP(G19,DER!A:D,4,FALSE),IF(F19="COMPOSIÇÃO",VLOOKUP(G19,#REF!,8,FALSE),IF(F19="SINAPI PB",VLOOKUP(G19,'Sinapi_Comp-12.2025'!G:K,5,FALSE),VLOOKUP(G19,'Sinapi_Insum-12.2025'!A:E,5,FALSE)))) -> #REF! | M19: =ROUND((1+$N$8)*IF(F19="DER PB",VLOOKUP(G19,DER!A:D,4,FALSE),IF(F19="COMPOSIÇÃO",VLOOKUP(G19,#REF!,8,FALSE),IF(F19="SINAPI PB",VLOOKUP(G19,'Sinapi_Comp-12.2025'!G:K,5,FALSE),VLOOKUP(G19,'Sinapi_Insum-12.2025'!A:E,5,FALSE)))),2) -> #REF! | N19: =ROUND(K19*M19,2) -> #REF! | O19: =N19 -> #REF!
F20: =VLOOKUP(H20,#REF!,2,FALSE) -> #REF! | G20: =VLOOKUP(H20,#REF!,3,FALSE) -> #REF! | H20: =#REF! -> #REF! | I20: =VLOOKUP(H20,#REF!,2,FALSE) -> #REF! | J20: =VLOOKUP(H20,#REF!,14,FALSE) -> #REF! | K20: =ROUND(VLOOKUP(H20,#REF!,13,FALSE),2) -> #REF! | L20: =IF(F20="DER PB",VLOOKUP(G20,DER!A:D,4,FALSE),IF(F20="COMPOSIÇÃO",VLOOKUP(G20,#REF!,8,FALSE),IF(F20="SINAPI PB",VLOOKUP(G20,'Sinapi_Comp-12.2025'!G:K,5,FALSE),VLOOKUP(G20,'Sinapi_Insum-12.2025'!A:E,5,FALSE)))) -> #REF! | M20: =ROUND((1+$N$8)*IF(F20="DER PB",VLOOKUP(G20,DER!A:D,4,FALSE),IF(F20="COMPOSIÇÃO",VLOOKUP(G20,#REF!,8,FALSE),IF(F20="SINAPI PB",VLOOKUP(G20,'Sinapi_Comp-12.2025'!G:K,5,FALSE),VLOOKUP(G20,'Sinapi_Insum-12.2025'!A:E,5,FALSE)))),2) -> #REF! | N20: =ROUND(K20*M20,2) -> #REF! | O20: =N20 -> #REF!
F21: =VLOOKUP(H21,#REF!,2,FALSE) -> #REF! | G21: =VLOOKUP(H21,#REF!,3,FALSE) -> #REF! | H21: =#REF! -> #REF! | I21: =VLOOKUP(H21,#REF!,2,FALSE) -> #REF! | J21: =VLOOKUP(H21,#REF!,14,FALSE) -> #REF! | K21: =ROUND(VLOOKUP(H21,#REF!,13,FALSE),2) -> #REF! | L21: =IF(F21="DER PB",VLOOKUP(G21,DER!A:D,4,FALSE),IF(F21="COMPOSIÇÃO",VLOOKUP(G21,#REF!,8,FALSE),IF(F21="SINAPI PB",VLOOKUP(G21,'Sinapi_Comp-12.2025'!G:K,5,FALSE),VLOOKUP(G21,'Sinapi_Insum-12.2025'!A:E,5,FALSE)))) -> #REF! | M21: =ROUND((1+$N$8)*IF(F21="DER PB",VLOOKUP(G21,DER!A:D,4,FALSE),IF(F21="COMPOSIÇÃO",VLOOKUP(G21,#REF!,8,FALSE),IF(F21="SINAPI PB",VLOOKUP(G21,'Sinapi_Comp-12.2025'!G:K,5,FALSE),VLOOKUP(G21,'Sinapi_Insum-12.2025'!A:E,5,FALSE)))),2) -> #REF! | N21: =ROUND(K21*M21,2) -> #REF! | O21: =N21 -> #REF!
F22: =VLOOKUP(H22,#REF!,2,FALSE) -> #REF! | G22: =VLOOKUP(H22,#REF!,3,FALSE) -> #REF! | H22: =#REF! -> #REF! | I22: =VLOOKUP(H22,#REF!,2,FALSE) -> #REF! | J22: =VLOOKUP(H22,#REF!,14,FALSE) -> #REF! | K22: =ROUND(VLOOKUP(H22,#REF!,13,FALSE),2) -> #REF! | L22: =IF(F22="DER PB",VLOOKUP(G22,DER!A:D,4,FALSE),IF(F22="COMPOSIÇÃO",VLOOKUP(G22,#REF!,8,FALSE),IF(F22="SINAPI PB",VLOOKUP(G22,'Sinapi_Comp-12.2025'!G:K,5,FALSE),VLOOKUP(G22,'Sinapi_Insum-12.2025'!A:E,5,FALSE)))) -> #REF! | M22: =L22+$N$8*L22 -> #REF! | N22: =ROUND(K22*M22,2) -> #REF! | O22: =N22 -> #REF!
F23: =VLOOKUP(H23,#REF!,2,FALSE) -> #REF! | G23: =VLOOKUP(H23,#REF!,3,FALSE) -> #REF! | H23: =#REF! -> #REF! | I23: =VLOOKUP(H23,#REF!,2,FALSE) -> #REF! | J23: =VLOOKUP(H23,#REF!,14,FALSE) -> #REF! | K23: =ROUND(VLOOKUP(H23,#REF!,13,FALSE),2) -> #REF! | L23: =IF(F23="DER PB",VLOOKUP(G23,DER!A:D,4,FALSE),IF(F23="COMPOSIÇÃO",VLOOKUP(G23,#REF!,8,FALSE),IF(F23="SINAPI PB",VLOOKUP(G23,'Sinapi_Comp-12.2025'!G:K,5,FALSE),VLOOKUP(G23,'Sinapi_Insum-12.2025'!A:E,5,FALSE)))) -> #REF! | M23: =ROUND((1+$N$8)*IF(F23="DER PB",VLOOKUP(G23,DER!A:D,4,FALSE),IF(F23="COMPOSIÇÃO",VLOOKUP(G23,#REF!,8,FALSE),IF(F23="SINAPI PB",VLOOKUP(G23,'Sinapi_Comp-12.2025'!G:K,5,FALSE),VLOOKUP(G23,'Sinapi_Insum-12.2025'!A:E,5,FALSE)))),2) -> #REF! | N23: =ROUND(K23*M23,2) -> #REF! | O23: =N23 -> #REF!
F24: =VLOOKUP(H24,#REF!,2,FALSE) -> #REF! | G24: =VLOOKUP(H24,#REF!,3,FALSE) -> #REF! | H24: =#REF! -> #REF! | I24: =VLOOKUP(H24,#REF!,2,FALSE) -> #REF! | J24: =VLOOKUP(H24,#REF!,14,FALSE) -> #REF! | K24: =ROUND(VLOOKUP(H24,#REF!,13,FALSE),2) -> #REF! | L24: =IF(F24="DER PB",VLOOKUP(G24,DER!A:D,4,FALSE),IF(F24="COMPOSIÇÃO",VLOOKUP(G24,#REF!,8,FALSE),IF(F24="SINAPI PB",VLOOKUP(G24,'Sinapi_Comp-12.2025'!G:K,5,FALSE),VLOOKUP(G24,'Sinapi_Insum-12.2025'!A:E,5,FALSE)))) -> #REF! | M24: =L24+$N$8*L24 -> #REF! | N24: =ROUND(K24*M24,2) -> #REF! | O24: =N24 -> #REF!
F25: =VLOOKUP(H25,#REF!,2,FALSE) -> #REF! | G25: =VLOOKUP(H25,#REF!,3,FALSE) -> #REF! | H25: =#REF! -> #REF! | I25: =VLOOKUP(H25,#REF!,2,FALSE) -> #REF! | J25: =VLOOKUP(H25,#REF!,14,FALSE) -> #REF! | K25: =ROUND(VLOOKUP(H25,#REF!,13,FALSE),2) -> #REF! | L25: =IF(F25="DER PB",VLOOKUP(G25,DER!A:D,4,FALSE),IF(F25="COMPOSIÇÃO",VLOOKUP(G25,#REF!,8,FALSE),IF(F25="SINAPI PB",VLOOKUP(G25,'Sinapi_Comp-12.2025'!G:K,5,FALSE),VLOOKUP(G25,'Sinapi_Insum-12.2025'!A:E,5,FALSE)))) -> #REF! | M25: =ROUND((1+$N$8)*IF(F25="DER PB",VLOOKUP(G25,DER!A:D,4,FALSE),IF(F25="COMPOSIÇÃO",VLOOKUP(G25,#REF!,8,FALSE),IF(F25="SINAPI PB",VLOOKUP(G25,'Sinapi_Comp-12.2025'!G:K,5,FALSE),VLOOKUP(G25,'Sinapi_Insum-12.2025'!A:E,5,FALSE)))),2) -> #REF! | N25: =ROUND(K25*M25,2) -> #REF! | O25: =N25 -> #REF!
F26: =VLOOKUP(H26,#REF!,2,FALSE) -> #REF! | G26: =VLOOKUP(H26,#REF!,3,FALSE) -> #REF! | H26: =#REF! -> #REF! | I26: =VLOOKUP(H26,#REF!,2,FALSE) -> #REF! | J26: =VLOOKUP(H26,#REF!,14,FALSE) -> #REF! | K26: =ROUND(VLOOKUP(H26,#REF!,13,FALSE),2) -> #REF! | L26: =IF(F26="DER PB",VLOOKUP(G26,DER!A:D,4,FALSE),IF(F26="COMPOSIÇÃO",VLOOKUP(G26,#REF!,8,FALSE),IF(F26="SINAPI PB",VLOOKUP(G26,'Sinapi_Comp-12.2025'!G:K,5,FALSE),VLOOKUP(G26,'Sinapi_Insum-12.2025'!A:E,5,FALSE)))) -> #REF! | M26: =ROUND((1+$N$8)*IF(F26="DER PB",VLOOKUP(G26,DER!A:D,4,FALSE),IF(F26="COMPOSIÇÃO",VLOOKUP(G26,#REF!,8,FALSE),IF(F26="SINAPI PB",VLOOKUP(G26,'Sinapi_Comp-12.2025'!G:K,5,FALSE),VLOOKUP(G26,'Sinapi_Insum-12.2025'!A:E,5,FALSE)))),2) -> #REF! | N26: =ROUND(K26*M26,2) -> #REF! | O26: =N26 -> #REF!
F27: =VLOOKUP(H27,#REF!,2,FALSE) -> #REF! | G27: =VLOOKUP(H27,#REF!,3,FALSE) -> #REF! | H27: =#REF! -> #REF! | I27: =VLOOKUP(H27,#REF!,2,FALSE) -> #REF! | J27: =VLOOKUP(H27,#REF!,14,FALSE) -> #REF! | K27: =ROUND(VLOOKUP(H27,#REF!,13,FALSE),2) -> #REF! | L27: =IF(F27="DER PB",VLOOKUP(G27,DER!A:D,4,FALSE),IF(F27="COMPOSIÇÃO",VLOOKUP(G27,#REF!,8,FALSE),IF(F27="SINAPI PB",VLOOKUP(G27,'Sinapi_Comp-12.2025'!G:K,5,FALSE),VLOOKUP(G27,'Sinapi_Insum-12.2025'!A:E,5,FALSE)))) -> #REF! | M27: =ROUND((1+$N$8)*IF(F27="DER PB",VLOOKUP(G27,DER!A:D,4,FALSE),IF(F27="COMPOSIÇÃO",VLOOKUP(G27,#REF!,8,FALSE),IF(F27="SINAPI PB",VLOOKUP(G27,'Sinapi_Comp-12.2025'!G:K,5,FALSE),VLOOKUP(G27,'Sinapi_Insum-12.2025'!A:E,5,FALSE)))),2) -> #REF! | N27: =ROUND(K27*M27,2) -> #REF! | O27: =N27 -> #REF!
F28: =VLOOKUP(H28,#REF!,2,FALSE) -> #REF! | G28: =VLOOKUP(H28,#REF!,3,FALSE) -> #REF! | H28: =#REF! -> #REF! | I28: =VLOOKUP(H28,#REF!,2,FALSE) -> #REF! | J28: =VLOOKUP(H28,#REF!,14,FALSE) -> #REF! | K28: =ROUND(VLOOKUP(H28,#REF!,13,FALSE),2) -> #REF! | L28: =IF(F28="DER PB",VLOOKUP(G28,DER!A:D,4,FALSE),IF(F28="COMPOSIÇÃO",VLOOKUP(G28,#REF!,8,FALSE),IF(F28="SINAPI PB",VLOOKUP(G28,'Sinapi_Comp-12.2025'!G:K,5,FALSE),VLOOKUP(G28,'Sinapi_Insum-12.2025'!A:E,5,FALSE)))) -> #REF! | M28: =ROUND((1+$N$8)*IF(F28="DER PB",VLOOKUP(G28,DER!A:D,4,FALSE),IF(F28="COMPOSIÇÃO",VLOOKUP(G28,#REF!,8,FALSE),IF(F28="SINAPI PB",VLOOKUP(G28,'Sinapi_Comp-12.2025'!G:K,5,FALSE),VLOOKUP(G28,'Sinapi_Insum-12.2025'!A:E,5,FALSE)))),2) -> #REF! | N28: =ROUND(K28*M28,2) -> #REF! | O28: =N28 -> #REF!
F29: =VLOOKUP(H29,#REF!,2,FALSE) -> #REF! | G29: =VLOOKUP(H29,#REF!,3,FALSE) -> #REF! | H29: =#REF! -> #REF! | I29: =VLOOKUP(H29,#REF!,2,FALSE) -> #REF! | J29: =VLOOKUP(H29,#REF!,14,FALSE) -> #REF! | K29: =ROUND(VLOOKUP(H29,#REF!,13,FALSE),2) -> #REF! | L29: =IF(F29="DER PB",VLOOKUP(G29,DER!A:D,4,FALSE),IF(F29="COMPOSIÇÃO",VLOOKUP(G29,#REF!,8,FALSE),IF(F29="SINAPI PB",VLOOKUP(G29,'Sinapi_Comp-12.2025'!G:K,5,FALSE),VLOOKUP(G29,'Sinapi_Insum-12.2025'!A:E,5,FALSE)))) -> #REF! | M29: =L29+$N$8*L29 -> #REF! | N29: =ROUND(K29*M29,2) -> #REF! | O29: =N29 -> #REF!
F30: =VLOOKUP(H30,#REF!,2,FALSE) -> #REF! | G30: =VLOOKUP(H30,#REF!,3,FALSE) -> #REF! | H30: =#REF! -> #REF! | I30: =VLOOKUP(H30,#REF!,2,FALSE) -> #REF! | J30: =VLOOKUP(H30,#REF!,14,FALSE) -> #REF! | K30: =ROUND(VLOOKUP(H30,#REF!,13,FALSE),2) -> #REF! | L30: =IF(F30="DER PB",VLOOKUP(G30,DER!A:D,4,FALSE),IF(F30="COMPOSIÇÃO",VLOOKUP(G30,#REF!,8,FALSE),IF(F30="SINAPI PB",VLOOKUP(G30,'Sinapi_Comp-12.2025'!G:K,5,FALSE),VLOOKUP(G30,'Sinapi_Insum-12.2025'!A:E,5,FALSE)))) -> #REF! | M30: =L30+$N$8*L30 -> #REF! | N30: =ROUND(K30*M30,2) -> #REF! | O30: =N30 -> #REF!
F31: =VLOOKUP(H31,#REF!,2,FALSE) -> #REF! | G31: =VLOOKUP(H31,#REF!,3,FALSE) -> #REF! | H31: =#REF! -> #REF! | I31: =VLOOKUP(H31,#REF!,2,FALSE) -> #REF! | J31: =VLOOKUP(H31,#REF!,14,FALSE) -> #REF! | K31: =ROUND(VLOOKUP(H31,#REF!,13,FALSE),2) -> #REF! | L31: =IF(F31="DER PB",VLOOKUP(G31,DER!A:D,4,FALSE),IF(F31="COMPOSIÇÃO",VLOOKUP(G31,#REF!,8,FALSE),IF(F31="SINAPI PB",VLOOKUP(G31,'Sinapi_Comp-12.2025'!G:K,5,FALSE),VLOOKUP(G31,'Sinapi_Insum-12.2025'!A:E,5,FALSE)))) -> #REF! | M31: =ROUND((1+$N$8)*IF(F31="DER PB",VLOOKUP(G31,DER!A:D,4,FALSE),IF(F31="COMPOSIÇÃO",VLOOKUP(G31,#REF!,8,FALSE),IF(F31="SINAPI PB",VLOOKUP(G31,'Sinapi_Comp-12.2025'!G:K,5,FALSE),VLOOKUP(G31,'Sinapi_Insum-12.2025'!A:E,5,FALSE)))),2) -> #REF! | N31: =ROUND(K31*M31,2) -> #REF! | O31: =N31 -> #REF!
F32: =VLOOKUP(H32,#REF!,2,FALSE) -> #REF! | G32: =VLOOKUP(H32,#REF!,3,FALSE) -> #REF! | H32: =#REF! -> #REF! | I32: =VLOOKUP(H32,#REF!,2,FALSE) -> #REF! | J32: =VLOOKUP(H32,#REF!,14,FALSE) -> #REF! | K32: =ROUND(VLOOKUP(H32,#REF!,13,FALSE),2) -> #REF! | L32: =IF(F32="DER PB",VLOOKUP(G32,DER!A:D,4,FALSE),IF(F32="COMPOSIÇÃO",VLOOKUP(G32,#REF!,8,FALSE),IF(F32="SINAPI PB",VLOOKUP(G32,'Sinapi_Comp-12.2025'!G:K,5,FALSE),VLOOKUP(G32,'Sinapi_Insum-12.2025'!A:E,5,FALSE)))) -> #REF! | M32: =ROUND((1+$N$8)*IF(F32="DER PB",VLOOKUP(G32,DER!A:D,4,FALSE),IF(F32="COMPOSIÇÃO",VLOOKUP(G32,#REF!,8,FALSE),IF(F32="SINAPI PB",VLOOKUP(G32,'Sinapi_Comp-12.2025'!G:K,5,FALSE),VLOOKUP(G32,'Sinapi_Insum-12.2025'!A:E,5,FALSE)))),2) -> #REF! | N32: =ROUND(K32*M32,2) -> #REF! | O32: =N32 -> #REF!
F33: =VLOOKUP(H33,#REF!,2,FALSE) -> #REF! | G33: =VLOOKUP(H33,#REF!,3,FALSE) -> #REF! | H33: =#REF! -> #REF! | I33: =VLOOKUP(H33,#REF!,2,FALSE) -> #REF! | J33: =VLOOKUP(H33,#REF!,14,FALSE) -> #REF! | K33: =ROUND(VLOOKUP(H33,#REF!,13,FALSE),2) -> #REF! | L33: =IF(F33="DER PB",VLOOKUP(G33,DER!A:D,4,FALSE),IF(F33="COMPOSIÇÃO",VLOOKUP(G33,#REF!,8,FALSE),IF(F33="SINAPI PB",VLOOKUP(G33,'Sinapi_Comp-12.2025'!G:K,5,FALSE),VLOOKUP(G33,'Sinapi_Insum-12.2025'!A:E,5,FALSE)))) -> #REF! | M33: =ROUND((1+$N$8)*IF(F33="DER PB",VLOOKUP(G33,DER!A:D,4,FALSE),IF(F33="COMPOSIÇÃO",VLOOKUP(G33,#REF!,8,FALSE),IF(F33="SINAPI PB",VLOOKUP(G33,'Sinapi_Comp-12.2025'!G:K,5,FALSE),VLOOKUP(G33,'Sinapi_Insum-12.2025'!A:E,5,FALSE)))),2) -> #REF! | N33: =ROUND(K33*M33,2) -> #REF! | O33: =N33 -> #REF!
F34: =VLOOKUP(H34,#REF!,2,FALSE) -> #REF! | G34: =VLOOKUP(H34,#REF!,3,FALSE) -> #REF! | H34: =#REF! -> #REF! | I34: =VLOOKUP(H34,#REF!,2,FALSE) -> #REF! | J34: =VLOOKUP(H34,#REF!,14,FALSE) -> #REF! | K34: =ROUND(VLOOKUP(H34,#REF!,13,FALSE),2) -> #REF! | L34: =IF(F34="DER PB",VLOOKUP(G34,DER!A:D,4,FALSE),IF(F34="COMPOSIÇÃO",VLOOKUP(G34,#REF!,8,FALSE),IF(F34="SINAPI PB",VLOOKUP(G34,'Sinapi_Comp-12.2025'!G:K,5,FALSE),VLOOKUP(G34,'Sinapi_Insum-12.2025'!A:E,5,FALSE)))) -> #REF! | M34: =ROUND((1+$N$8)*IF(F34="DER PB",VLOOKUP(G34,DER!A:D,4,FALSE),IF(F34="COMPOSIÇÃO",VLOOKUP(G34,#REF!,8,FALSE),IF(F34="SINAPI PB",VLOOKUP(G34,'Sinapi_Comp-12.2025'!G:K,5,FALSE),VLOOKUP(G34,'Sinapi_Insum-12.2025'!A:E,5,FALSE)))),2) -> #REF! | N34: =ROUND(K34*M34,2) -> #REF! | O34: =N34 -> #REF!
F35: =VLOOKUP(H35,#REF!,2,FALSE) -> #REF! | G35: =VLOOKUP(H35,#REF!,3,FALSE) -> #REF! | H35: =#REF! -> #REF! | I35: =VLOOKUP(H35,#REF!,2,FALSE) -> #REF! | J35: =VLOOKUP(H35,#REF!,14,FALSE) -> #REF! | K35: =ROUND(VLOOKUP(H35,#REF!,13,FALSE),2) -> #REF! | L35: =IF(F35="DER PB",VLOOKUP(G35,DER!A:D,4,FALSE),IF(F35="COMPOSIÇÃO",VLOOKUP(G35,#REF!,8,FALSE),IF(F35="SINAPI PB",VLOOKUP(G35,'Sinapi_Comp-12.2025'!G:K,5,FALSE),VLOOKUP(G35,'Sinapi_Insum-12.2025'!A:E,5,FALSE)))) -> #REF! | M35: =ROUND((1+$N$8)*IF(F35="DER PB",VLOOKUP(G35,DER!A:D,4,FALSE),IF(F35="COMPOSIÇÃO",VLOOKUP(G35,#REF!,8,FALSE),IF(F35="SINAPI PB",VLOOKUP(G35,'Sinapi_Comp-12.2025'!G:K,5,FALSE),VLOOKUP(G35,'Sinapi_Insum-12.2025'!A:E,5,FALSE)))),2) -> #REF! | N35: =ROUND(K35*M35,2) -> #REF! | O35: =N35 -> #REF!
F36: =VLOOKUP(H36,#REF!,2,FALSE) -> #REF! | G36: =VLOOKUP(H36,#REF!,3,FALSE) -> #REF! | H36: =#REF! -> #REF! | I36: =VLOOKUP(H36,#REF!,2,FALSE) -> #REF! | J36: =VLOOKUP(H36,#REF!,14,FALSE) -> #REF! | K36: =ROUND(VLOOKUP(H36,#REF!,13,FALSE),2) -> #REF! | L36: =IF(F36="DER PB",VLOOKUP(G36,DER!A:D,4,FALSE),IF(F36="COMPOSIÇÃO",VLOOKUP(G36,#REF!,8,FALSE),IF(F36="SINAPI PB",VLOOKUP(G36,'Sinapi_Comp-12.2025'!G:K,5,FALSE),VLOOKUP(G36,'Sinapi_Insum-12.2025'!A:E,5,FALSE)))) -> #REF! | M36: =ROUND((1+$N$8)*IF(F36="DER PB",VLOOKUP(G36,DER!A:D,4,FALSE),IF(F36="COMPOSIÇÃO",VLOOKUP(G36,#REF!,8,FALSE),IF(F36="SINAPI PB",VLOOKUP(G36,'Sinapi_Comp-12.2025'!G:K,5,FALSE),VLOOKUP(G36,'Sinapi_Insum-12.2025'!A:E,5,FALSE)))),2) -> #REF! | N36: =ROUND(K36*M36,2) -> #REF! | O36: =N36 -> #REF!
F37: =VLOOKUP(H37,#REF!,2,FALSE) -> #REF! | G37: =VLOOKUP(H37,#REF!,3,FALSE) -> #REF! | H37: =#REF! -> #REF! | I37: =VLOOKUP(H37,#REF!,2,FALSE) -> #REF! | J37: =VLOOKUP(H37,#REF!,14,FALSE) -> #REF! | K37: =ROUND(VLOOKUP(H37,#REF!,13,FALSE),2) -> #REF! | L37: =IF(F37="DER PB",VLOOKUP(G37,DER!A:D,4,FALSE),IF(F37="COMPOSIÇÃO",VLOOKUP(G37,#REF!,8,FALSE),IF(F37="SINAPI PB",VLOOKUP(G37,'Sinapi_Comp-12.2025'!G:K,5,FALSE),VLOOKUP(G37,'Sinapi_Insum-12.2025'!A:E,5,FALSE)))) -> #REF! | M37: =ROUND((1+$N$8)*IF(F37="DER PB",VLOOKUP(G37,DER!A:D,4,FALSE),IF(F37="COMPOSIÇÃO",VLOOKUP(G37,#REF!,8,FALSE),IF(F37="SINAPI PB",VLOOKUP(G37,'Sinapi_Comp-12.2025'!G:K,5,FALSE),VLOOKUP(G37,'Sinapi_Insum-12.2025'!A:E,5,FALSE)))),2) -> #REF! | N37: =ROUND(K37*M37,2) -> #REF! | O37: =N37 -> #REF!
F38: =VLOOKUP(H38,#REF!,2,FALSE) -> #REF! | G38: =VLOOKUP(H38,#REF!,3,FALSE) -> #REF! | H38: =#REF! -> #REF! | I38: =VLOOKUP(H38,#REF!,2,FALSE) -> #REF! | J38: =VLOOKUP(H38,#REF!,14,FALSE) -> #REF! | K38: =ROUND(VLOOKUP(H38,#REF!,13,FALSE),2) -> #REF! | L38: =IF(F38="DER PB",VLOOKUP(G38,DER!A:D,4,FALSE),IF(F38="COMPOSIÇÃO",VLOOKUP(G38,#REF!,8,FALSE),IF(F38="SINAPI PB",VLOOKUP(G38,'Sinapi_Comp-12.2025'!G:K,5,FALSE),VLOOKUP(G38,'Sinapi_Insum-12.2025'!A:E,5,FALSE)))) -> #REF! | M38: =ROUND((1+$N$8)*IF(F38="DER PB",VLOOKUP(G38,DER!A:D,4,FALSE),IF(F38="COMPOSIÇÃO",VLOOKUP(G38,#REF!,8,FALSE),IF(F38="SINAPI PB",VLOOKUP(G38,'Sinapi_Comp-12.2025'!G:K,5,FALSE),VLOOKUP(G38,'Sinapi_Insum-12.2025'!A:E,5,FALSE)))),2) -> #REF! | N38: =ROUND(K38*M38,2) -> #REF! | O38: =N38 -> #REF!
F39: =VLOOKUP(H39,#REF!,2,FALSE) -> #REF! | G39: =VLOOKUP(H39,#REF!,3,FALSE) -> #REF! | H39: =#REF! -> #REF! | I39: =VLOOKUP(H39,#REF!,2,FALSE) -> #REF! | J39: =VLOOKUP(H39,#REF!,14,FALSE) -> #REF! | K39: =ROUND(VLOOKUP(H39,#REF!,13,FALSE),2) -> #REF! | L39: =IF(F39="DER PB",VLOOKUP(G39,DER!A:D,4,FALSE),IF(F39="COMPOSIÇÃO",VLOOKUP(G39,#REF!,8,FALSE),IF(F39="SINAPI PB",VLOOKUP(G39,'Sinapi_Comp-12.2025'!G:K,5,FALSE),VLOOKUP(G39,'Sinapi_Insum-12.2025'!A:E,5,FALSE)))) -> #REF! | M39: =ROUND((1+$N$8)*IF(F39="DER PB",VLOOKUP(G39,DER!A:D,4,FALSE),IF(F39="COMPOSIÇÃO",VLOOKUP(G39,#REF!,8,FALSE),IF(F39="SINAPI PB",VLOOKUP(G39,'Sinapi_Comp-12.2025'!G:K,5,FALSE),VLOOKUP(G39,'Sinapi_Insum-12.2025'!A:E,5,FALSE)))),2) -> #REF! | N39: =ROUND(K39*M39,2) -> #REF! | O39: =N39 -> #REF!
F40: =VLOOKUP(H40,#REF!,2,FALSE) -> #REF! | G40: =VLOOKUP(H40,#REF!,3,FALSE) -> #REF! | H40: =#REF! -> #REF! | I40: =VLOOKUP(H40,#REF!,2,FALSE) -> #REF! | J40: =VLOOKUP(H40,#REF!,14,FALSE) -> #REF! | K40: =ROUND(VLOOKUP(H40,#REF!,13,FALSE),2) -> #REF! | L40: =IF(F40="DER PB",VLOOKUP(G40,DER!A:D,4,FALSE),IF(F40="COMPOSIÇÃO",VLOOKUP(G40,#REF!,8,FALSE),IF(F40="SINAPI PB",VLOOKUP(G40,'Sinapi_Comp-12.2025'!G:K,5,FALSE),VLOOKUP(G40,'Sinapi_Insum-12.2025'!A:E,5,FALSE)))) -> #REF! | M40: =ROUND((1+$N$8)*IF(F40="DER PB",VLOOKUP(G40,DER!A:D,4,FALSE),IF(F40="COMPOSIÇÃO",VLOOKUP(G40,#REF!,8,FALSE),IF(F40="SINAPI PB",VLOOKUP(G40,'Sinapi_Comp-12.2025'!G:K,5,FALSE),VLOOKUP(G40,'Sinapi_Insum-12.2025'!A:E,5,FALSE)))),2) -> #REF! | N40: =ROUND(K40*M40,2) -> #REF! | O40: =N40 -> #REF!
F41: =VLOOKUP(H41,#REF!,2,FALSE) -> #REF! | G41: =VLOOKUP(H41,#REF!,3,FALSE) -> #REF! | H41: =#REF! -> #REF! | I41: =VLOOKUP(H41,#REF!,2,FALSE) -> #REF! | J41: =VLOOKUP(H41,#REF!,14,FALSE) -> #REF! | K41: =ROUND(VLOOKUP(H41,#REF!,13,FALSE),2) -> #REF! | L41: =IF(F41="DER PB",VLOOKUP(G41,DER!A:D,4,FALSE),IF(F41="COMPOSIÇÃO",VLOOKUP(G41,#REF!,8,FALSE),IF(F41="SINAPI PB",VLOOKUP(G41,'Sinapi_Comp-12.2025'!G:K,5,FALSE),VLOOKUP(G41,'Sinapi_Insum-12.2025'!A:E,5,FALSE)))) -> #REF! | M41: =ROUND((1+$N$8)*IF(F41="DER PB",VLOOKUP(G41,DER!A:D,4,FALSE),IF(F41="COMPOSIÇÃO",VLOOKUP(G41,#REF!,8,FALSE),IF(F41="SINAPI PB",VLOOKUP(G41,'Sinapi_Comp-12.2025'!G:K,5,FALSE),VLOOKUP(G41,'Sinapi_Insum-12.2025'!A:E,5,FALSE)))),2) -> #REF! | N41: =ROUND(K41*M41,2) -> #REF! | O41: =N41 -> #REF!
F42: =VLOOKUP(H42,#REF!,2,FALSE) -> #REF! | G42: =VLOOKUP(H42,#REF!,3,FALSE) -> #REF! | H42: =#REF! -> #REF! | I42: =VLOOKUP(H42,#REF!,2,FALSE) -> #REF! | J42: =VLOOKUP(H42,#REF!,14,FALSE) -> #REF! | K42: =ROUND(VLOOKUP(H42,#REF!,13,FALSE),2) -> #REF! | L42: =IF(F42="DER PB",VLOOKUP(G42,DER!A:D,4,FALSE),IF(F42="COMPOSIÇÃO",VLOOKUP(G42,#REF!,8,FALSE),IF(F42="SINAPI PB",VLOOKUP(G42,'Sinapi_Comp-12.2025'!G:K,5,FALSE),VLOOKUP(G42,'Sinapi_Insum-12.2025'!A:E,5,FALSE)))) -> #REF! | M42: =ROUND((1+$N$8)*IF(F42="DER PB",VLOOKUP(G42,DER!A:D,4,FALSE),IF(F42="COMPOSIÇÃO",VLOOKUP(G42,#REF!,8,FALSE),IF(F42="SINAPI PB",VLOOKUP(G42,'Sinapi_Comp-12.2025'!G:K,5,FALSE),VLOOKUP(G42,'Sinapi_Insum-12.2025'!A:E,5,FALSE)))),2) -> #REF! | N42: =ROUND(K42*M42,2) -> #REF! | O42: =N42 -> #REF!
F43: =VLOOKUP(H43,#REF!,2,FALSE) -> #REF! | G43: =VLOOKUP(H43,#REF!,3,FALSE) -> #REF! | H43: =#REF! -> #REF! | I43: =VLOOKUP(H43,#REF!,2,FALSE) -> #REF! | J43: =VLOOKUP(H43,#REF!,14,FALSE) -> #REF! | K43: =ROUND(VLOOKUP(H43,#REF!,13,FALSE),2) -> #REF! | L43: =IF(F43="DER PB",VLOOKUP(G43,DER!A:D,4,FALSE),IF(F43="COMPOSIÇÃO",VLOOKUP(G43,#REF!,8,FALSE),IF(F43="SINAPI PB",VLOOKUP(G43,'Sinapi_Comp-12.2025'!G:K,5,FALSE),VLOOKUP(G43,'Sinapi_Insum-12.2025'!A:E,5,FALSE)))) -> #REF! | M43: =ROUND((1+$N$8)*IF(F43="DER PB",VLOOKUP(G43,DER!A:D,4,FALSE),IF(F43="COMPOSIÇÃO",VLOOKUP(G43,#REF!,8,FALSE),IF(F43="SINAPI PB",VLOOKUP(G43,'Sinapi_Comp-12.2025'!G:K,5,FALSE),VLOOKUP(G43,'Sinapi_Insum-12.2025'!A:E,5,FALSE)))),2) -> #REF! | N43: =ROUND(K43*M43,2) -> #REF! | O43: =N43 -> #REF!
F44: =VLOOKUP(H44,#REF!,2,FALSE) -> #REF! | G44: =VLOOKUP(H44,#REF!,3,FALSE) -> #REF! | H44: =#REF! -> #REF! | I44: =VLOOKUP(H44,#REF!,2,FALSE) -> #REF! | J44: =VLOOKUP(H44,#REF!,14,FALSE) -> #REF! | K44: =ROUND(VLOOKUP(H44,#REF!,13,FALSE),2) -> #REF! | L44: =IF(F44="DER PB",VLOOKUP(G44,DER!A:D,4,FALSE),IF(F44="COMPOSIÇÃO",VLOOKUP(G44,#REF!,8,FALSE),IF(F44="SINAPI PB",VLOOKUP(G44,'Sinapi_Comp-12.2025'!G:K,5,FALSE),VLOOKUP(G44,'Sinapi_Insum-12.2025'!A:E,5,FALSE)))) -> #REF! | M44: =L44+$N$8*L44 -> #REF! | N44: =ROUND(K44*M44,2) -> #REF! | O44: =N44 -> #REF!
F45: =VLOOKUP(H45,#REF!,2,FALSE) -> #REF! | G45: =VLOOKUP(H45,#REF!,3,FALSE) -> #REF! | H45: =#REF! -> #REF! | I45: =VLOOKUP(H45,#REF!,2,FALSE) -> #REF! | J45: =VLOOKUP(H45,#REF!,14,FALSE) -> #REF! | K45: =ROUND(VLOOKUP(H45,#REF!,13,FALSE),2) -> #REF! | L45: =IF(F45="DER PB",VLOOKUP(G45,DER!A:D,4,FALSE),IF(F45="COMPOSIÇÃO",VLOOKUP(G45,#REF!,8,FALSE),IF(F45="SINAPI PB",VLOOKUP(G45,'Sinapi_Comp-12.2025'!G:K,5,FALSE),VLOOKUP(G45,'Sinapi_Insum-12.2025'!A:E,5,FALSE)))) -> #REF! | M45: =ROUND((1+$N$8)*IF(F45="DER PB",VLOOKUP(G45,DER!A:D,4,FALSE),IF(F45="COMPOSIÇÃO",VLOOKUP(G45,#REF!,8,FALSE),IF(F45="SINAPI PB",VLOOKUP(G45,'Sinapi_Comp-12.2025'!G:K,5,FALSE),VLOOKUP(G45,'Sinapi_Insum-12.2025'!A:E,5,FALSE)))),2) -> #REF! | N45: =ROUND(K45*M45,2) -> #REF! | O45: =N45 -> #REF!
F46: =VLOOKUP(H46,#REF!,2,FALSE) -> #REF! | G46: =VLOOKUP(H46,#REF!,3,FALSE) -> #REF! | H46: =#REF! -> #REF! | I46: =VLOOKUP(H46,#REF!,2,FALSE) -> #REF! | J46: =VLOOKUP(H46,#REF!,14,FALSE) -> #REF! | K46: =ROUND(VLOOKUP(H46,#REF!,13,FALSE),2) -> #REF! | L46: =IF(F46="DER PB",VLOOKUP(G46,DER!A:D,4,FALSE),IF(F46="COMPOSIÇÃO",VLOOKUP(G46,#REF!,8,FALSE),IF(F46="SINAPI PB",VLOOKUP(G46,'Sinapi_Comp-12.2025'!G:K,5,FALSE),VLOOKUP(G46,'Sinapi_Insum-12.2025'!A:E,5,FALSE)))) -> #REF! | M46: =ROUND((1+$N$8)*IF(F46="DER PB",VLOOKUP(G46,DER!A:D,4,FALSE),IF(F46="COMPOSIÇÃO",VLOOKUP(G46,#REF!,8,FALSE),IF(F46="SINAPI PB",VLOOKUP(G46,'Sinapi_Comp-12.2025'!G:K,5,FALSE),VLOOKUP(G46,'Sinapi_Insum-12.2025'!A:E,5,FALSE)))),2) -> #REF! | N46: =ROUND(K46*M46,2) -> #REF! | O46: =N46 -> #REF!
F47: =VLOOKUP(H47,#REF!,2,FALSE) -> #REF! | G47: =VLOOKUP(H47,#REF!,3,FALSE) -> #REF! | H47: =#REF! -> #REF! | I47: =VLOOKUP(H47,#REF!,2,FALSE) -> #REF! | J47: =VLOOKUP(H47,#REF!,14,FALSE) -> #REF! | K47: =ROUND(VLOOKUP(H47,#REF!,13,FALSE),2) -> #REF! | L47: =IF(F47="DER PB",VLOOKUP(G47,DER!A:D,4,FALSE),IF(F47="COMPOSIÇÃO",VLOOKUP(G47,#REF!,8,FALSE),IF(F47="SINAPI PB",VLOOKUP(G47,'Sinapi_Comp-12.2025'!G:K,5,FALSE),VLOOKUP(G47,'Sinapi_Insum-12.2025'!A:E,5,FALSE)))) -> #REF! | M47: =ROUND((1+$N$8)*IF(F47="DER PB",VLOOKUP(G47,DER!A:D,4,FALSE),IF(F47="COMPOSIÇÃO",VLOOKUP(G47,#REF!,8,FALSE),IF(F47="SINAPI PB",VLOOKUP(G47,'Sinapi_Comp-12.2025'!G:K,5,FALSE),VLOOKUP(G47,'Sinapi_Insum-12.2025'!A:E,5,FALSE)))),2) -> #REF! | N47: =ROUND(K47*M47,2) -> #REF! | O47: =N47 -> #REF!
F48: =VLOOKUP(H48,#REF!,2,FALSE) -> #REF! | G48: =VLOOKUP(H48,#REF!,3,FALSE) -> #REF! | H48: =#REF! -> #REF! | I48: =VLOOKUP(H48,#REF!,2,FALSE) -> #REF! | J48: =VLOOKUP(H48,#REF!,14,FALSE) -> #REF! | K48: =ROUND(VLOOKUP(H48,#REF!,13,FALSE),2) -> #REF! | L48: =IF(F48="DER PB",VLOOKUP(G48,DER!A:D,4,FALSE),IF(F48="COMPOSIÇÃO",VLOOKUP(G48,#REF!,8,FALSE),IF(F48="SINAPI PB",VLOOKUP(G48,'Sinapi_Comp-12.2025'!G:K,5,FALSE),VLOOKUP(G48,'Sinapi_Insum-12.2025'!A:E,5,FALSE)))) -> #REF! | M48: =ROUND((1+$N$8)*IF(F48="DER PB",VLOOKUP(G48,DER!A:D,4,FALSE),IF(F48="COMPOSIÇÃO",VLOOKUP(G48,#REF!,8,FALSE),IF(F48="SINAPI PB",VLOOKUP(G48,'Sinapi_Comp-12.2025'!G:K,5,FALSE),VLOOKUP(G48,'Sinapi_Insum-12.2025'!A:E,5,FALSE)))),2) -> #REF! | N48: =ROUND(K48*M48,2) -> #REF! | O48: =N48 -> #REF!
F49: =VLOOKUP(H49,#REF!,2,FALSE) -> #REF! | G49: =VLOOKUP(H49,#REF!,3,FALSE) -> #REF! | H49: =#REF! -> #REF! | I49: =VLOOKUP(H49,#REF!,2,FALSE) -> #REF! | J49: =VLOOKUP(H49,#REF!,14,FALSE) -> #REF! | K49: =ROUND(VLOOKUP(H49,#REF!,13,FALSE),2) -> #REF! | L49: =IF(F49="DER PB",VLOOKUP(G49,DER!A:D,4,FALSE),IF(F49="COMPOSIÇÃO",VLOOKUP(G49,#REF!,8,FALSE),IF(F49="SINAPI PB",VLOOKUP(G49,'Sinapi_Comp-12.2025'!G:K,5,FALSE),VLOOKUP(G49,'Sinapi_Insum-12.2025'!A:E,5,FALSE)))) -> #REF! | M49: =ROUND((1+$N$8)*IF(F49="DER PB",VLOOKUP(G49,DER!A:D,4,FALSE),IF(F49="COMPOSIÇÃO",VLOOKUP(G49,#REF!,8,FALSE),IF(F49="SINAPI PB",VLOOKUP(G49,'Sinapi_Comp-12.2025'!G:K,5,FALSE),VLOOKUP(G49,'Sinapi_Insum-12.2025'!A:E,5,FALSE)))),2) -> #REF! | N49: =ROUND(K49*M49,2) -> #REF! | O49: =N49 -> #REF!
F50: =VLOOKUP(H50,#REF!,2,FALSE) -> #REF! | G50: =VLOOKUP(H50,#REF!,3,FALSE) -> #REF! | H50: =#REF! -> #REF! | I50: =VLOOKUP(H50,#REF!,2,FALSE) -> #REF! | J50: =VLOOKUP(H50,#REF!,14,FALSE) -> #REF! | K50: =ROUND(VLOOKUP(H50,#REF!,13,FALSE),2) -> #REF! | L50: =IF(F50="DER PB",VLOOKUP(G50,DER!A:D,4,FALSE),IF(F50="COMPOSIÇÃO",VLOOKUP(G50,#REF!,8,FALSE),IF(F50="SINAPI PB",VLOOKUP(G50,'Sinapi_Comp-12.2025'!G:K,5,FALSE),VLOOKUP(G50,'Sinapi_Insum-12.2025'!A:E,5,FALSE)))) -> #REF! | M50: =ROUND((1+$N$8)*IF(F50="DER PB",VLOOKUP(G50,DER!A:D,4,FALSE),IF(F50="COMPOSIÇÃO",VLOOKUP(G50,#REF!,8,FALSE),IF(F50="SINAPI PB",VLOOKUP(G50,'Sinapi_Comp-12.2025'!G:K,5,FALSE),VLOOKUP(G50,'Sinapi_Insum-12.2025'!A:E,5,FALSE)))),2) -> #REF! | N50: =ROUND(K50*M50,2) -> #REF! | O50: =N50 -> #REF!
F51: =VLOOKUP(H51,#REF!,2,FALSE) -> #REF! | G51: =VLOOKUP(H51,#REF!,3,FALSE) -> #REF! | H51: =#REF! -> #REF! | I51: =VLOOKUP(H51,#REF!,2,FALSE) -> #REF! | J51: =VLOOKUP(H51,#REF!,14,FALSE) -> #REF! | K51: =ROUND(VLOOKUP(H51,#REF!,13,FALSE),2) -> #REF! | L51: =IF(F51="DER PB",VLOOKUP(G51,DER!A:D,4,FALSE),IF(F51="COMPOSIÇÃO",VLOOKUP(G51,#REF!,8,FALSE),IF(F51="SINAPI PB",VLOOKUP(G51,'Sinapi_Comp-12.2025'!G:K,5,FALSE),VLOOKUP(G51,'Sinapi_Insum-12.2025'!A:E,5,FALSE)))) -> #REF! | M51: =ROUND((1+$N$8)*IF(F51="DER PB",VLOOKUP(G51,DER!A:D,4,FALSE),IF(F51="COMPOSIÇÃO",VLOOKUP(G51,#REF!,8,FALSE),IF(F51="SINAPI PB",VLOOKUP(G51,'Sinapi_Comp-12.2025'!G:K,5,FALSE),VLOOKUP(G51,'Sinapi_Insum-12.2025'!A:E,5,FALSE)))),2) -> #REF! | N51: =ROUND(K51*M51,2) -> #REF! | O51: =N51 -> #REF!
F52: =VLOOKUP(H52,#REF!,2,FALSE) -> #REF! | G52: =VLOOKUP(H52,#REF!,3,FALSE) -> #REF! | H52: =#REF! -> #REF! | I52: =VLOOKUP(H52,#REF!,2,FALSE) -> #REF! | J52: =VLOOKUP(H52,#REF!,14,FALSE) -> #REF! | K52: =ROUND(VLOOKUP(H52,#REF!,13,FALSE),2) -> #REF! | L52: =IF(F52="DER PB",VLOOKUP(G52,DER!A:D,4,FALSE),IF(F52="COMPOSIÇÃO",VLOOKUP(G52,#REF!,8,FALSE),IF(F52="SINAPI PB",VLOOKUP(G52,'Sinapi_Comp-12.2025'!G:K,5,FALSE),VLOOKUP(G52,'Sinapi_Insum-12.2025'!A:E,5,FALSE)))) -> #REF! | M52: =ROUND((1+$N$8)*IF(F52="DER PB",VLOOKUP(G52,DER!A:D,4,FALSE),IF(F52="COMPOSIÇÃO",VLOOKUP(G52,#REF!,8,FALSE),IF(F52="SINAPI PB",VLOOKUP(G52,'Sinapi_Comp-12.2025'!G:K,5,FALSE),VLOOKUP(G52,'Sinapi_Insum-12.2025'!A:E,5,FALSE)))),2) -> #REF! | N52: =ROUND(K52*M52,2) -> #REF! | O52: =N52 -> #REF!
F53: =VLOOKUP(H53,#REF!,2,FALSE) -> #REF! | G53: =VLOOKUP(H53,#REF!,3,FALSE) -> #REF! | H53: =#REF! -> #REF! | I53: =VLOOKUP(H53,#REF!,2,FALSE) -> #REF! | J53: =VLOOKUP(H53,#REF!,14,FALSE) -> #REF! | K53: =ROUND(VLOOKUP(H53,#REF!,13,FALSE),2) -> #REF! | L53: =IF(F53="DER PB",VLOOKUP(G53,DER!A:D,4,FALSE),IF(F53="COMPOSIÇÃO",VLOOKUP(G53,#REF!,8,FALSE),IF(F53="SINAPI PB",VLOOKUP(G53,'Sinapi_Comp-12.2025'!G:K,5,FALSE),VLOOKUP(G53,'Sinapi_Insum-12.2025'!A:E,5,FALSE)))) -> #REF! | M53: =ROUND((1+$N$8)*IF(F53="DER PB",VLOOKUP(G53,DER!A:D,4,FALSE),IF(F53="COMPOSIÇÃO",VLOOKUP(G53,#REF!,8,FALSE),IF(F53="SINAPI PB",VLOOKUP(G53,'Sinapi_Comp-12.2025'!G:K,5,FALSE),VLOOKUP(G53,'Sinapi_Insum-12.2025'!A:E,5,FALSE)))),2) -> #REF! | N53: =ROUND(K53*M53,2) -> #REF! | O53: =N53 -> #REF!
F54: =VLOOKUP(H54,#REF!,2,FALSE) -> #REF! | G54: =VLOOKUP(H54,#REF!,3,FALSE) -> #REF! | H54: =#REF! -> #REF! | I54: =VLOOKUP(H54,#REF!,2,FALSE) -> #REF! | J54: =VLOOKUP(H54,#REF!,14,FALSE) -> #REF! | K54: =ROUND(VLOOKUP(H54,#REF!,13,FALSE),2) -> #REF! | L54: =IF(F54="DER PB",VLOOKUP(G54,DER!A:D,4,FALSE),IF(F54="COMPOSIÇÃO",VLOOKUP(G54,#REF!,8,FALSE),IF(F54="SINAPI PB",VLOOKUP(G54,'Sinapi_Comp-12.2025'!G:K,5,FALSE),VLOOKUP(G54,'Sinapi_Insum-12.2025'!A:E,5,FALSE)))) -> #REF! | M54: =ROUND((1+$N$8)*IF(F54="DER PB",VLOOKUP(G54,DER!A:D,4,FALSE),IF(F54="COMPOSIÇÃO",VLOOKUP(G54,#REF!,8,FALSE),IF(F54="SINAPI PB",VLOOKUP(G54,'Sinapi_Comp-12.2025'!G:K,5,FALSE),VLOOKUP(G54,'Sinapi_Insum-12.2025'!A:E,5,FALSE)))),2) -> #REF! | N54: =ROUND(K54*M54,2) -> #REF! | O54: =N54 -> #REF!
F55: =VLOOKUP(H55,#REF!,2,FALSE) -> #REF! | G55: =VLOOKUP(H55,#REF!,3,FALSE) -> #REF! | H55: =#REF! -> #REF! | I55: =VLOOKUP(H55,#REF!,2,FALSE) -> #REF! | J55: =VLOOKUP(H55,#REF!,14,FALSE) -> #REF! | K55: =ROUND(VLOOKUP(H55,#REF!,13,FALSE),2) -> #REF! | L55: =IF(F55="DER PB",VLOOKUP(G55,DER!A:D,4,FALSE),IF(F55="COMPOSIÇÃO",VLOOKUP(G55,#REF!,8,FALSE),IF(F55="SINAPI PB",VLOOKUP(G55,'Sinapi_Comp-12.2025'!G:K,5,FALSE),VLOOKUP(G55,'Sinapi_Insum-12.2025'!A:E,5,FALSE)))) -> #REF! | M55: =ROUND((1+$N$8)*IF(F55="DER PB",VLOOKUP(G55,DER!A:D,4,FALSE),IF(F55="COMPOSIÇÃO",VLOOKUP(G55,#REF!,8,FALSE),IF(F55="SINAPI PB",VLOOKUP(G55,'Sinapi_Comp-12.2025'!G:K,5,FALSE),VLOOKUP(G55,'Sinapi_Insum-12.2025'!A:E,5,FALSE)))),2) -> #REF! | N55: =ROUND(K55*M55,2) -> #REF! | O55: =N55 -> #REF!
F56: =VLOOKUP(H56,#REF!,2,FALSE) -> #REF! | G56: =VLOOKUP(H56,#REF!,3,FALSE) -> #REF! | H56: =#REF! -> #REF! | I56: =VLOOKUP(H56,#REF!,2,FALSE) -> #REF! | J56: =VLOOKUP(H56,#REF!,14,FALSE) -> #REF! | K56: =ROUND(VLOOKUP(H56,#REF!,13,FALSE),2) -> #REF! | L56: =IF(F56="DER PB",VLOOKUP(G56,DER!A:D,4,FALSE),IF(F56="COMPOSIÇÃO",VLOOKUP(G56,#REF!,8,FALSE),IF(F56="SINAPI PB",VLOOKUP(G56,'Sinapi_Comp-12.2025'!G:K,5,FALSE),VLOOKUP(G56,'Sinapi_Insum-12.2025'!A:E,5,FALSE)))) -> #REF! | M56: =ROUND((1+$N$8)*IF(F56="DER PB",VLOOKUP(G56,DER!A:D,4,FALSE),IF(F56="COMPOSIÇÃO",VLOOKUP(G56,#REF!,8,FALSE),IF(F56="SINAPI PB",VLOOKUP(G56,'Sinapi_Comp-12.2025'!G:K,5,FALSE),VLOOKUP(G56,'Sinapi_Insum-12.2025'!A:E,5,FALSE)))),2) -> #REF! | N56: =ROUND(K56*M56,2) -> #REF! | O56: =N56 -> #REF!
... F70: =VLOOKUP(H70,#REF!,2,FALSE) -> #REF! | G70: =VLOOKUP(H70,#REF!,3,FALSE) -> #REF! | H70: =#REF! -> #REF! | I70: =VLOOKUP(H70,#REF!,2,FALSE) -> #REF! | J70: =VLOOKUP(H70,#REF!,14,FALSE) -> #REF! | K70: =ROUND(VLOOKUP(H70,#REF!,13,FALSE),2) -> #REF! | L70: =IF(F70="DER PB",VLOOKUP(G70,DER!A:D,4,FALSE),IF(F70="COMPOSIÇÃO",VLOOKUP(G70,#REF!,8,FALSE),IF(F70="SINAPI PB",VLOOKUP(G70,'Sinapi_Comp-12.2025'!G:K,5,FALSE),VLOOKUP(G70,'Sinapi_Insum-12.2025'!A:E,5,FALSE)))) -> #REF! | M70: =ROUND((1+$N$8)*IF(F70="DER PB",VLOOKUP(G70,DER!A:D,4,FALSE),IF(F70="COMPOSIÇÃO",VLOOKUP(G70,#REF!,8,FALSE),IF(F70="SINAPI PB",VLOOKUP(G70,'Sinapi_Comp-12.2025'!G:K,5,FALSE),VLOOKUP(G70,'Sinapi_Insum-12.2025'!A:E,5,FALSE)))),2) -> #REF! | N70: =ROUND(K70*M70,2) -> #REF! | O70: =N70 -> #REF!
F71: =VLOOKUP(H71,#REF!,2,FALSE) -> #REF! | G71: =VLOOKUP(H71,#REF!,3,FALSE) -> #REF! | H71: =#REF! -> #REF! | I71: =VLOOKUP(H71,#REF!,2,FALSE) -> #REF! | J71: =VLOOKUP(H71,#REF!,14,FALSE) -> #REF! | K71: =ROUND(VLOOKUP(H71,#REF!,13,FALSE),2) -> #REF! | L71: =IF(F71="DER PB",VLOOKUP(G71,DER!A:D,4,FALSE),IF(F71="COMPOSIÇÃO",VLOOKUP(G71,#REF!,8,FALSE),IF(F71="SINAPI PB",VLOOKUP(G71,'Sinapi_Comp-12.2025'!G:K,5,FALSE),VLOOKUP(G71,'Sinapi_Insum-12.2025'!A:E,5,FALSE)))) -> #REF! | M71: =L71+$N$8*L71 -> #REF! | N71: =ROUND(K71*M71,2) -> #REF! | O71: =N71 -> #REF!
F72: =VLOOKUP(H72,#REF!,2,FALSE) -> #REF! | G72: =VLOOKUP(H72,#REF!,3,FALSE) -> #REF! | H72: =#REF! -> #REF! | I72: =VLOOKUP(H72,#REF!,2,FALSE) -> #REF! | J72: =VLOOKUP(H72,#REF!,14,FALSE) -> #REF! | K72: =ROUND(VLOOKUP(H72,#REF!,13,FALSE),2) -> #REF! | L72: =IF(F72="DER PB",VLOOKUP(G72,DER!A:D,4,FALSE),IF(F72="COMPOSIÇÃO",VLOOKUP(G72,#REF!,8,FALSE),IF(F72="SINAPI PB",VLOOKUP(G72,'Sinapi_Comp-12.2025'!G:K,5,FALSE),VLOOKUP(G72,'Sinapi_Insum-12.2025'!A:E,5,FALSE)))) -> #REF! | M72: =ROUND((1+$N$8)*IF(F72="DER PB",VLOOKUP(G72,DER!A:D,4,FALSE),IF(F72="COMPOSIÇÃO",VLOOKUP(G72,#REF!,8,FALSE),IF(F72="SINAPI PB",VLOOKUP(G72,'Sinapi_Comp-12.2025'!G:K,5,FALSE),VLOOKUP(G72,'Sinapi_Insum-12.2025'!A:E,5,FALSE)))),2) -> #REF! | N72: =ROUND(K72*M72,2) -> #REF! | O72: =N72 -> #REF!
F73: =VLOOKUP(H73,#REF!,2,FALSE) -> #REF! | G73: =VLOOKUP(H73,#REF!,3,FALSE) -> #REF! | H73: =#REF! -> #REF! | I73: =VLOOKUP(H73,#REF!,2,FALSE) -> #REF! | J73: =VLOOKUP(H73,#REF!,14,FALSE) -> #REF! | K73: =ROUND(VLOOKUP(H73,#REF!,13,FALSE),2) -> #REF! | L73: =IF(F73="DER PB",VLOOKUP(G73,DER!A:D,4,FALSE),IF(F73="COMPOSIÇÃO",VLOOKUP(G73,#REF!,8,FALSE),IF(F73="SINAPI PB",VLOOKUP(G73,'Sinapi_Comp-12.2025'!G:K,5,FALSE),VLOOKUP(G73,'Sinapi_Insum-12.2025'!A:E,5,FALSE)))) -> #REF! | M73: =ROUND((1+$N$8)*IF(F73="DER PB",VLOOKUP(G73,DER!A:D,4,FALSE),IF(F73="COMPOSIÇÃO",VLOOKUP(G73,#REF!,8,FALSE),IF(F73="SINAPI PB",VLOOKUP(G73,'Sinapi_Comp-12.2025'!G:K,5,FALSE),VLOOKUP(G73,'Sinapi_Insum-12.2025'!A:E,5,FALSE)))),2) -> #REF! | N73: =ROUND(K73*M73,2) -> #REF! | O73: =N73 -> #REF!
F74: =VLOOKUP(H74,#REF!,2,FALSE) -> #REF! | G74: =VLOOKUP(H74,#REF!,3,FALSE) -> #REF! | H74: =#REF! -> #REF! | I74: =VLOOKUP(H74,#REF!,2,FALSE) -> #REF! | J74: =VLOOKUP(H74,#REF!,14,FALSE) -> #REF! | K74: =ROUND(VLOOKUP(H74,#REF!,13,FALSE),2) -> #REF! | L74: =IF(F74="DER PB",VLOOKUP(G74,DER!A:D,4,FALSE),IF(F74="COMPOSIÇÃO",VLOOKUP(G74,#REF!,8,FALSE),IF(F74="SINAPI PB",VLOOKUP(G74,'Sinapi_Comp-12.2025'!G:K,5,FALSE),VLOOKUP(G74,'Sinapi_Insum-12.2025'!A:E,5,FALSE)))) -> #REF! | M74: =ROUND((1+$N$8)*IF(F74="DER PB",VLOOKUP(G74,DER!A:D,4,FALSE),IF(F74="COMPOSIÇÃO",VLOOKUP(G74,#REF!,8,FALSE),IF(F74="SINAPI PB",VLOOKUP(G74,'Sinapi_Comp-12.2025'!G:K,5,FALSE),VLOOKUP(G74,'Sinapi_Insum-12.2025'!A:E,5,FALSE)))),2) -> #REF! | N74: =ROUND(K74*M74,2) -> #REF! | O74: =N74 -> #REF!
F75: =VLOOKUP(H75,#REF!,2,FALSE) -> #REF! | G75: =VLOOKUP(H75,#REF!,3,FALSE) -> #REF! | H75: =#REF! -> #REF! | I75: =VLOOKUP(H75,#REF!,2,FALSE) -> #REF! | J75: =VLOOKUP(H75,#REF!,14,FALSE) -> #REF! | K75: =ROUND(VLOOKUP(H75,#REF!,13,FALSE),2) -> #REF! | L75: =IF(F75="DER PB",VLOOKUP(G75,DER!A:D,4,FALSE),IF(F75="COMPOSIÇÃO",VLOOKUP(G75,#REF!,8,FALSE),IF(F75="SINAPI PB",VLOOKUP(G75,'Sinapi_Comp-12.2025'!G:K,5,FALSE),VLOOKUP(G75,'Sinapi_Insum-12.2025'!A:E,5,FALSE)))) -> #REF! | M75: =ROUND((1+$N$8)*IF(F75="DER PB",VLOOKUP(G75,DER!A:D,4,FALSE),IF(F75="COMPOSIÇÃO",VLOOKUP(G75,#REF!,8,FALSE),IF(F75="SINAPI PB",VLOOKUP(G75,'Sinapi_Comp-12.2025'!G:K,5,FALSE),VLOOKUP(G75,'Sinapi_Insum-12.2025'!A:E,5,FALSE)))),2) -> #REF! | N75: =ROUND(K75*M75,2) -> #REF! | O75: =N75 -> #REF!
F76: =VLOOKUP(H76,#REF!,2,FALSE) -> #REF! | G76: =VLOOKUP(H76,#REF!,3,FALSE) -> #REF! | H76: =#REF! -> #REF! | I76: =VLOOKUP(H76,#REF!,2,FALSE) -> #REF! | J76: =VLOOKUP(H76,#REF!,14,FALSE) -> #REF! | K76: =ROUND(VLOOKUP(H76,#REF!,13,FALSE),2) -> #REF! | L76: =IF(F76="DER PB",VLOOKUP(G76,DER!A:D,4,FALSE),IF(F76="COMPOSIÇÃO",VLOOKUP(G76,#REF!,8,FALSE),IF(F76="SINAPI PB",VLOOKUP(G76,'Sinapi_Comp-12.2025'!G:K,5,FALSE),VLOOKUP(G76,'Sinapi_Insum-12.2025'!A:E,5,FALSE)))) -> #REF! | M76: =ROUND((1+$N$8)*IF(F76="DER PB",VLOOKUP(G76,DER!A:D,4,FALSE),IF(F76="COMPOSIÇÃO",VLOOKUP(G76,#REF!,8,FALSE),IF(F76="SINAPI PB",VLOOKUP(G76,'Sinapi_Comp-12.2025'!G:K,5,FALSE),VLOOKUP(G76,'Sinapi_Insum-12.2025'!A:E,5,FALSE)))),2) -> #REF! | N76: =ROUND(K76*M76,2) -> #REF! | O76: =N76 -> #REF!
F77: =VLOOKUP(H77,#REF!,2,FALSE) -> #REF! | G77: =VLOOKUP(H77,#REF!,3,FALSE) -> #REF! | H77: =#REF! -> #REF! | I77: =VLOOKUP(H77,#REF!,2,FALSE) -> #REF! | J77: =VLOOKUP(H77,#REF!,14,FALSE) -> #REF! | K77: =ROUND(VLOOKUP(H77,#REF!,13,FALSE),2) -> #REF! | L77: =IF(F77="DER PB",VLOOKUP(G77,DER!A:D,4,FALSE),IF(F77="COMPOSIÇÃO",VLOOKUP(G77,#REF!,8,FALSE),IF(F77="SINAPI PB",VLOOKUP(G77,'Sinapi_Comp-12.2025'!G:K,5,FALSE),VLOOKUP(G77,'Sinapi_Insum-12.2025'!A:E,5,FALSE)))) -> #REF! | M77: =ROUND((1+$N$8)*IF(F77="DER PB",VLOOKUP(G77,DER!A:D,4,FALSE),IF(F77="COMPOSIÇÃO",VLOOKUP(G77,#REF!,8,FALSE),IF(F77="SINAPI PB",VLOOKUP(G77,'Sinapi_Comp-12.2025'!G:K,5,FALSE),VLOOKUP(G77,'Sinapi_Insum-12.2025'!A:E,5,FALSE)))),2) -> #REF! | N77: =ROUND(K77*M77,2) -> #REF! | O77: =N77 -> #REF!
F78: =VLOOKUP(H78,#REF!,2,FALSE) -> #REF! | G78: =VLOOKUP(H78,#REF!,3,FALSE) -> #REF! | H78: =#REF! -> #REF! | I78: =VLOOKUP(H78,#REF!,2,FALSE) -> #REF! | J78: =VLOOKUP(H78,#REF!,14,FALSE) -> #REF! | K78: =ROUND(VLOOKUP(H78,#REF!,13,FALSE),2) -> #REF! | L78: =IF(F78="DER PB",VLOOKUP(G78,DER!A:D,4,FALSE),IF(F78="COMPOSIÇÃO",VLOOKUP(G78,#REF!,8,FALSE),IF(F78="SINAPI PB",VLOOKUP(G78,'Sinapi_Comp-12.2025'!G:K,5,FALSE),VLOOKUP(G78,'Sinapi_Insum-12.2025'!A:E,5,FALSE)))) -> #REF! | M78: =ROUND((1+$N$8)*IF(F78="DER PB",VLOOKUP(G78,DER!A:D,4,FALSE),IF(F78="COMPOSIÇÃO",VLOOKUP(G78,#REF!,8,FALSE),IF(F78="SINAPI PB",VLOOKUP(G78,'Sinapi_Comp-12.2025'!G:K,5,FALSE),VLOOKUP(G78,'Sinapi_Insum-12.2025'!A:E,5,FALSE)))),2) -> #REF! | N78: =ROUND(K78*M78,2) -> #REF! | O78: =N78 -> #REF!
F79: =VLOOKUP(H79,#REF!,2,FALSE) -> #REF! | G79: =VLOOKUP(H79,#REF!,3,FALSE) -> #REF! | H79: =#REF! -> #REF! | I79: =VLOOKUP(H79,#REF!,2,FALSE) -> #REF! | J79: =VLOOKUP(H79,#REF!,14,FALSE) -> #REF! | K79: =ROUND(VLOOKUP(H79,#REF!,13,FALSE),2) -> #REF! | L79: =IF(F79="DER PB",VLOOKUP(G79,DER!A:D,4,FALSE),IF(F79="COMPOSIÇÃO",VLOOKUP(G79,#REF!,8,FALSE),IF(F79="SINAPI PB",VLOOKUP(G79,'Sinapi_Comp-12.2025'!G:K,5,FALSE),VLOOKUP(G79,'Sinapi_Insum-12.2025'!A:E,5,FALSE)))) -> #REF! | M79: =ROUND((1+$N$8)*IF(F79="DER PB",VLOOKUP(G79,DER!A:D,4,FALSE),IF(F79="COMPOSIÇÃO",VLOOKUP(G79,#REF!,8,FALSE),IF(F79="SINAPI PB",VLOOKUP(G79,'Sinapi_Comp-12.2025'!G:K,5,FALSE),VLOOKUP(G79,'Sinapi_Insum-12.2025'!A:E,5,FALSE)))),2) -> #REF! | N79: =ROUND(K79*M79,2) -> #REF! | O79: =N79 -> #REF!
F80: =VLOOKUP(H80,#REF!,2,FALSE) -> #REF! | G80: =VLOOKUP(H80,#REF!,3,FALSE) -> #REF! | H80: =#REF! -> #REF! | I80: =VLOOKUP(H80,#REF!,2,FALSE) -> #REF! | J80: =VLOOKUP(H80,#REF!,14,FALSE) -> #REF! | K80: =ROUND(VLOOKUP(H80,#REF!,13,FALSE),2) -> #REF! | L80: =IF(F80="DER PB",VLOOKUP(G80,DER!A:D,4,FALSE),IF(F80="COMPOSIÇÃO",VLOOKUP(G80,#REF!,8,FALSE),IF(F80="SINAPI PB",VLOOKUP(G80,'Sinapi_Comp-12.2025'!G:K,5,FALSE),VLOOKUP(G80,'Sinapi_Insum-12.2025'!A:E,5,FALSE)))) -> #REF! | M80: =ROUND((1+$N$8)*IF(F80="DER PB",VLOOKUP(G80,DER!A:D,4,FALSE),IF(F80="COMPOSIÇÃO",VLOOKUP(G80,#REF!,8,FALSE),IF(F80="SINAPI PB",VLOOKUP(G80,'Sinapi_Comp-12.2025'!G:K,5,FALSE),VLOOKUP(G80,'Sinapi_Insum-12.2025'!A:E,5,FALSE)))),2) -> #REF! | N80: =ROUND(K80*M80,2) -> #REF! | O80: =N80 -> #REF!
F81: =VLOOKUP(H81,#REF!,2,FALSE) -> #REF! | G81: =VLOOKUP(H81,#REF!,3,FALSE) -> #REF! | H81: =#REF! -> #REF! | I81: =VLOOKUP(H81,#REF!,2,FALSE) -> #REF! | J81: =VLOOKUP(H81,#REF!,14,FALSE) -> #REF! | K81: =ROUND(VLOOKUP(H81,#REF!,13,FALSE),2) -> #REF! | L81: =IF(F81="DER PB",VLOOKUP(G81,DER!A:D,4,FALSE),IF(F81="COMPOSIÇÃO",VLOOKUP(G81,#REF!,8,FALSE),IF(F81="SINAPI PB",VLOOKUP(G81,'Sinapi_Comp-12.2025'!G:K,5,FALSE),VLOOKUP(G81,'Sinapi_Insum-12.2025'!A:E,5,FALSE)))) -> #REF! | M81: =ROUND((1+$N$8)*IF(F81="DER PB",VLOOKUP(G81,DER!A:D,4,FALSE),IF(F81="COMPOSIÇÃO",VLOOKUP(G81,#REF!,8,FALSE),IF(F81="SINAPI PB",VLOOKUP(G81,'Sinapi_Comp-12.2025'!G:K,5,FALSE),VLOOKUP(G81,'Sinapi_Insum-12.2025'!A:E,5,FALSE)))),2) -> #REF! | N81: =ROUND(K81*M81,2) -> #REF! | O81: =N81 -> #REF!
F82: =VLOOKUP(H82,#REF!,2,FALSE) -> #REF! | G82: =VLOOKUP(H82,#REF!,3,FALSE) -> #REF! | H82: =#REF! -> #REF! | I82: =VLOOKUP(H82,#REF!,2,FALSE) -> #REF! | J82: =VLOOKUP(H82,#REF!,14,FALSE) -> #REF! | K82: =ROUND(VLOOKUP(H82,#REF!,13,FALSE),2) -> #REF! | L82: =IF(F82="DER PB",VLOOKUP(G82,DER!A:D,4,FALSE),IF(F82="COMPOSIÇÃO",VLOOKUP(G82,#REF!,8,FALSE),IF(F82="SINAPI PB",VLOOKUP(G82,'Sinapi_Comp-12.2025'!G:K,5,FALSE),VLOOKUP(G82,'Sinapi_Insum-12.2025'!A:E,5,FALSE)))) -> #REF! | M82: =L82+$N$8*L82 -> #REF! | N82: =ROUND(K82*M82,2) -> #REF! | O82: =N82 -> #REF!
F83: =VLOOKUP(H83,#REF!,2,FALSE) -> #REF! | G83: =VLOOKUP(H83,#REF!,3,FALSE) -> #REF! | H83: =#REF! -> #REF! | I83: =VLOOKUP(H83,#REF!,2,FALSE) -> #REF! | J83: =VLOOKUP(H83,#REF!,14,FALSE) -> #REF! | K83: =ROUND(VLOOKUP(H83,#REF!,13,FALSE),2) -> #REF! | L83: =IF(F83="DER PB",VLOOKUP(G83,DER!A:D,4,FALSE),IF(F83="COMPOSIÇÃO",VLOOKUP(G83,#REF!,8,FALSE),IF(F83="SINAPI PB",VLOOKUP(G83,'Sinapi_Comp-12.2025'!G:K,5,FALSE),VLOOKUP(G83,'Sinapi_Insum-12.2025'!A:E,5,FALSE)))) -> #REF! | M83: =ROUND((1+$N$8)*IF(F83="DER PB",VLOOKUP(G83,DER!A:D,4,FALSE),IF(F83="COMPOSIÇÃO",VLOOKUP(G83,#REF!,8,FALSE),IF(F83="SINAPI PB",VLOOKUP(G83,'Sinapi_Comp-12.2025'!G:K,5,FALSE),VLOOKUP(G83,'Sinapi_Insum-12.2025'!A:E,5,FALSE)))),2) -> #REF! | N83: =ROUND(K83*M83,2) -> #REF! | O83: =N83 -> #REF!
F84: =VLOOKUP(H84,#REF!,2,FALSE) -> #REF! | G84: =VLOOKUP(H84,#REF!,3,FALSE) -> #REF! | H84: =#REF! -> #REF! | I84: =VLOOKUP(H84,#REF!,2,FALSE) -> #REF! | J84: =VLOOKUP(H84,#REF!,14,FALSE) -> #REF! | K84: =ROUND(VLOOKUP(H84,#REF!,13,FALSE),2) -> #REF! | L84: =IF(F84="DER PB",VLOOKUP(G84,DER!A:D,4,FALSE),IF(F84="COMPOSIÇÃO",VLOOKUP(G84,#REF!,8,FALSE),IF(F84="SINAPI PB",VLOOKUP(G84,'Sinapi_Comp-12.2025'!G:K,5,FALSE),VLOOKUP(G84,'Sinapi_Insum-12.2025'!A:E,5,FALSE)))) -> #REF! | M84: =ROUND((1+$N$8)*IF(F84="DER PB",VLOOKUP(G84,DER!A:D,4,FALSE),IF(F84="COMPOSIÇÃO",VLOOKUP(G84,#REF!,8,FALSE),IF(F84="SINAPI PB",VLOOKUP(G84,'Sinapi_Comp-12.2025'!G:K,5,FALSE),VLOOKUP(G84,'Sinapi_Insum-12.2025'!A:E,5,FALSE)))),2) -> #REF! | N84: =ROUND(K84*M84,2) -> #REF! | O84: =N84 -> #REF!
F85: =VLOOKUP(H85,#REF!,2,FALSE) -> #REF! | G85: =VLOOKUP(H85,#REF!,3,FALSE) -> #REF! | H85: =#REF! -> #REF! | I85: =VLOOKUP(H85,#REF!,2,FALSE) -> #REF! | J85: =VLOOKUP(H85,#REF!,14,FALSE) -> #REF! | K85: =ROUND(VLOOKUP(H85,#REF!,13,FALSE),2) -> #REF! | L85: =IF(F85="DER PB",VLOOKUP(G85,DER!A:D,4,FALSE),IF(F85="COMPOSIÇÃO",VLOOKUP(G85,#REF!,8,FALSE),IF(F85="SINAPI PB",VLOOKUP(G85,'Sinapi_Comp-12.2025'!G:K,5,FALSE),VLOOKUP(G85,'Sinapi_Insum-12.2025'!A:E,5,FALSE)))) -> #REF! | M85: =ROUND((1+$N$8)*IF(F85="DER PB",VLOOKUP(G85,DER!A:D,4,FALSE),IF(F85="COMPOSIÇÃO",VLOOKUP(G85,#REF!,8,FALSE),IF(F85="SINAPI PB",VLOOKUP(G85,'Sinapi_Comp-12.2025'!G:K,5,FALSE),VLOOKUP(G85,'Sinapi_Insum-12.2025'!A:E,5,FALSE)))),2) -> #REF! | N85: =ROUND(K85*M85,2) -> #REF! | O85: =N85 -> #REF!
F86: =VLOOKUP(H86,#REF!,2,FALSE) -> #REF! | G86: =VLOOKUP(H86,#REF!,3,FALSE) -> #REF! | H86: =#REF! -> #REF! | I86: =VLOOKUP(H86,#REF!,2,FALSE) -> #REF! | J86: =VLOOKUP(H86,#REF!,14,FALSE) -> #REF! | K86: =ROUND(VLOOKUP(H86,#REF!,13,FALSE),2) -> #REF! | L86: =IF(F86="DER PB",VLOOKUP(G86,DER!A:D,4,FALSE),IF(F86="COMPOSIÇÃO",VLOOKUP(G86,#REF!,8,FALSE),IF(F86="SINAPI PB",VLOOKUP(G86,'Sinapi_Comp-12.2025'!G:K,5,FALSE),VLOOKUP(G86,'Sinapi_Insum-12.2025'!A:E,5,FALSE)))) -> #REF! | M86: =ROUND((1+$N$8)*IF(F86="DER PB",VLOOKUP(G86,DER!A:D,4,FALSE),IF(F86="COMPOSIÇÃO",VLOOKUP(G86,#REF!,8,FALSE),IF(F86="SINAPI PB",VLOOKUP(G86,'Sinapi_Comp-12.2025'!G:K,5,FALSE),VLOOKUP(G86,'Sinapi_Insum-12.2025'!A:E,5,FALSE)))),2) -> #REF! | N86: =ROUND(K86*M86,2) -> #REF! | O86: =N86 -> #REF!
F87: =VLOOKUP(H87,#REF!,2,FALSE) -> #REF! | G87: =VLOOKUP(H87,#REF!,3,FALSE) -> #REF! | H87: =#REF! -> #REF! | I87: =VLOOKUP(H87,#REF!,2,FALSE) -> #REF! | J87: =VLOOKUP(H87,#REF!,14,FALSE) -> #REF! | K87: =ROUND(VLOOKUP(H87,#REF!,13,FALSE),2) -> #REF! | L87: =IF(F87="DER PB",VLOOKUP(G87,DER!A:D,4,FALSE),IF(F87="COMPOSIÇÃO",VLOOKUP(G87,#REF!,8,FALSE),IF(F87="SINAPI PB",VLOOKUP(G87,'Sinapi_Comp-12.2025'!G:K,5,FALSE),VLOOKUP(G87,'Sinapi_Insum-12.2025'!A:E,5,FALSE)))) -> #REF! | M87: =ROUND((1+$N$8)*IF(F87="DER PB",VLOOKUP(G87,DER!A:D,4,FALSE),IF(F87="COMPOSIÇÃO",VLOOKUP(G87,#REF!,8,FALSE),IF(F87="SINAPI PB",VLOOKUP(G87,'Sinapi_Comp-12.2025'!G:K,5,FALSE),VLOOKUP(G87,'Sinapi_Insum-12.2025'!A:E,5,FALSE)))),2) -> #REF! | N87: =ROUND(K87*M87,2) -> #REF! | O87: =N87 -> #REF!
F88: =VLOOKUP(H88,#REF!,2,FALSE) -> #REF! | G88: =VLOOKUP(H88,#REF!,3,FALSE) -> #REF! | H88: =#REF! -> #REF! | I88: =VLOOKUP(H88,#REF!,2,FALSE) -> #REF! | J88: =VLOOKUP(H88,#REF!,14,FALSE) -> #REF! | K88: =ROUND(VLOOKUP(H88,#REF!,13,FALSE),2) -> #REF! | L88: =IF(F88="DER PB",VLOOKUP(G88,DER!A:D,4,FALSE),IF(F88="COMPOSIÇÃO",VLOOKUP(G88,#REF!,8,FALSE),IF(F88="SINAPI PB",VLOOKUP(G88,'Sinapi_Comp-12.2025'!G:K,5,FALSE),VLOOKUP(G88,'Sinapi_Insum-12.2025'!A:E,5,FALSE)))) -> #REF! | M88: =ROUND((1+$N$8)*IF(F88="DER PB",VLOOKUP(G88,DER!A:D,4,FALSE),IF(F88="COMPOSIÇÃO",VLOOKUP(G88,#REF!,8,FALSE),IF(F88="SINAPI PB",VLOOKUP(G88,'Sinapi_Comp-12.2025'!G:K,5,FALSE),VLOOKUP(G88,'Sinapi_Insum-12.2025'!A:E,5,FALSE)))),2) -> #REF! | N88: =ROUND(K88*M88,2) -> #REF! | O88: =N88 -> #REF!
F89: =VLOOKUP(H89,#REF!,2,FALSE) -> #REF! | G89: =VLOOKUP(H89,#REF!,3,FALSE) -> #REF! | H89: =#REF! -> #REF! | I89: =VLOOKUP(H89,#REF!,2,FALSE) -> #REF! | J89: =VLOOKUP(H89,#REF!,14,FALSE) -> #REF! | K89: =ROUND(VLOOKUP(H89,#REF!,13,FALSE),2) -> #REF! | L89: =IF(F89="DER PB",VLOOKUP(G89,DER!A:D,4,FALSE),IF(F89="COMPOSIÇÃO",VLOOKUP(G89,#REF!,8,FALSE),IF(F89="SINAPI PB",VLOOKUP(G89,'Sinapi_Comp-12.2025'!G:K,5,FALSE),VLOOKUP(G89,'Sinapi_Insum-12.2025'!A:E,5,FALSE)))) -> #REF! | M89: =ROUND((1+$N$8)*IF(F89="DER PB",VLOOKUP(G89,DER!A:D,4,FALSE),IF(F89="COMPOSIÇÃO",VLOOKUP(G89,#REF!,8,FALSE),IF(F89="SINAPI PB",VLOOKUP(G89,'Sinapi_Comp-12.2025'!G:K,5,FALSE),VLOOKUP(G89,'Sinapi_Insum-12.2025'!A:E,5,FALSE)))),2) -> #REF! | N89: =ROUND(K89*M89,2) -> #REF! | O89: =N89 -> #REF!
F90: =VLOOKUP(H90,#REF!,2,FALSE) -> #REF! | G90: =VLOOKUP(H90,#REF!,3,FALSE) -> #REF! | H90: =#REF! -> #REF! | I90: =VLOOKUP(H90,#REF!,2,FALSE) -> #REF! | J90: =VLOOKUP(H90,#REF!,14,FALSE) -> #REF! | K90: =ROUND(VLOOKUP(H90,#REF!,13,FALSE),2) -> #REF! | L90: =IF(F90="DER PB",VLOOKUP(G90,DER!A:D,4,FALSE),IF(F90="COMPOSIÇÃO",VLOOKUP(G90,#REF!,8,FALSE),IF(F90="SINAPI PB",VLOOKUP(G90,'Sinapi_Comp-12.2025'!G:K,5,FALSE),VLOOKUP(G90,'Sinapi_Insum-12.2025'!A:E,5,FALSE)))) -> #REF! | M90: =L90+$N$8*L90 -> #REF! | N90: =ROUND(K90*M90,2) -> #REF! | O90: =N90 -> #REF!
F91: =VLOOKUP(H91,#REF!,2,FALSE) -> #REF! | G91: =VLOOKUP(H91,#REF!,3,FALSE) -> #REF! | H91: =#REF! -> #REF! | I91: =VLOOKUP(H91,#REF!,2,FALSE) -> #REF! | J91: =VLOOKUP(H91,#REF!,14,FALSE) -> #REF! | K91: =ROUND(VLOOKUP(H91,#REF!,13,FALSE),2) -> #REF! | L91: =IF(F91="DER PB",VLOOKUP(G91,DER!A:D,4,FALSE),IF(F91="COMPOSIÇÃO",VLOOKUP(G91,#REF!,8,FALSE),IF(F91="SINAPI PB",VLOOKUP(G91,'Sinapi_Comp-12.2025'!G:K,5,FALSE),VLOOKUP(G91,'Sinapi_Insum-12.2025'!A:E,5,FALSE)))) -> #REF! | M91: =L91+$N$8*L91 -> #REF! | N91: =ROUND(K91*M91,2) -> #REF! | O91: =N91 -> #REF!
F92: =VLOOKUP(H92,#REF!,2,FALSE) -> #REF! | G92: =VLOOKUP(H92,#REF!,3,FALSE) -> #REF! | H92: =#REF! -> #REF! | I92: =VLOOKUP(H92,#REF!,2,FALSE) -> #REF! | J92: =VLOOKUP(H92,#REF!,14,FALSE) -> #REF! | K92: =ROUND(VLOOKUP(H92,#REF!,13,FALSE),2) -> #REF! | L92: =IF(F92="DER PB",VLOOKUP(G92,DER!A:D,4,FALSE),IF(F92="COMPOSIÇÃO",VLOOKUP(G92,#REF!,8,FALSE),IF(F92="SINAPI PB",VLOOKUP(G92,'Sinapi_Comp-12.2025'!G:K,5,FALSE),VLOOKUP(G92,'Sinapi_Insum-12.2025'!A:E,5,FALSE)))) -> #REF! | M92: =ROUND((1+$N$8)*IF(F92="DER PB",VLOOKUP(G92,DER!A:D,4,FALSE),IF(F92="COMPOSIÇÃO",VLOOKUP(G92,#REF!,8,FALSE),IF(F92="SINAPI PB",VLOOKUP(G92,'Sinapi_Comp-12.2025'!G:K,5,FALSE),VLOOKUP(G92,'Sinapi_Insum-12.2025'!A:E,5,FALSE)))),2) -> #REF! | N92: =ROUND(K92*M92,2) -> #REF! | O92: =N92 -> #REF!
F93: =VLOOKUP(H93,#REF!,2,FALSE) -> #REF! | G93: =VLOOKUP(H93,#REF!,3,FALSE) -> #REF! | H93: =#REF! -> #REF! | I93: =VLOOKUP(H93,#REF!,2,FALSE) -> #REF! | J93: =VLOOKUP(H93,#REF!,14,FALSE) -> #REF! | K93: =ROUND(VLOOKUP(H93,#REF!,13,FALSE),2) -> #REF! | L93: =IF(F93="DER PB",VLOOKUP(G93,DER!A:D,4,FALSE),IF(F93="COMPOSIÇÃO",VLOOKUP(G93,#REF!,8,FALSE),IF(F93="SINAPI PB",VLOOKUP(G93,'Sinapi_Comp-12.2025'!G:K,5,FALSE),VLOOKUP(G93,'Sinapi_Insum-12.2025'!A:E,5,FALSE)))) -> #REF! | M93: =ROUND((1+$N$8)*IF(F93="DER PB",VLOOKUP(G93,DER!A:D,4,FALSE),IF(F93="COMPOSIÇÃO",VLOOKUP(G93,#REF!,8,FALSE),IF(F93="SINAPI PB",VLOOKUP(G93,'Sinapi_Comp-12.2025'!G:K,5,FALSE),VLOOKUP(G93,'Sinapi_Insum-12.2025'!A:E,5,FALSE)))),2) -> #REF! | N93: =ROUND(K93*M93,2) -> #REF! | O93: =N93 -> #REF!
F94: =VLOOKUP(H94,#REF!,2,FALSE) -> #REF! | G94: =VLOOKUP(H94,#REF!,3,FALSE) -> #REF! | H94: =#REF! -> #REF! | I94: =VLOOKUP(H94,#REF!,2,FALSE) -> #REF! | J94: =VLOOKUP(H94,#REF!,14,FALSE) -> #REF! | K94: =ROUND(VLOOKUP(H94,#REF!,13,FALSE),2) -> #REF! | L94: =IF(F94="DER PB",VLOOKUP(G94,DER!A:D,4,FALSE),IF(F94="COMPOSIÇÃO",VLOOKUP(G94,#REF!,8,FALSE),IF(F94="SINAPI PB",VLOOKUP(G94,'Sinapi_Comp-12.2025'!G:K,5,FALSE),VLOOKUP(G94,'Sinapi_Insum-12.2025'!A:E,5,FALSE)))) -> #REF! | M94: =ROUND((1+$N$8)*IF(F94="DER PB",VLOOKUP(G94,DER!A:D,4,FALSE),IF(F94="COMPOSIÇÃO",VLOOKUP(G94,#REF!,8,FALSE),IF(F94="SINAPI PB",VLOOKUP(G94,'Sinapi_Comp-12.2025'!G:K,5,FALSE),VLOOKUP(G94,'Sinapi_Insum-12.2025'!A:E,5,FALSE)))),2) -> #REF! | N94: =ROUND(K94*M94,2) -> #REF! | O94: =N94 -> #REF!
F95: =VLOOKUP(H95,#REF!,2,FALSE) -> #REF! | G95: =VLOOKUP(H95,#REF!,3,FALSE) -> #REF! | H95: =#REF! -> #REF! | I95: =VLOOKUP(H95,#REF!,2,FALSE) -> #REF! | J95: =VLOOKUP(H95,#REF!,14,FALSE) -> #REF! | K95: =ROUND(VLOOKUP(H95,#REF!,13,FALSE),2) -> #REF! | L95: =IF(F95="DER PB",VLOOKUP(G95,DER!A:D,4,FALSE),IF(F95="COMPOSIÇÃO",VLOOKUP(G95,#REF!,8,FALSE),IF(F95="SINAPI PB",VLOOKUP(G95,'Sinapi_Comp-12.2025'!G:K,5,FALSE),VLOOKUP(G95,'Sinapi_Insum-12.2025'!A:E,5,FALSE)))) -> #REF! | M95: =ROUND((1+$N$8)*IF(F95="DER PB",VLOOKUP(G95,DER!A:D,4,FALSE),IF(F95="COMPOSIÇÃO",VLOOKUP(G95,#REF!,8,FALSE),IF(F95="SINAPI PB",VLOOKUP(G95,'Sinapi_Comp-12.2025'!G:K,5,FALSE),VLOOKUP(G95,'Sinapi_Insum-12.2025'!A:E,5,FALSE)))),2) -> #REF! | N95: =ROUND(K95*M95,2) -> #REF! | O95: =N95 -> #REF!
F96: =VLOOKUP(H96,#REF!,2,FALSE) -> #REF! | G96: =VLOOKUP(H96,#REF!,3,FALSE) -> #REF! | H96: =#REF! -> #REF! | I96: =VLOOKUP(H96,#REF!,2,FALSE) -> #REF! | J96: =VLOOKUP(H96,#REF!,14,FALSE) -> #REF! | K96: =ROUND(VLOOKUP(H96,#REF!,13,FALSE),2) -> #REF! | L96: =IF(F96="DER PB",VLOOKUP(G96,DER!A:D,4,FALSE),IF(F96="COMPOSIÇÃO",VLOOKUP(G96,#REF!,8,FALSE),IF(F96="SINAPI PB",VLOOKUP(G96,'Sinapi_Comp-12.2025'!G:K,5,FALSE),VLOOKUP(G96,'Sinapi_Insum-12.2025'!A:E,5,FALSE)))) -> #REF! | M96: =ROUND((1+$N$8)*IF(F96="DER PB",VLOOKUP(G96,DER!A:D,4,FALSE),IF(F96="COMPOSIÇÃO",VLOOKUP(G96,#REF!,8,FALSE),IF(F96="SINAPI PB",VLOOKUP(G96,'Sinapi_Comp-12.2025'!G:K,5,FALSE),VLOOKUP(G96,'Sinapi_Insum-12.2025'!A:E,5,FALSE)))),2) -> #REF! | N96: =ROUND(K96*M96,2) -> #REF! | O96: =N96 -> #REF!
F97: =VLOOKUP(H97,#REF!,2,FALSE) -> #REF! | G97: =VLOOKUP(H97,#REF!,3,FALSE) -> #REF! | H97: =#REF! -> #REF! | I97: =VLOOKUP(H97,#REF!,2,FALSE) -> #REF! | J97: =VLOOKUP(H97,#REF!,14,FALSE) -> #REF! | K97: =ROUND(VLOOKUP(H97,#REF!,13,FALSE),2) -> #REF! | L97: =IF(F97="DER PB",VLOOKUP(G97,DER!A:D,4,FALSE),IF(F97="COMPOSIÇÃO",VLOOKUP(G97,#REF!,8,FALSE),IF(F97="SINAPI PB",VLOOKUP(G97,'Sinapi_Comp-12.2025'!G:K,5,FALSE),VLOOKUP(G97,'Sinapi_Insum-12.2025'!A:E,5,FALSE)))) -> #REF! | M97: =ROUND((1+$N$8)*IF(F97="DER PB",VLOOKUP(G97,DER!A:D,4,FALSE),IF(F97="COMPOSIÇÃO",VLOOKUP(G97,#REF!,8,FALSE),IF(F97="SINAPI PB",VLOOKUP(G97,'Sinapi_Comp-12.2025'!G:K,5,FALSE),VLOOKUP(G97,'Sinapi_Insum-12.2025'!A:E,5,FALSE)))),2) -> #REF! | N97: =ROUND(K97*M97,2) -> #REF! | O97: =N97 -> #REF!
F98: =VLOOKUP(H98,#REF!,2,FALSE) -> #REF! | G98: =VLOOKUP(H98,#REF!,3,FALSE) -> #REF! | H98: =#REF! -> #REF! | I98: =VLOOKUP(H98,#REF!,2,FALSE) -> #REF! | J98: =VLOOKUP(H98,#REF!,14,FALSE) -> #REF! | K98: =ROUND(VLOOKUP(H98,#REF!,13,FALSE),2) -> #REF! | L98: =IF(F98="DER PB",VLOOKUP(G98,DER!A:D,4,FALSE),IF(F98="COMPOSIÇÃO",VLOOKUP(G98,#REF!,8,FALSE),IF(F98="SINAPI PB",VLOOKUP(G98,'Sinapi_Comp-12.2025'!G:K,5,FALSE),VLOOKUP(G98,'Sinapi_Insum-12.2025'!A:E,5,FALSE)))) -> #REF! | M98: =ROUND((1+$N$8)*IF(F98="DER PB",VLOOKUP(G98,DER!A:D,4,FALSE),IF(F98="COMPOSIÇÃO",VLOOKUP(G98,#REF!,8,FALSE),IF(F98="SINAPI PB",VLOOKUP(G98,'Sinapi_Comp-12.2025'!G:K,5,FALSE),VLOOKUP(G98,'Sinapi_Insum-12.2025'!A:E,5,FALSE)))),2) -> #REF! | N98: =ROUND(K98*M98,2) -> #REF! | O98: =N98 -> #REF!
F99: =VLOOKUP(H99,#REF!,2,FALSE) -> #REF! | G99: =VLOOKUP(H99,#REF!,3,FALSE) -> #REF! | H99: =#REF! -> #REF! | I99: =VLOOKUP(H99,#REF!,2,FALSE) -> #REF! | J99: =VLOOKUP(H99,#REF!,14,FALSE) -> #REF! | K99: =ROUND(VLOOKUP(H99,#REF!,13,FALSE),2) -> #REF! | L99: =IF(F99="DER PB",VLOOKUP(G99,DER!A:D,4,FALSE),IF(F99="COMPOSIÇÃO",VLOOKUP(G99,#REF!,8,FALSE),IF(F99="SINAPI PB",VLOOKUP(G99,'Sinapi_Comp-12.2025'!G:K,5,FALSE),VLOOKUP(G99,'Sinapi_Insum-12.2025'!A:E,5,FALSE)))) -> #REF! | M99: =L99+$N$8*L99 -> #REF! | N99: =ROUND(K99*M99,2) -> #REF! | O99: =N99 -> #REF!
F100: =VLOOKUP(H100,#REF!,2,FALSE) -> #REF! | G100: =VLOOKUP(H100,#REF!,3,FALSE) -> #REF! | H100: =#REF! -> #REF! | I100: =VLOOKUP(H100,#REF!,2,FALSE) -> #REF! | J100: =VLOOKUP(H100,#REF!,14,FALSE) -> #REF! | K100: =ROUND(VLOOKUP(H100,#REF!,13,FALSE),2) -> #REF! | L100: =IF(F100="DER PB",VLOOKUP(G100,DER!A:D,4,FALSE),IF(F100="COMPOSIÇÃO",VLOOKUP(G100,#REF!,8,FALSE),IF(F100="SINAPI PB",VLOOKUP(G100,'Sinapi_Comp-12.2025'!G:K,5,FALSE),VLOOKUP(G100,'Sinapi_Insum-12.2025'!A:E,5,FALSE)))) -> #REF! | M100: =ROUND((1+$N$8)*IF(F100="DER PB",VLOOKUP(G100,DER!A:D,4,FALSE),IF(F100="COMPOSIÇÃO",VLOOKUP(G100,#REF!,8,FALSE),IF(F100="SINAPI PB",VLOOKUP(G100,'Sinapi_Comp-12.2025'!G:K,5,FALSE),VLOOKUP(G100,'Sinapi_Insum-12.2025'!A:E,5,FALSE)))),2) -> #REF! | N100: =ROUND(K100*M100,2) -> #REF! | O100: =N100 -> #REF!
F101: =VLOOKUP(H101,#REF!,2,FALSE) -> #REF! | G101: =VLOOKUP(H101,#REF!,3,FALSE) -> #REF! | H101: =#REF! -> #REF! | I101: =VLOOKUP(H101,#REF!,2,FALSE) -> #REF! | J101: =VLOOKUP(H101,#REF!,14,FALSE) -> #REF! | K101: =ROUND(VLOOKUP(H101,#REF!,13,FALSE),2) -> #REF! | L101: =IF(F101="DER PB",VLOOKUP(G101,DER!A:D,4,FALSE),IF(F101="COMPOSIÇÃO",VLOOKUP(G101,#REF!,8,FALSE),IF(F101="SINAPI PB",VLOOKUP(G101,'Sinapi_Comp-12.2025'!G:K,5,FALSE),VLOOKUP(G101,'Sinapi_Insum-12.2025'!A:E,5,FALSE)))) -> #REF! | M101: =ROUND((1+$N$8)*IF(F101="DER PB",VLOOKUP(G101,DER!A:D,4,FALSE),IF(F101="COMPOSIÇÃO",VLOOKUP(G101,#REF!,8,FALSE),IF(F101="SINAPI PB",VLOOKUP(G101,'Sinapi_Comp-12.2025'!G:K,5,FALSE),VLOOKUP(G101,'Sinapi_Insum-12.2025'!A:E,5,FALSE)))),2) -> #REF! | N101: =ROUND(K101*M101,2) -> #REF! | O101: =N101 -> #REF!
F102: =VLOOKUP(H102,#REF!,2,FALSE) -> #REF! | G102: =VLOOKUP(H102,#REF!,3,FALSE) -> #REF! | H102: =#REF! -> #REF! | I102: =VLOOKUP(H102,#REF!,2,FALSE) -> #REF! | J102: =VLOOKUP(H102,#REF!,14,FALSE) -> #REF! | K102: =ROUND(VLOOKUP(H102,#REF!,13,FALSE),2) -> #REF! | L102: =IF(F102="DER PB",VLOOKUP(G102,DER!A:D,4,FALSE),IF(F102="COMPOSIÇÃO",VLOOKUP(G102,#REF!,8,FALSE),IF(F102="SINAPI PB",VLOOKUP(G102,'Sinapi_Comp-12.2025'!G:K,5,FALSE),VLOOKUP(G102,'Sinapi_Insum-12.2025'!A:E,5,FALSE)))) -> #REF! | M102: =ROUND((1+$N$8)*IF(F102="DER PB",VLOOKUP(G102,DER!A:D,4,FALSE),IF(F102="COMPOSIÇÃO",VLOOKUP(G102,#REF!,8,FALSE),IF(F102="SINAPI PB",VLOOKUP(G102,'Sinapi_Comp-12.2025'!G:K,5,FALSE),VLOOKUP(G102,'Sinapi_Insum-12.2025'!A:E,5,FALSE)))),2) -> #REF! | N102: =ROUND(K102*M102,2) -> #REF! | O102: =N102 -> #REF!
F103: =VLOOKUP(H103,#REF!,2,FALSE) -> #REF! | G103: =VLOOKUP(H103,#REF!,3,FALSE) -> #REF! | H103: =#REF! -> #REF! | I103: =VLOOKUP(H103,#REF!,2,FALSE) -> #REF! | J103: =VLOOKUP(H103,#REF!,14,FALSE) -> #REF! | K103: =ROUND(VLOOKUP(H103,#REF!,13,FALSE),2) -> #REF! | L103: =IF(F103="DER PB",VLOOKUP(G103,DER!A:D,4,FALSE),IF(F103="COMPOSIÇÃO",VLOOKUP(G103,#REF!,8,FALSE),IF(F103="SINAPI PB",VLOOKUP(G103,'Sinapi_Comp-12.2025'!G:K,5,FALSE),VLOOKUP(G103,'Sinapi_Insum-12.2025'!A:E,5,FALSE)))) -> #REF! | M103: =ROUND((1+$N$8)*IF(F103="DER PB",VLOOKUP(G103,DER!A:D,4,FALSE),IF(F103="COMPOSIÇÃO",VLOOKUP(G103,#REF!,8,FALSE),IF(F103="SINAPI PB",VLOOKUP(G103,'Sinapi_Comp-12.2025'!G:K,5,FALSE),VLOOKUP(G103,'Sinapi_Insum-12.2025'!A:E,5,FALSE)))),2) -> #REF! | N103: =ROUND(K103*M103,2) -> #REF! | O103: =N103 -> #REF!
F104: =VLOOKUP(H104,#REF!,2,FALSE) -> #REF! | G104: =VLOOKUP(H104,#REF!,3,FALSE) -> #REF! | H104: =#REF! -> #REF! | I104: =VLOOKUP(H104,#REF!,2,FALSE) -> #REF! | J104: =VLOOKUP(H104,#REF!,14,FALSE) -> #REF! | K104: =ROUND(VLOOKUP(H104,#REF!,13,FALSE),2) -> #REF! | L104: =IF(F104="DER PB",VLOOKUP(G104,DER!A:D,4,FALSE),IF(F104="COMPOSIÇÃO",VLOOKUP(G104,#REF!,8,FALSE),IF(F104="SINAPI PB",VLOOKUP(G104,'Sinapi_Comp-12.2025'!G:K,5,FALSE),VLOOKUP(G104,'Sinapi_Insum-12.2025'!A:E,5,FALSE)))) -> #REF! | M104: =ROUND((1+$N$8)*IF(F104="DER PB",VLOOKUP(G104,DER!A:D,4,FALSE),IF(F104="COMPOSIÇÃO",VLOOKUP(G104,#REF!,8,FALSE),IF(F104="SINAPI PB",VLOOKUP(G104,'Sinapi_Comp-12.2025'!G:K,5,FALSE),VLOOKUP(G104,'Sinapi_Insum-12.2025'!A:E,5,FALSE)))),2) -> #REF! | N104: =ROUND(K104*M104,2) -> #REF! | O104: =N104 -> #REF!
F105: =VLOOKUP(H105,#REF!,2,FALSE) -> #REF! | G105: =VLOOKUP(H105,#REF!,3,FALSE) -> #REF! | H105: =#REF! -> #REF! | I105: =VLOOKUP(H105,#REF!,2,FALSE) -> #REF! | J105: =VLOOKUP(H105,#REF!,14,FALSE) -> #REF! | K105: =ROUND(VLOOKUP(H105,#REF!,13,FALSE),2) -> #REF! | L105: =IF(F105="DER PB",VLOOKUP(G105,DER!A:D,4,FALSE),IF(F105="COMPOSIÇÃO",VLOOKUP(G105,#REF!,8,FALSE),IF(F105="SINAPI PB",VLOOKUP(G105,'Sinapi_Comp-12.2025'!G:K,5,FALSE),VLOOKUP(G105,'Sinapi_Insum-12.2025'!A:E,5,FALSE)))) -> #REF! | M105: =ROUND((1+$N$8)*IF(F105="DER PB",VLOOKUP(G105,DER!A:D,4,FALSE),IF(F105="COMPOSIÇÃO",VLOOKUP(G105,#REF!,8,FALSE),IF(F105="SINAPI PB",VLOOKUP(G105,'Sinapi_Comp-12.2025'!G:K,5,FALSE),VLOOKUP(G105,'Sinapi_Insum-12.2025'!A:E,5,FALSE)))),2) -> #REF! | N105: =ROUND(K105*M105,2) -> #REF! | O105: =N105 -> #REF!
F106: =VLOOKUP(H106,#REF!,2,FALSE) -> #REF! | G106: =VLOOKUP(H106,#REF!,3,FALSE) -> #REF! | H106: =#REF! -> #REF! | I106: =VLOOKUP(H106,#REF!,2,FALSE) -> #REF! | J106: =VLOOKUP(H106,#REF!,14,FALSE) -> #REF! | K106: =ROUND(VLOOKUP(H106,#REF!,13,FALSE),2) -> #REF! | L106: =IF(F106="DER PB",VLOOKUP(G106,DER!A:D,4,FALSE),IF(F106="COMPOSIÇÃO",VLOOKUP(G106,#REF!,8,FALSE),IF(F106="SINAPI PB",VLOOKUP(G106,'Sinapi_Comp-12.2025'!G:K,5,FALSE),VLOOKUP(G106,'Sinapi_Insum-12.2025'!A:E,5,FALSE)))) -> #REF! | M106: =ROUND((1+$N$8)*IF(F106="DER PB",VLOOKUP(G106,DER!A:D,4,FALSE),IF(F106="COMPOSIÇÃO",VLOOKUP(G106,#REF!,8,FALSE),IF(F106="SINAPI PB",VLOOKUP(G106,'Sinapi_Comp-12.2025'!G:K,5,FALSE),VLOOKUP(G106,'Sinapi_Insum-12.2025'!A:E,5,FALSE)))),2) -> #REF! | N106: =ROUND(K106*M106,2) -> #REF! | O106: =N106 -> #REF!
F107: =VLOOKUP(H107,#REF!,2,FALSE) -> #REF! | G107: =VLOOKUP(H107,#REF!,3,FALSE) -> #REF! | H107: =#REF! -> #REF! | I107: =VLOOKUP(H107,#REF!,2,FALSE) -> #REF! | J107: =VLOOKUP(H107,#REF!,14,FALSE) -> #REF! | K107: =ROUND(VLOOKUP(H107,#REF!,13,FALSE),2) -> #REF! | L107: =IF(F107="DER PB",VLOOKUP(G107,DER!A:D,4,FALSE),IF(F107="COMPOSIÇÃO",VLOOKUP(G107,#REF!,8,FALSE),IF(F107="SINAPI PB",VLOOKUP(G107,'Sinapi_Comp-12.2025'!G:K,5,FALSE),VLOOKUP(G107,'Sinapi_Insum-12.2025'!A:E,5,FALSE)))) -> #REF! | M107: =L107+$N$8*L107 -> #REF! | N107: =ROUND(K107*M107,2) -> #REF! | O107: =N107 -> #REF!
F108: =VLOOKUP(H108,#REF!,2,FALSE) -> #REF! | G108: =VLOOKUP(H108,#REF!,3,FALSE) -> #REF! | H108: =#REF! -> #REF! | I108: =VLOOKUP(H108,#REF!,2,FALSE) -> #REF! | J108: =VLOOKUP(H108,#REF!,14,FALSE) -> #REF! | K108: =ROUND(VLOOKUP(H108,#REF!,13,FALSE),2) -> #REF! | L108: =IF(F108="DER PB",VLOOKUP(G108,DER!A:D,4,FALSE),IF(F108="COMPOSIÇÃO",VLOOKUP(G108,#REF!,8,FALSE),IF(F108="SINAPI PB",VLOOKUP(G108,'Sinapi_Comp-12.2025'!G:K,5,FALSE),VLOOKUP(G108,'Sinapi_Insum-12.2025'!A:E,5,FALSE)))) -> #REF! | M108: =ROUND((1+$N$8)*IF(F108="DER PB",VLOOKUP(G108,DER!A:D,4,FALSE),IF(F108="COMPOSIÇÃO",VLOOKUP(G108,#REF!,8,FALSE),IF(F108="SINAPI PB",VLOOKUP(G108,'Sinapi_Comp-12.2025'!G:K,5,FALSE),VLOOKUP(G108,'Sinapi_Insum-12.2025'!A:E,5,FALSE)))),2) -> #REF! | N108: =ROUND(K108*M108,2) -> #REF! | O108: =N108 -> #REF!
F109: =VLOOKUP(H109,#REF!,2,FALSE) -> #REF! | G109: =VLOOKUP(H109,#REF!,3,FALSE) -> #REF! | H109: =#REF! -> #REF! | I109: =VLOOKUP(H109,#REF!,2,FALSE) -> #REF! | J109: =VLOOKUP(H109,#REF!,14,FALSE) -> #REF! | K109: =ROUND(VLOOKUP(H109,#REF!,13,FALSE),2) -> #REF! | L109: =IF(F109="DER PB",VLOOKUP(G109,DER!A:D,4,FALSE),IF(F109="COMPOSIÇÃO",VLOOKUP(G109,#REF!,8,FALSE),IF(F109="SINAPI PB",VLOOKUP(G109,'Sinapi_Comp-12.2025'!G:K,5,FALSE),VLOOKUP(G109,'Sinapi_Insum-12.2025'!A:E,5,FALSE)))) -> #REF! | M109: =ROUND((1+$N$8)*IF(F109="DER PB",VLOOKUP(G109,DER!A:D,4,FALSE),IF(F109="COMPOSIÇÃO",VLOOKUP(G109,#REF!,8,FALSE),IF(F109="SINAPI PB",VLOOKUP(G109,'Sinapi_Comp-12.2025'!G:K,5,FALSE),VLOOKUP(G109,'Sinapi_Insum-12.2025'!A:E,5,FALSE)))),2) -> #REF! | N109: =ROUND(K109*M109,2) -> #REF! | O109: =N109 -> #REF!
F110: =VLOOKUP(H110,#REF!,2,FALSE) -> #REF! | G110: =VLOOKUP(H110,#REF!,3,FALSE) -> #REF! | H110: =#REF! -> #REF! | I110: =VLOOKUP(H110,#REF!,2,FALSE) -> #REF! | J110: =VLOOKUP(H110,#REF!,14,FALSE) -> #REF! | K110: =ROUND(VLOOKUP(H110,#REF!,13,FALSE),2) -> #REF! | L110: =IF(F110="DER PB",VLOOKUP(G110,DER!A:D,4,FALSE),IF(F110="COMPOSIÇÃO",VLOOKUP(G110,#REF!,8,FALSE),IF(F110="SINAPI PB",VLOOKUP(G110,'Sinapi_Comp-12.2025'!G:K,5,FALSE),VLOOKUP(G110,'Sinapi_Insum-12.2025'!A:E,5,FALSE)))) -> #REF! | M110: =ROUND((1+$N$8)*IF(F110="DER PB",VLOOKUP(G110,DER!A:D,4,FALSE),IF(F110="COMPOSIÇÃO",VLOOKUP(G110,#REF!,8,FALSE),IF(F110="SINAPI PB",VLOOKUP(G110,'Sinapi_Comp-12.2025'!G:K,5,FALSE),VLOOKUP(G110,'Sinapi_Insum-12.2025'!A:E,5,FALSE)))),2) -> #REF! | N110: =ROUND(K110*M110,2) -> #REF! | O110: =N110 -> #REF!
F111: =VLOOKUP(H111,#REF!,2,FALSE) -> #REF! | G111: =VLOOKUP(H111,#REF!,3,FALSE) -> #REF! | H111: =#REF! -> #REF! | I111: =VLOOKUP(H111,#REF!,2,FALSE) -> #REF! | J111: =VLOOKUP(H111,#REF!,14,FALSE) -> #REF! | K111: =ROUND(VLOOKUP(H111,#REF!,13,FALSE),2) -> #REF! | L111: =IF(F111="DER PB",VLOOKUP(G111,DER!A:D,4,FALSE),IF(F111="COMPOSIÇÃO",VLOOKUP(G111,#REF!,8,FALSE),IF(F111="SINAPI PB",VLOOKUP(G111,'Sinapi_Comp-12.2025'!G:K,5,FALSE),VLOOKUP(G111,'Sinapi_Insum-12.2025'!A:E,5,FALSE)))) -> #REF! | M111: =ROUND((1+$N$8)*IF(F111="DER PB",VLOOKUP(G111,DER!A:D,4,FALSE),IF(F111="COMPOSIÇÃO",VLOOKUP(G111,#REF!,8,FALSE),IF(F111="SINAPI PB",VLOOKUP(G111,'Sinapi_Comp-12.2025'!G:K,5,FALSE),VLOOKUP(G111,'Sinapi_Insum-12.2025'!A:E,5,FALSE)))),2) -> #REF! | N111: =ROUND(K111*M111,2) -> #REF! | O111: =N111 -> #REF!
F112: =VLOOKUP(H112,#REF!,2,FALSE) -> #REF! | G112: =VLOOKUP(H112,#REF!,3,FALSE) -> #REF! | H112: =#REF! -> #REF! | I112: =VLOOKUP(H112,#REF!,2,FALSE) -> #REF! | J112: =VLOOKUP(H112,#REF!,14,FALSE) -> #REF! | K112: =ROUND(VLOOKUP(H112,#REF!,13,FALSE),2) -> #REF! | L112: =IF(F112="DER PB",VLOOKUP(G112,DER!A:D,4,FALSE),IF(F112="COMPOSIÇÃO",VLOOKUP(G112,#REF!,8,FALSE),IF(F112="SINAPI PB",VLOOKUP(G112,'Sinapi_Comp-12.2025'!G:K,5,FALSE),VLOOKUP(G112,'Sinapi_Insum-12.2025'!A:E,5,FALSE)))) -> #REF! | M112: =ROUND((1+$N$8)*IF(F112="DER PB",VLOOKUP(G112,DER!A:D,4,FALSE),IF(F112="COMPOSIÇÃO",VLOOKUP(G112,#REF!,8,FALSE),IF(F112="SINAPI PB",VLOOKUP(G112,'Sinapi_Comp-12.2025'!G:K,5,FALSE),VLOOKUP(G112,'Sinapi_Insum-12.2025'!A:E,5,FALSE)))),2) -> #REF! | N112: =ROUND(K112*M112,2) -> #REF! | O112: =N112 -> #REF!
F113: =VLOOKUP(H113,#REF!,2,FALSE) -> #REF! | G113: =VLOOKUP(H113,#REF!,3,FALSE) -> #REF! | H113: =#REF! -> #REF! | I113: =VLOOKUP(H113,#REF!,2,FALSE) -> #REF! | J113: =VLOOKUP(H113,#REF!,14,FALSE) -> #REF! | K113: =ROUND(VLOOKUP(H113,#REF!,13,FALSE),2) -> #REF! | L113: =IF(F113="DER PB",VLOOKUP(G113,DER!A:D,4,FALSE),IF(F113="COMPOSIÇÃO",VLOOKUP(G113,#REF!,8,FALSE),IF(F113="SINAPI PB",VLOOKUP(G113,'Sinapi_Comp-12.2025'!G:K,5,FALSE),VLOOKUP(G113,'Sinapi_Insum-12.2025'!A:E,5,FALSE)))) -> #REF! | M113: =ROUND((1+$N$8)*IF(F113="DER PB",VLOOKUP(G113,DER!A:D,4,FALSE),IF(F113="COMPOSIÇÃO",VLOOKUP(G113,#REF!,8,FALSE),IF(F113="SINAPI PB",VLOOKUP(G113,'Sinapi_Comp-12.2025'!G:K,5,FALSE),VLOOKUP(G113,'Sinapi_Insum-12.2025'!A:E,5,FALSE)))),2) -> #REF! | N113: =ROUND(K113*M113,2) -> #REF! | O113: =N113 -> #REF!
F114: =VLOOKUP(H114,#REF!,2,FALSE) -> #REF! | G114: =VLOOKUP(H114,#REF!,3,FALSE) -> #REF! | H114: =#REF! -> #REF! | I114: =VLOOKUP(H114,#REF!,2,FALSE) -> #REF! | J114: =VLOOKUP(H114,#REF!,14,FALSE) -> #REF! | K114: =ROUND(VLOOKUP(H114,#REF!,13,FALSE),2) -> #REF! | L114: =IF(F114="DER PB",VLOOKUP(G114,DER!A:D,4,FALSE),IF(F114="COMPOSIÇÃO",VLOOKUP(G114,#REF!,8,FALSE),IF(F114="SINAPI PB",VLOOKUP(G114,'Sinapi_Comp-12.2025'!G:K,5,FALSE),VLOOKUP(G114,'Sinapi_Insum-12.2025'!A:E,5,FALSE)))) -> #REF! | M114: =ROUND((1+$N$8)*IF(F114="DER PB",VLOOKUP(G114,DER!A:D,4,FALSE),IF(F114="COMPOSIÇÃO",VLOOKUP(G114,#REF!,8,FALSE),IF(F114="SINAPI PB",VLOOKUP(G114,'Sinapi_Comp-12.2025'!G:K,5,FALSE),VLOOKUP(G114,'Sinapi_Insum-12.2025'!A:E,5,FALSE)))),2) -> #REF! | N114: =ROUND(K114*M114,2) -> #REF! | O114: =N114 -> #REF!
F115: =VLOOKUP(H115,#REF!,2,FALSE) -> #REF! | G115: =VLOOKUP(H115,#REF!,3,FALSE) -> #REF! | H115: =#REF! -> #REF! | I115: =VLOOKUP(H115,#REF!,2,FALSE) -> #REF! | J115: =VLOOKUP(H115,#REF!,14,FALSE) -> #REF! | K115: =ROUND(VLOOKUP(H115,#REF!,13,FALSE),2) -> #REF! | L115: =IF(F115="DER PB",VLOOKUP(G115,DER!A:D,4,FALSE),IF(F115="COMPOSIÇÃO",VLOOKUP(G115,#REF!,8,FALSE),IF(F115="SINAPI PB",VLOOKUP(G115,'Sinapi_Comp-12.2025'!G:K,5,FALSE),VLOOKUP(G115,'Sinapi_Insum-12.2025'!A:E,5,FALSE)))) -> #REF! | M115: =ROUND((1+$N$8)*IF(F115="DER PB",VLOOKUP(G115,DER!A:D,4,FALSE),IF(F115="COMPOSIÇÃO",VLOOKUP(G115,#REF!,8,FALSE),IF(F115="SINAPI PB",VLOOKUP(G115,'Sinapi_Comp-12.2025'!G:K,5,FALSE),VLOOKUP(G115,'Sinapi_Insum-12.2025'!A:E,5,FALSE)))),2) -> #REF! | N115: =ROUND(K115*M115,2) -> #REF! | O115: =N115 -> #REF!
F116: =VLOOKUP(H116,#REF!,2,FALSE) -> #REF! | G116: =VLOOKUP(H116,#REF!,3,FALSE) -> #REF! | H116: =#REF! -> #REF! | I116: =VLOOKUP(H116,#REF!,2,FALSE) -> #REF! | J116: =VLOOKUP(H116,#REF!,14,FALSE) -> #REF! | K116: =ROUND(VLOOKUP(H116,#REF!,13,FALSE),2) -> #REF! | L116: =IF(F116="DER PB",VLOOKUP(G116,DER!A:D,4,FALSE),IF(F116="COMPOSIÇÃO",VLOOKUP(G116,#REF!,8,FALSE),IF(F116="SINAPI PB",VLOOKUP(G116,'Sinapi_Comp-12.2025'!G:K,5,FALSE),VLOOKUP(G116,'Sinapi_Insum-12.2025'!A:E,5,FALSE)))) -> #REF! | M116: =ROUND((1+$N$8)*IF(F116="DER PB",VLOOKUP(G116,DER!A:D,4,FALSE),IF(F116="COMPOSIÇÃO",VLOOKUP(G116,#REF!,8,FALSE),IF(F116="SINAPI PB",VLOOKUP(G116,'Sinapi_Comp-12.2025'!G:K,5,FALSE),VLOOKUP(G116,'Sinapi_Insum-12.2025'!A:E,5,FALSE)))),2) -> #REF! | N116: =ROUND(K116*M116,2) -> #REF! | O116: =N116 -> #REF!
F117: =VLOOKUP(H117,#REF!,2,FALSE) -> #REF! | G117: =VLOOKUP(H117,#REF!,3,FALSE) -> #REF! | H117: =#REF! -> #REF! | I117: =VLOOKUP(H117,#REF!,2,FALSE) -> #REF! | J117: =VLOOKUP(H117,#REF!,14,FALSE) -> #REF! | K117: =ROUND(VLOOKUP(H117,#REF!,13,FALSE),2) -> #REF! | L117: =IF(F117="DER PB",VLOOKUP(G117,DER!A:D,4,FALSE),IF(F117="COMPOSIÇÃO",VLOOKUP(G117,#REF!,8,FALSE),IF(F117="SINAPI PB",VLOOKUP(G117,'Sinapi_Comp-12.2025'!G:K,5,FALSE),VLOOKUP(G117,'Sinapi_Insum-12.2025'!A:E,5,FALSE)))) -> #REF! | M117: =ROUND((1+$N$8)*IF(F117="DER PB",VLOOKUP(G117,DER!A:D,4,FALSE),IF(F117="COMPOSIÇÃO",VLOOKUP(G117,#REF!,8,FALSE),IF(F117="SINAPI PB",VLOOKUP(G117,'Sinapi_Comp-12.2025'!G:K,5,FALSE),VLOOKUP(G117,'Sinapi_Insum-12.2025'!A:E,5,FALSE)))),2) -> #REF! | N117: =ROUND(K117*M117,2) -> #REF! | O117: =N117 -> #REF!
...

Sheet Plan. Orçam. Resumo
C2: ='Inf. Prel.'!C10 -> PREFEITURA MUNICIPAL DE POMBAL - PB
C8: CONCEDENTE: | F8: REF. PREÇOS:
C9: CONTRATO: | F9: =BDI!R9 -> SINAPI-PB / 12-2025
C10: OBRA: | D10: =BDI!N6 -> FORNECIMENTO E INSTALAÇÃO DE SUBESTAÇÕES AÉREAS EM DIVERSAS ESCOLAS DO MUNICIPIO DE POMBAL-PB | F10: DESONERADO:
E11: Encargos: | F11: =BDI!T9 -> Não
E12: =Encargos!C36 -> 85.69 | F12: B.D.I. Serviços:
F13: =BDI!C32 -> 0.252
C14: PLANILHA ORÇAMENTÁRIA RESUMO
C16: ITEM | D16: DESCRIÇÃO DOS SERVIÇOS | F16: VALORES (R$)
B17: 0 | C17: =CONCATENATE(B17,".0") -> 0.0 | D17: =IFERROR(VLOOKUP(C17,'Plan.Orçam.'!H:I,2,FALSE),"") | F17: =SUM(F18:F20) -> 104594.58
B18: 1 | C18: =CONCATENATE(B18,".0") -> 1.0 | D18: =IFERROR(VLOOKUP(C18,'Plan.Orçam.'!H:I,2,FALSE),"") -> SUBESTAÇÃO ESCOLA POETA | F18: =VLOOKUP(C18,'Plan.Orçam.'!H:N,7,FALSE) -> 20411.86
B19: =B18+1 -> 2 | C19: =CONCATENATE(B19,".0") -> 2.0 | D19: =IFERROR(VLOOKUP(C19,'Plan.Orçam.'!H:I,2,FALSE),"") -> SUBESTAÇÃO ESCOLA SUSTENTAVEL | F19: =VLOOKUP(C19,'Plan.Orçam.'!H:N,7,FALSE) -> 34066.32
B20: =B19+1 -> 3 | C20: =CONCATENATE(B20,".0") -> 3.0 | D20: =IFERROR(VLOOKUP(C20,'Plan.Orçam.'!H:I,2,FALSE),"") -> SUBESTAÇÃO ESCOLA 12 SALAS | F20: =VLOOKUP(C20,'Plan.Orçam.'!H:N,7,FALSE) -> 50116.4

Sheet QCI
D2: Quadro de Composição do Investimento - QCI - OGU -
D3: Setor Público | J3: Valor do Repasse | K3: 974000
J4: Valor da Contrapartida | K4: 1000
J5: Valor do Investimento | K5: =K3+K4 -> 975000
B6: Empreendimento | J6: Percentual de contrapartida: | K6: =L7 -> -8.312146 | L6: =K3/$G$44 -> 9.312146
J7: Percentual União | K7: =1-K6 -> 9.312146 | L7: =1-L6 -> -8.312146
B8: =BDI!N6 -> FORNECIMENTO E INSTALAÇÃO DE SUBESTAÇÕES AÉREAS EM DIVERSAS ESCOLAS DO MUNICIPIO DE POMBAL-PB
B10: Agente executor
J11: 1000 | K11: 288000
B12: ='Inf. Prel.'!C5 -> 0 | J12: 489 | K12: 383511
J13: =SUM(J11:J12) -> 1489 | K13: =SUM(K11:K12) -> 671511
B14: Programa | E14: Modalidade
B20: Item | C20: Discriminação | D20: Investimento total (R$)
D21: Recursos União | E21: Contrapartida | F21: Outras fontes | G21: Total
A22: 1 | B22: =CONCATENATE(A22,".0") -> 1.0 | C22: =IFERROR(VLOOKUP(B22,'Plan.Orçam.'!H:N,2,FALSE),"") -> SUBESTAÇÃO ESCOLA POETA | D22: =(IFERROR(G22-E22,"")) -> 190078.22 | E22: =(IFERROR(G22*$K$6,"")) -> -169666.36 | G22: =IFERROR(VLOOKUP(B22,'Plan.Orçam.'!H:N,7,FALSE),"") -> 20411.86
A23: 2 | B23: =CONCATENATE(A23,".0") -> 2.0 | C23: =IFERROR(VLOOKUP(B23,'Plan.Orçam.'!H:N,2,FALSE),"") -> SUBESTAÇÃO ESCOLA SUSTENTAVEL | D23: =(IFERROR(G23-E23,"")) -> 317230.55 | E23: =(IFERROR(G23*$K$6,"")) -> -283164.23 | G23: =IFERROR(VLOOKUP(B23,'Plan.Orçam.'!H:N,7,FALSE),"") -> 34066.32
A24: 3 | B24: =CONCATENATE(A24,".0") -> 3.0 | C24: =IFERROR(VLOOKUP(B24,'Plan.Orçam.'!H:N,2,FALSE),"") -> SUBESTAÇÃO ESCOLA 12 SALAS | D24: =(IFERROR(G24-E24,"")) -> 466691.23 | E24: =(IFERROR(G24*$K$6,"")) -> -416574.83 | G24: =IFERROR(VLOOKUP(B24,'Plan.Orçam.'!H:N,7,FALSE),"") -> 50116.4
A25: 4 | B25: =CONCATENATE(A25,".0") -> 4.0 | C25: =IFERROR(VLOOKUP(B25,'Plan.Orçam.'!H:N,2,FALSE),"") | D25: =(IFERROR(G25-E25,"")) | E25: =(IFERROR(G25*$K$6,"")) | G25: =IFERROR(VLOOKUP(B25,'Plan.Orçam.'!H:N,7,FALSE),"")
A26: 5 | B26: =CONCATENATE(A26,".0") -> 5.0 | C26: =IFERROR(VLOOKUP(B26,'Plan.Orçam.'!H:N,2,FALSE),"") | D26: =(IFERROR(G26-E26,"")) | E26: =(IFERROR(G26*$K$6,"")) | G26: =IFERROR(VLOOKUP(B26,'Plan.Orçam.'!H:N,7,FALSE),"")
A27: 6 | B27: =CONCATENATE(A27,".0") -> 6.0 | C27: =IFERROR(VLOOKUP(B27,'Plan.Orçam.'!H:N,2,FALSE),"") | D27: =(IFERROR(G27-E27,"")) | E27: =(IFERROR(G27*$K$6,"")) | G27: =IFERROR(VLOOKUP(B27,'Plan.Orçam.'!H:N,7,FALSE),"")
A28: 7 | B28: =CONCATENATE(A28,".0") -> 7.0 | C28: =IFERROR(VLOOKUP(B28,'Plan.Orçam.'!H:N,2,FALSE),"") | D28: =(IFERROR(G28-E28,"")) | E28: =(IFERROR(G28*$K$6,"")) | G28: =IFERROR(VLOOKUP(B28,'Plan.Orçam.'!H:N,7,FALSE),"")
A29: 8 | B29: =CONCATENATE(A29,".0") -> 8.0 | C29: =IFERROR(VLOOKUP(B29,'Plan.Orçam.'!H:N,2,FALSE),"") | D29: =(IFERROR(G29-E29,"")) | E29: =(IFERROR(G29*$K$6,"")) | G29: =IFERROR(VLOOKUP(B29,'Plan.Orçam.'!H:N,7,FALSE),"")
A30: 9 | B30: =CONCATENATE(A30,".0") -> 9.0 | C30: =IFERROR(VLOOKUP(B30,'Plan.Orçam.'!H:N,2,FALSE),"") | D30: =(IFERROR(G30-E30,"")) | E30: =(IFERROR(G30*$K$6,"")) | G30: =IFERROR(VLOOKUP(B30,'Plan.Orçam.'!H:N,7,FALSE),"")
A31: 10 | B31: =CONCATENATE(A31,".0") -> 10.0 | C31: =IFERROR(VLOOKUP(B31,'Plan.Orçam.'!H:N,2,FALSE),"") | D31: =(IFERROR(G31-E31,"")) | E31: =(IFERROR(G31*$K$6,"")) | G31: =IFERROR(VLOOKUP(B31,'Plan.Orçam.'!H:N,7,FALSE),"")
A32: 11 | B32: =CONCATENATE(A32,".0") -> 11.0 | C32: =IFERROR(VLOOKUP(B32,'Plan.Orçam.'!H:N,2,FALSE),"") | D32: =(IFERROR(G32-E32,"")) | E32: =(IFERROR(G32*$K$6,"")) | G32: =IFERROR(VLOOKUP(B32,'Plan.Orçam.'!H:N,7,FALSE),"")
A33: 10 | B33: 12.0 | C33: =IFERROR(VLOOKUP(B33,'Plan.Orçam.'!H:N,2,FALSE),"") | D33: =(IFERROR(G33-E33,"")) | E33: =(IFERROR(G33*$K$6,"")) | G33: =IFERROR(VLOOKUP(B33,'Plan.Orçam.'!H:N,7,FALSE),"")
A34: 11 | B34: 13.0 | C34: =IFERROR(VLOOKUP(B34,'Plan.Orçam.'!H:N,2,FALSE),"") | D34: =(IFERROR(G34-E34,"")) | E34: =(IFERROR(G34*$K$6,"")) | G34: =IFERROR(VLOOKUP(B34,'Plan.Orçam.'!H:N,7,FALSE),"")
A35: 11 | B35: ='Plan.Orçam.'!#REF! -> #REF! | C35: =IFERROR(VLOOKUP(B35,'Plan.Orçam.'!H:N,2,FALSE),"") | D35: =(IFERROR(G35-E35,"")) | E35: =(IFERROR(G35*$K$6,"")) | G35: =IFERROR(VLOOKUP(B35,'Plan.Orçam.'!H:N,7,FALSE),"")
B44: Total | D44: =SUM(D22:D43) -> 974000 | E44: =SUM(E22:E43) -> -869405.42 | F44: =SUM(F22:F43) -> 0 | G44: =SUM(G22:G43) -> 104594.58
B47: ='Inf. Prel.'!C14 -> POMBAL -PB | E47: =CONCATENATE((DAY('Inf. Prel.'!C17))," de") -> 11 de | F47: =CONCATENATE(TEXT('Inf. Prel.'!C17,"MMMM")," de") -> maio de | G47: =YEAR('Inf. Prel.'!C17) -> 2026
B48: Local/Data
B53: Assinatura do representante da equipe técnica | E53: Assinatura do agente executor
B54: Nome | C54: ='Inf. Prel.'!C18 -> Ana Clara Ferreira Siqueira | E54: Nome | F54: ='Inf. Prel.'!C12 -> 0
B55: Cargo | E55: Cargo | F55: ='Inf. Prel.'!C13 -> Prefeito Constitucional
B56: CREA

Sheet QCI (2)
D2: Quadro de Composição do Investimento - QCI - OGU -
D3: Setor Público | J3: Valor do Repasse | K3: 460
J4: Valor da Contrapartida | K4: 10
J5: Valor do Investimento | K5: =K3+K4 -> 470
B6: Empreendimento | J6: Percentual de contrapartida: | K6: =L7 -> 0.99560207 | L6: =K3/$G$45 -> 0.0043979334
J7: Percentual União | K7: =1-K6 -> 0.0043979334 | L7: =1-L6 -> 0.99560207
B8: =BDI!N6 -> FORNECIMENTO E INSTALAÇÃO DE SUBESTAÇÕES AÉREAS EM DIVERSAS ESCOLAS DO MUNICIPIO DE POMBAL-PB
B10: Agente executor
B12: =BDI!#REF! -> #REF!
B14: Programa | E14: Modalidade
B16: ='Inf. Prel.'!C8 -> 0 | E16: ='Inf. Prel.'!C9 -> 0
B20: Item | C20: Discriminação | D20: Investimento total (R$)
D21: Recursos União | E21: Contrapartida | F21: Outras fontes | G21: Total
A22: 1 | B22: =CONCATENATE(A22,".0") -> 1.0 | C22: =IFERROR(VLOOKUP(B22,'Plan.Orçam.'!H:N,2,FALSE),"") -> SUBESTAÇÃO ESCOLA POETA | D22: =(IFERROR(G22-E22,"")) -> 89.770001 | E22: =(IFERROR(G22*$K$6,"")) -> 20322.09 | G22: =IFERROR(VLOOKUP(B22,'Plan.Orçam.'!H:N,7,FALSE),"") -> 20411.86
A23: 2 | B23: =CONCATENATE(A23,".0") -> 2.0 | C23: =IFERROR(VLOOKUP(B23,'Plan.Orçam.'!H:N,2,FALSE),"") -> SUBESTAÇÃO ESCOLA SUSTENTAVEL | D23: =(IFERROR(G23-E23,"")) -> 149.82141 | E23: =(IFERROR(G23*$K$6,"")) -> 33916.499 | G23: =IFERROR(VLOOKUP(B23,'Plan.Orçam.'!H:N,7,FALSE),"") -> 34066.32
A24: 3 | B24: =CONCATENATE(A24,".0") -> 3.0 | C24: =IFERROR(VLOOKUP(B24,'Plan.Orçam.'!H:N,2,FALSE),"") -> SUBESTAÇÃO ESCOLA 12 SALAS | D24: =(IFERROR(G24-E24,"")) -> 220.40859 | E24: =(IFERROR(G24*$K$6,"")) -> 49895.991 | G24: =IFERROR(VLOOKUP(B24,'Plan.Orçam.'!H:N,7,FALSE),"") -> 50116.4
A25: 4 | B25: =CONCATENATE(A25,".0") -> 4.0 | C25: =IFERROR(VLOOKUP(B25,'Plan.Orçam.'!H:N,2,FALSE),"") | D25: =(IFERROR(G25-E25,"")) | E25: =(IFERROR(G25*$K$6,"")) | G25: =IFERROR(VLOOKUP(B25,'Plan.Orçam.'!H:N,7,FALSE),"")
A26: 5 | B26: =CONCATENATE(A26,".0") -> 5.0 | C26: =IFERROR(VLOOKUP(B26,'Plan.Orçam.'!H:N,2,FALSE),"") | D26: =(IFERROR(G26-E26,"")) | E26: =(IFERROR(G26*$K$6,"")) | G26: =IFERROR(VLOOKUP(B26,'Plan.Orçam.'!H:N,7,FALSE),"")
A27: 6 | B27: =CONCATENATE(A27,".0") -> 6.0 | C27: =IFERROR(VLOOKUP(B27,'Plan.Orçam.'!H:N,2,FALSE),"") | D27: =(IFERROR(G27-E27,"")) | E27: =(IFERROR(G27*$K$6,"")) | G27: =IFERROR(VLOOKUP(B27,'Plan.Orçam.'!H:N,7,FALSE),"")
C28: =IFERROR(VLOOKUP(B28,'Plan.Orçam.'!H:N,2,FALSE),"") | D28: =(IFERROR(G28-E28,"")) | E28: =(IFERROR(G28*$K$6,"")) | G28: =IFERROR(VLOOKUP(B28,'Plan.Orçam.'!H:N,7,FALSE),"")
G29: =IFERROR(VLOOKUP(B29,'Plan.Orçam.'!H:N,7,FALSE),"")
G30: =IFERROR(VLOOKUP(B30,'Plan.Orçam.'!H:N,7,FALSE),"")
B45: Total | D45: =SUM(D22:D44) -> 460 | E45: =SUM(E22:E44) -> 104134.58 | F45: =SUM(F22:F44) -> 0 | G45: =SUM(G22:G44) -> 104594.58
B48: ='Inf. Prel.'!C14 -> POMBAL -PB | E48: =CONCATENATE((DAY('Inf. Prel.'!C17))," de") -> 11 de | F48: =CONCATENATE(TEXT('Inf. Prel.'!C17,"MMMM")," de") -> maio de | G48: =YEAR('Inf. Prel.'!C17) -> 2026
B49: Local/Data
B54: Assinatura do representante da equipe técnica | E54: Assinatura do agente executor
B55: Nome | C55: ='Inf. Prel.'!C18 -> Ana Clara Ferreira Siqueira | E55: Nome | F55: ='Inf. Prel.'!C12 -> 0
B56: Cargo | E56: Cargo | F56: ='Inf. Prel.'!C13 -> Prefeito Constitucional
B57: CREA

Sheet Anexo I - Dren
B1: DIMENSIONAMENTO DE DRENAGEM PLUVIAL
B3: Curva IDF (Intensidade, Duração e Frequência)
B4: Localidade | C4: Latitude | D4: Longitude | E4: N | F4: Período | G4: T | H4: t | I4: B | J4: n | K4: m | L4: K | M4: i
E5: Anos de observação | F5: Período de observação | G5: Período de retorno | H5: Duração da Chuva | I5: Constantes locais | M5: Intensidade
E6: - | F6: ano | G6: anos | H6: min | I6: - | J6: - | K6: - | L6: - | M6: mm/h
B7: Monteiro | C7: =VLOOKUP($B7,Dados_Intesidade!$A:$I,2,FALSE) -> 7°52’ | D7: =VLOOKUP($B7,Dados_Intesidade!$A:$I,3,FALSE) -> 37°07’ | E7: =VLOOKUP($B7,Dados_Intesidade!$A:$I,4,FALSE) -> 9 | F7: =VLOOKUP($B7,Dados_Intesidade!$A:$I,5,FALSE) -> (67-86) | G7: 10 | H7: 15 | I7: =VLOOKUP($B7,Dados_Intesidade!$A:$I,6,FALSE) -> 15 | J7: =VLOOKUP($B7,Dados_Intesidade!$A:$I,7,FALSE) -> 0.724 | K7: =VLOOKUP($B7,Dados_Intesidade!$A:$I,8,FALSE) -> 0.295 | L7: =VLOOKUP($B7,Dados_Intesidade!$A:$I,9,FALSE) -> 302 | M7: =L7*(G7^K7)/((H7+I7)^J7) -> 50.765791
B9: 1. SARJETA DE ATERRO
B10: DADOS GERAIS | O10: DEMANDA DO PROJETO | V10: CAPACIDADE DA SARJETA
B11: Item | C11: Logradouro | D11: E0 | E11: EF | F11: L | G11: Hmt | H11: Hjt | I11: z | J11: Lf | K11: C | L11: Hm | M11: Hg | N11: n | O11: Pveg | P11: A | Q11: La | R11: α | S11: β | T11: Tc | U11: Qp | V11: Hp | W11: Vp | X11: Am | Y11: Pm | Z11: Rh | AA11: Vs | AB11: Qs | AC11: Teste Capacidade da Sarjeta | AD11: Vs | AE11: Teste Drenagem Superficial | AF11: d | AG11: N
D12: Estaca Inicial | E12: Estaca Final | F12: Extensão do trecho da pista | G12: Cota de Montante | H12: Cota de Jusante | I12: Taxa horizontal de inclinação | J12: Largura da faixa de rolamento | K12: Coeficiente de escoamento superficial | L12: Altura do meio-fio | M12: Altura da água na guia | N12: Coeficiente de rugosiadade de Manning | O12: Percentual de vegetação | P12: Área de contribuição | Q12: Largura da sarjeta | R12: Declividade Longitudinal Média | S12: Declividade Transversal | T12: Tempo de concentração | U12: Descarga de Projeto | V12: Altura de Projeto | W12: Velocidade de Projeto | X12: Área molhada | Y12: Perímetro molhado | Z12: Raio Hidráulico | AA12: Velocidade na sarjeta | AB12: Vazão da sarjeta | AD12: Velocidade do escoamento | AF12: Comprimento Crítico | AG12: Saídas d'água
F13: m | G13: m | H13: m | J13: m | K13: - | L13: m | M13: m | N13: - | O13: - | P13: m2 | Q13: m | R13: - | S13: - | T13: min | U13: m3/s | V13: m | W13: m/s | X13: m2 | Y13: m | Z13: m | AA13: m/s | AB13: m3/s | AD13: m/s | AF13: m | AG13: qtd
A14: 1 | B14: 1 | C14: =VLOOKUP(B14,#REF!,2,FALSE) -> #REF! | D14: E0 | E14: E9+3,21 | F14: =(20*9)+3.21 -> 183.21 | G14: 634.999 | H14: 627.058 | I14: 4 | J14: =VLOOKUP(B14,#REF!,4,FALSE) -> #REF! | K14: 0.75 | L14: 0.15 | M14: 0.12 | N14: 0.02 | O14: 0 | P14: 1357.2603 | Q14: =I14*L14 -> 0.6 | R14: =(G14-H14)/F14 -> 0.043343704 | S14: =L14/(Q14) -> 0.25 | T14: 11.696301 | U14: =K14*$M$7/10*P14/360000 -> 0.014354665 | V14: =IFERROR((U14/(0.375*I14/N14*R14^(1/2)))^(3/8),"") -> 0.072660904 | W14: =IFERROR(U14/(I14*V14^2/2),"") -> 1.3594445 | X14: =Q14*M14/2 -> 0.036 | Y14: =Q14+M14+SQRT(Q14^2+M14^2) -> 1.3318823 | Z14: =X14/Y14 -> 0.027029415 | AA14: =1/N14*Z14^(2/3)*R14^(1/2) -> 0.93754209 | AB14: =AA14*X14 -> 0.033751515 | AC14: =IF(AB14<U14,"Capacidade da Sarjeta menor que a vazão demandada pelo projeto. Deve ter saída d'água","Capacidade da Sarjeta maior que a vazão demandada pelo projeto. Não necessita de saída d'água.") -> Capacidade da Sarjeta maior que a vazão demandada pelo projeto. Não necessita de saída d'água. | AD14: =U14/X14 -> 0.3987407 | AE14: =IFERROR(IF(AD14<=3.5,"Drenagem Superficial (≤3.5 m/s)","Drenagem Profunda (>3.5 m/s)"),"") -> Drenagem Superficial (≤3.5 m/s) | AF14: =IF(RIGHT(AC14,21)="Deve ter saída d'água",36*10^4*X14*Z14^(2/3)*R14^(1/2)/(K14*$M$7/10*J14/2*N14),"") | AG14: =IFERROR(ROUND(F14/AF14,0),"")
A15: 1 | B15: 1 | C15: =VLOOKUP(B15,#REF!,2,FALSE) -> #REF! | D15: =E14 -> E9+3,21 | E15: E13+10,369 | F15: =((20*13)+10.363)-F14 -> 87.153 | G15: 630.882 | H15: 627.058 | I15: 4 | J15: =VLOOKUP(B15,#REF!,4,FALSE) -> #REF! | K15: 0.75 | L15: 0.15 | M15: 0.12 | N15: 0.02 | O15: 0 | P15: 1396.7639 | Q15: =I15*L15 -> 0.6 | R15: =(G15-H15)/F15 -> 0.04387686 | S15: =L15/(Q15) -> 0.25 | T15: 12.696301 | U15: =K15*$M$7/10*P15/360000 -> 0.014772463 | V15: =IFERROR((U15/(0.375*I15/N15*R15^(1/2)))^(3/8),"") -> 0.073278692 | W15: =IFERROR(U15/(I15*V15^2/2),"") -> 1.3755219 | X15: =Q15*M15/2 -> 0.036 | Y15: =Q15+M15+SQRT(Q15^2+M15^2) -> 1.3318823 | Z15: =X15/Y15 -> 0.027029415 | AA15: =1/N15*Z15^(2/3)*R15^(1/2) -> 0.94329066 | AB15: =AA15*X15 -> 0.033958464 | AC15: =IF(AB15<U15,"Capacidade da Sarjeta menor que a vazão demandada pelo projeto. Deve ter saída d'água","Capacidade da Sarjeta maior que a vazão demandada pelo projeto. Não necessita de saída d'água.") -> Capacidade da Sarjeta maior que a vazão demandada pelo projeto. Não necessita de saída d'água. | AD15: =U15/X15 -> 0.4103462 | AE15: =IFERROR(IF(AD15<=3.5,"Drenagem Superficial (≤3.5 m/s)","Drenagem Profunda (>3.5 m/s)"),"") -> Drenagem Superficial (≤3.5 m/s) | AF15: =IF(RIGHT(AC15,21)="Deve ter saída d'água",36*10^4*X15*Z15^(2/3)*R15^(1/2)/(K15*$M$7/10*J15/2*N15),"") | AG15: =IFERROR(ROUND(F15/AF15,0),"")
B16: Providências:
D17: Rua com 4 saídas d´água
D18: Rua com 2 saídas d´água

Sheet Dados_Intesidade
A1: Nome | B1: Latitude | C1: Longitude | D1: N* | E1: Período | F1: B | G1: n | H1: m | I1: K
A2: Antenor Navarro | B2: 6°44’ | C2: 38°27’ | D2: 30 | E2: (65-94) | F2: 15 | G2: 0.693 | H2: 0.161 | I2: 936
A3: Barra de Santa Rosa | B3: 6°43’ | C3: 36°04’ | D3: 17 | E3: (65-89) | F3: 16 | G3: 0.786 | H3: 0.277 | I3: 765
A4: Bonito de Santa Fé | B4: 7°19’ | C4: 38°31’ | D4: 15 | E4: (67-94) | F4: 10 | G4: 0.729 | H4: 0.181 | I4: 813
A5: Campina Grande | B5: 7°14’ | C5: 35°52’ | D5: 11 | E5: (66-89) | F5: 5 | G5: 0.596 | H5: 0.227 | I5: 334
A6: Catolé do Rocha | B6: 6°21’ | C6: 37°45’ | D6: 27 | E6: (63-92) | F6: 13 | G6: 0.566 | H6: 0.095 | I6: 708
A7: Guarabira | B7: 6°50’ | C7: 35°29’ | D7: 12 | E7: (65-81) | F7: 5 | G7: 0.536 | H7: 0.239 | I7: 246
A8: Taperoá | B8: 7°12’ | C8: 36°50’ | D8: 15 | E8: (63-93) | F8: 7 | G8: 0.497 | H8: 0.074 | I8: 342
A9: Teixeira | B9: 7°13’ | C9: 37°15’ | D9: 17 | E9: (63-85) | F9: 18 | G9: 0.604 | H9: 0.16 | I9: 877
A10: Seridó | B10: 6°51’ | C10: 36°25’ | D10: 16 | E10: (79-94) | F10: 8 | G10: 0.543 | H10: 0.168 | I10: 492
A11: Itaporanga | B11: 7°19’ | C11: 38°09’ | D11: 12 | E11: (65-83) | F11: 15 | G11: 0.58 | H11: 0.083 | I11: 527
A12: João Pessoa | B12: 7°08’ | C12: 34°53’ | D12: 6 | E12: (81-86) | F12: 10 | G12: 0.398 | H12: 0.087 | I12: 290
A13: Monteiro | B13: 7°52’ | C13: 37°07’ | D13: 9 | E13: (67-86) | F13: 15 | G13: 0.724 | H13: 0.295 | I13: 302
... A16: São Gonçalo | B16: 6°50’ | C16: 38°19’ | D16: 7 | E16: (81-87) | F16: 7 | G16: 0.651 | H16: 0.301 | I16: 352

Sheet Cronograma
H3: CONCEDENTE: | I3: =BDI!N4 -> 0
C4: ='Inf. Prel.'!C10 -> PREFEITURA MUNICIPAL DE POMBAL - PB | H4: CONTRATO: | I4: =BDI!N5 -> 0
H5: OBRA: | I5: =BDI!N6 -> FORNECIMENTO E INSTALAÇÃO DE SUBESTAÇÕES AÉREAS EM DIVERSAS ESCOLAS DO MUNICIPIO DE POMBAL-PB
H7: REF. PREÇOS: | I7: DESONERADO: | J7: Encargos: | K7: B.D.I. Serviços:
H8: =BDI!R9 -> SINAPI-PB / 12-2025 | I8: =BDI!T9 -> Não | J8: =Encargos!C36 -> 85.69 | K8: =BDI!C32 -> 0.252
B9: CRONOGRAMA FÍSICO-FINANCEIRO
B11: ITEM | C11: SERVIÇOS | D11: VALORES | E11: % | F11: MÊS 01 | H11: MÊS 02 | J11: MÊS 03
F12: % | G12: R$ | H12: % | I12: R$ | J12: % | K12: R$
B13: ='Plan. Orçam. Resumo'!C18 -> 1.0 | C13: ='Plan. Orçam. Resumo'!D18 -> SUBESTAÇÃO ESCOLA POETA | D13: ='Plan. Orçam. Resumo'!F18 -> 20411.86 | E13: =D13/$D$37 -> 0.19515218 | F13: 1 | G13: =IFERROR(D13*F13,"") -> 20411.86 | I13: =IFERROR(D13*H13,"") -> 0 | K13: =IFERROR(D13*J13,"") -> 0 | L13: =IF(F13+H13+J13>1,"CORRIGIR",IF(F13+H13+J13=1,"OK","")) -> OK
B14: ='Plan. Orçam. Resumo'!C19 -> 2.0 | C14: ='Plan. Orçam. Resumo'!D19 -> SUBESTAÇÃO ESCOLA SUSTENTAVEL | D14: ='Plan. Orçam. Resumo'!F19 -> 34066.32 | E14: =D14/$D$37 -> 0.32569871 | F14: 1 | G14: =IFERROR(D14*F14,"") -> 34066.32 | I14: =IFERROR(D14*H14,"") -> 0 | K14: =IFERROR(D14*J14,"") -> 0 | L14: =IF(F14+H14+J14>1,"CORRIGIR",IF(F14+H14+J14=1,"OK","")) -> OK
B15: ='Plan. Orçam. Resumo'!C20 -> 3.0 | C15: ='Plan. Orçam. Resumo'!D20 -> SUBESTAÇÃO ESCOLA 12 SALAS | D15: ='Plan. Orçam. Resumo'!F20 -> 50116.4 | E15: =D15/$D$37 -> 0.47914911 | G15: =IFERROR(D15*F15,"") -> 0 | I15: =IFERROR(D15*H15,"") -> 0 | K15: =IFERROR(D15*J15,"") -> 0 | L15: =IF(F15+H15+J15>1,"CORRIGIR",IF(F15+H15+J15=1,"OK",""))
L16: =IF(F16+H16+J16>1,"CORRIGIR",IF(F16+H16+J16=1,"OK",""))
L17: =IF(F17+H17+J17>1,"CORRIGIR",IF(F17+H17+J17=1,"OK",""))
L18: =IF(F18+H18+J18>1,"CORRIGIR",IF(F18+H18+J18=1,"OK",""))
L19: =IF(F19+H19+J19>1,"CORRIGIR",IF(F19+H19+J19=1,"OK",""))
L20: =IF(F20+H20+J20>1,"CORRIGIR",IF(F20+H20+J20=1,"OK",""))
L21: =IF(F21+H21+J21>1,"CORRIGIR",IF(F21+H21+J21=1,"OK",""))
L22: =IF(F22+H22+J22>1,"CORRIGIR",IF(F22+H22+J22=1,"OK",""))
L23: =IF(F23+H23+J23>1,"CORRIGIR",IF(F23+H23+J23=1,"OK",""))
L24: =IF(F24+H24+J24>1,"CORRIGIR",IF(F24+H24+J24=1,"OK",""))
L25: =IF(F25+H25+J25>1,"CORRIGIR",IF(F25+H25+J25=1,"OK",""))
L26: =IF(F26+H26+J26>1,"CORRIGIR",IF(F26+H26+J26=1,"OK",""))
L27: =IF(F27+H27+J27>1,"CORRIGIR",IF(F27+H27+J27=1,"OK",""))
... L35: =IF(F35+H35+J35>1,"CORRIGIR",IF(F35+H35+J35=1,"OK",""))
D37: =SUM(D13:D36) -> 104594.58 | E37: =SUM(E13:E36) -> 1 | F37: =G37/D37 -> 0.52085089 | G37: =SUM(G13:G35) -> 54478.18 | H37: =I37/D37 -> 0 | I37: =SUM(I13:I35) -> 0 | J37: =K37/D37 -> 0 | K37: =SUM(K13:K35) -> 0
F38: =F37 -> 0.52085089 | G38: =G37 -> 54478.18 | H38: =H37+F38 -> 0.52085089 | I38: =I37+G38 -> 54478.18 | J38: =J37+H38 -> 0.52085089 | K38: =K37+I38 -> 54478.18
B41: ='Inf. Prel.'!C14 -> POMBAL -PB | C41: ='Inf. Prel.'!C17 -> 46153
B42: Local/Data | D42: Responsável Técnico | H42: Proponente
H45: CONCEDENTE: | I45: =I3 -> 0
C46: =C4 -> PREFEITURA MUNICIPAL DE POMBAL - PB | H46: CONTRATO: | I46: =I4 -> 0
H47: OBRA: | I47: =I5 -> FORNECIMENTO E INSTALAÇÃO DE SUBESTAÇÕES AÉREAS EM DIVERSAS ESCOLAS DO MUNICIPIO DE POMBAL-PB
H49: REF. PREÇOS: | I49: DESONERADO: | J49: Encargos: | K49: B.D.I. Serviços:
H50: =H8 -> SINAPI-PB / 12-2025 | I50: =I8 -> Não | J50: =Encargos!C36 -> 85.69 | K50: =K8 -> 0.252
B51: CRONOGRAMA FÍSICO-FINANCEIRO
B53: ITEM | C53: SERVIÇOS | D53: VALORES | E53: % | F53: MÊS 04 | H53: MÊS 05 | J53: MÊS 06
F54: % | G54: R$ | H54: % | I54: R$ | J54: % | K54: R$
B55: =B13 -> 1.0 | C55: =C13 -> SUBESTAÇÃO ESCOLA POETA | D55: =D13 -> 20411.86 | E55: =D55/$D$37 -> 0.19515218 | G55: =IFERROR(D55*F55,"") -> 0 | I55: =IFERROR(D55*H55,"") -> 0 | K55: =IFERROR(D55*J55,"") -> 0 | L55: =IF(J13+H13+F13+F55+H55+J55>1,"CORRIGIR",IF(J13+H13+F13+F55+H55+J55=1,"OK","")) -> OK
B56: =B14 -> 2.0 | C56: =C14 -> SUBESTAÇÃO ESCOLA SUSTENTAVEL | D56: =D14 -> 34066.32 | E56: =D56/$D$37 -> 0.32569871 | G56: =IFERROR(D56*F56,"") -> 0 | I56: =IFERROR(D56*H56,"") -> 0 | K56: =IFERROR(D56*J56,"") -> 0 | L56: =IF(J14+H14+F14+F56+H56+J56>1,"CORRIGIR",IF(J14+H14+F14+F56+H56+J56=1,"OK","")) -> OK
B57: =B15 -> 3.0 | C57: =C15 -> SUBESTAÇÃO ESCOLA 12 SALAS | D57: =D15 -> 50116.4 | E57: =D57/$D$37 -> 0.47914911 | G57: =IFERROR(D57*F57,"") -> 0 | I57: =IFERROR(D57*H57,"") -> 0 | K57: =IFERROR(D57*J57,"") -> 0 | L57: =IF(J15+H15+F15+F57+H57+J57>1,"CORRIGIR",IF(J15+H15+F15+F57+H57+J57=1,"OK",""))
B58: =B16 -> 0 | C58: =C16 -> 0 | D58: =D16 -> 0 | E58: =D58/$D$37 -> 0 | G58: =IFERROR(D58*F58,"") -> 0 | I58: =IFERROR(D58*H58,"") -> 0 | K58: =IFERROR(D58*J58,"") -> 0 | L58: =IF(J16+H16+F16+F58+H58+J58>1,"CORRIGIR",IF(J16+H16+F16+F58+H58+J58=1,"OK",""))
B59: =B17 -> 0 | C59: =C17 -> 0 | D59: =D17 -> 0 | E59: =D59/$D$37 -> 0 | G59: =IFERROR(D59*F59,"") -> 0 | H59: 0.5 | I59: =IFERROR(D59*H59,"") -> 0 | J59: 0.5 | K59: =IFERROR(D59*J59,"") -> 0 | L59: =IF(J17+H17+F17+F59+H59+J59>1,"CORRIGIR",IF(J17+H17+F17+F59+H59+J59=1,"OK","")) -> OK
B60: =B18 -> 0 | C60: =C18 -> 0 | D60: =D18 -> 0 | E60: =D60/$D$37 -> 0 | G60: =IFERROR(D60*F60,"") -> 0 | H60: 0.5 | I60: =IFERROR(D60*H60,"") -> 0 | J60: 0.5 | K60: =IFERROR(D60*J60,"") -> 0 | L60: =IF(J18+H18+F18+F60+H60+J60>1,"CORRIGIR",IF(J18+H18+F18+F60+H60+J60=1,"OK","")) -> OK
B61: =B19 -> 0 | C61: =C19 -> 0 | D61: =D19 -> 0 | E61: =D61/$D$37 -> 0 | F61: 1 | G61: =IFERROR(D61*F61,"") -> 0 | I61: =IFERROR(D61*H61,"") -> 0 | K61: =IFERROR(D61*J61,"") -> 0 | L61: =IF(J19+H19+F19+F61+H61+J61>1,"CORRIGIR",IF(J19+H19+F19+F61+H61+J61=1,"OK","")) -> OK
B62: =B20 -> 0 | C62: =C20 -> 0 | D62: =D20 -> 0 | E62: =D62/$D$37 -> 0 | G62: =IFERROR(D62*F62,"") -> 0 | I62: =IFERROR(D62*H62,"") -> 0 | K62: =IFERROR(D62*J62,"") -> 0 | L62: =IF(J20+H20+F20+F62+H62+J62>1,"CORRIGIR",IF(J20+H20+F20+F62+H62+J62=1,"OK",""))
B63: =B21 -> 0 | C63: =C21 -> 0 | D63: =D21 -> 0 | E63: =D63/$D$37 -> 0 | G63: =IFERROR(D63*F63,"") -> 0 | I63: =IFERROR(D63*H63,"") -> 0 | K63: =IFERROR(D63*J63,"") -> 0 | L63: =IF(J21+H21+F21+F63+H63+J63>1,"CORRIGIR",IF(J21+H21+F21+F63+H63+J63=1,"OK",""))
B64: =B22 -> 0 | C64: =C22 -> 0 | D64: =D22 -> 0 | E64: =D64/$D$37 -> 0 | G64: =IFERROR(D64*F64,"") -> 0 | I64: =IFERROR(D64*H64,"") -> 0 | K64: =IFERROR(D64*J64,"") -> 0 | L64: =IF(J22+H22+F22+F64+H64+J64>1,"CORRIGIR",IF(J22+H22+F22+F64+H64+J64=1,"OK",""))
B65: =B23 -> 0 | C65: =C23 -> 0 | D65: =D23 -> 0 | E65: =D65/$D$37 -> 0 | G65: =IFERROR(D65*F65,"") -> 0 | I65: =IFERROR(D65*H65,"") -> 0 | K65: =IFERROR(D65*J65,"") -> 0 | L65: =IF(J23+H23+F23+F65+H65+J65>1,"CORRIGIR",IF(J23+H23+F23+F65+H65+J65=1,"OK",""))
B66: =B24 -> 0 | C66: =C24 -> 0 | D66: =D24 -> 0 | E66: =D66/$D$37 -> 0 | G66: =IFERROR(D66*F66,"") -> 0 | I66: =IFERROR(D66*H66,"") -> 0 | K66: =IFERROR(D66*J66,"") -> 0 | L66: =IF(J24+H24+F24+F66+H66+J66>1,"CORRIGIR",IF(J24+H24+F24+F66+H66+J66=1,"OK",""))
B67: =B25 -> 0 | C67: =C25 -> 0 | D67: =D25 -> 0 | E67: =D67/$D$37 -> 0 | G67: =IFERROR(D67*F67,"") -> 0 | I67: =IFERROR(D67*H67,"") -> 0 | K67: =IFERROR(D67*J67,"") -> 0 | L67: =IF(J25+H25+F25+F67+H67+J67>1,"CORRIGIR",IF(J25+H25+F25+F67+H67+J67=1,"OK",""))
B68: =B26 -> 0 | C68: =C26 -> 0 | D68: =D26 -> 0 | E68: =D68/$D$37 -> 0 | I68: =IFERROR(D68*H68,"") -> 0 | K68: =IFERROR(D68*J68,"") -> 0
I69: =IFERROR(D69*H69,"") -> 0 | K69: =IFERROR(D69*J69,"") -> 0
I70: =IFERROR(D70*H70,"") -> 0 | K70: =IFERROR(D70*J70,"") -> 0
I71: =IFERROR(D71*H71,"") -> 0 | K71: =IFERROR(D71*J71,"") -> 0 | L71: =IF(J25+H25+F25+F71+H71+J71>1,"CORRIGIR",IF(J25+H25+F25+F71+H71+J71=1,"OK",""))
I72: =IFERROR(D72*H72,"") -> 0 | K72: =IFERROR(D72*J72,"") -> 0 | L72: =IF(J26+H26+F26+F72+H72+J72>1,"CORRIGIR",IF(J26+H26+F26+F72+H72+J72=1,"OK",""))
I73: =IFERROR(D73*H73,"") -> 0 | K73: =IFERROR(D73*J73,"") -> 0 | L73: =IF(J27+H27+F27+F73+H73+J73>1,"CORRIGIR",IF(J27+H27+F27+F73+H73+J73=1,"OK",""))
I74: =IFERROR(D74*H74,"") -> 0 | K74: =IFERROR(D74*J74,"") -> 0 | L74: =IF(J28+H28+F28+F74+H74+J74>1,"CORRIGIR",IF(J28+H28+F28+F74+H74+J74=1,"OK",""))
I75: =IFERROR(D75*H75,"") -> 0 | K75: =IFERROR(D75*J75,"") -> 0 | L75: =IF(J29+H29+F29+F75+H75+J75>1,"CORRIGIR",IF(J29+H29+F29+F75+H75+J75=1,"OK",""))
I76: =IFERROR(D76*H76,"") -> 0 | K76: =IFERROR(D76*J76,"") -> 0 | L76: =IF(J30+H30+F30+F76+H76+J76>1,"CORRIGIR",IF(J30+H30+F30+F76+H76+J76=1,"OK",""))
I77: =IFERROR(D77*H77,"") -> 0 | K77: =IFERROR(D77*J77,"") -> 0 | L77: =IF(J31+H31+F31+F77+H77+J77>1,"CORRIGIR",IF(J31+H31+F31+F77+H77+J77=1,"OK",""))
I78: =IFERROR(D78*H78,"") -> 0 | K78: =IFERROR(D78*J78,"") -> 0 | L78: =IF(J32+H32+F32+F78+H78+J78>1,"CORRIGIR",IF(J32+H32+F32+F78+H78+J78=1,"OK",""))
I79: =IFERROR(D79*H79,"") -> 0 | K79: =IFERROR(D79*J79,"") -> 0 | L79: =IF(J33+H33+F33+F79+H79+J79>1,"CORRIGIR",IF(J33+H33+F33+F79+H79+J79=1,"OK",""))
I80: =IFERROR(D80*H80,"") -> 0 | K80: =IFERROR(D80*J80,"") -> 0 | L80: =IF(J34+H34+F34+F80+H80+J80>1,"CORRIGIR",IF(J34+H34+F34+F80+H80+J80=1,"OK",""))
I81: =IFERROR(D81*H81,"") -> 0 | K81: =IFERROR(D81*J81,"") -> 0 | L81: =IF(J35+H35+F35+F81+H81+J81>1,"CORRIGIR",IF(J35+H35+F35+F81+H81+J81=1,"OK",""))
D83: =SUM(D55:D82) -> 104594.58 | E83: =SUM(E55:E82) -> 1 | F83: =G83/D83 -> 0 | G83: =SUM(G55:G81) -> 0 | H83: =I83/D83 -> 0 | I83: =SUM(I55:I81) -> 0 | J83: =K83/D83 -> 0 | K83: =SUM(K55:K81) -> 0
F84: =F83+J38 -> 0.52085089 | G84: =G83+K38 -> 54478.18 | H84: =H83+F84 -> 0.52085089 | I84: =I83+G84 -> 54478.18 | J84: =J83+H84 -> 0.52085089 | K84: =K83+I84 -> 54478.18
B87: =B41 -> POMBAL -PB | C87: =C41 -> 46153
B88: Local/Data | D88: Responsável Técnico | H88: Proponente
H91: CONCEDENTE: | I91: =I45 -> 0
C92: =C46 -> PREFEITURA MUNICIPAL DE POMBAL - PB | H92: CONTRATO: | I92: =I46 -> 0
H93: OBRA: | I93: =I47 -> FORNECIMENTO E INSTALAÇÃO DE SUBESTAÇÕES AÉREAS EM DIVERSAS ESCOLAS DO MUNICIPIO DE POMBAL-PB
H95: REF. PREÇOS: | I95: DESONERADO: | J95: Encargos: | K95: B.D.I. Serviços:
H96: =H50 -> SINAPI-PB / 12-2025 | I96: =I50 -> Não | J96: =Encargos!C36 -> 85.69 | K96: =K50 -> 0.252
B97: CRONOGRAMA FÍSICO-FINANCEIRO
B99: ITEM | C99: SERVIÇOS | D99: VALORES | E99: % | F99: MÊS 07 | H99: MÊS 08 | J99: MÊS 09
F100: % | G100: R$ | H100: % | I100: R$ | J100: % | K100: R$
B101: =B13 -> 1.0 | C101: =C13 -> SUBESTAÇÃO ESCOLA POETA | D101: =D13 -> 20411.86 | E101: =D101/$D$37 -> 0.19515218 | G101: =IFERROR(D101*F101,"") -> 0 | I101: =IFERROR(D101*H101,"") -> 0 | K101: =IFERROR(D101*J101,"") -> 0 | L101: =IF(F13+H13+J13+J55+H55+F55+F101+H101+J101>1,"CORRIGIR",IF(F13+H13+J13+J55+H55+F55+F101+H101+J101=1,"OK","")) -> OK
B102: =B14 -> 2.0 | C102: =C14 -> SUBESTAÇÃO ESCOLA SUSTENTAVEL | D102: =D14 -> 34066.32 | E102: =D102/$D$37 -> 0.32569871 | G102: =IFERROR(D102*F102,"") -> 0 | I102: =IFERROR(D102*H102,"") -> 0 | K102: =IFERROR(D102*J102,"") -> 0 | L102: =IF(F14+H14+J14+J56+H56+F56+F102+H102+J102>1,"CORRIGIR",IF(F14+H14+J14+J56+H56+F56+F102+H102+J102=1,"OK","")) -> OK
B103: =B15 -> 3.0 | C103: =C15 -> SUBESTAÇÃO ESCOLA 12 SALAS | D103: =D15 -> 50116.4 | E103: =D103/$D$37 -> 0.47914911 | G103: =IFERROR(D103*F103,"") -> 0 | I103: =IFERROR(D103*H103,"") -> 0 | J103: 1 | K103: =IFERROR(D103*J103,"") -> 50116.4 | L103: =IF(F15+H15+J15+J57+H57+F57+F103+H103+J103>1,"CORRIGIR",IF(F15+H15+J15+J57+H57+F57+F103+H103+J103=1,"OK","")) -> OK
B104: =B16 -> 0 | C104: =C16 -> 0 | D104: =D16 -> 0 | E104: =D104/$D$37 -> 0 | G104: =IFERROR(D104*F104,"") -> 0 | I104: =IFERROR(D104*H104,"") -> 0 | K104: =IFERROR(D104*J104,"") -> 0 | L104: =IF(F16+H16+J16+J58+H58+F58+F104+H104+J104>1,"CORRIGIR",IF(F16+H16+J16+J58+H58+F58+F104+H104+J104=1,"OK",""))
B105: =B17 -> 0 | C105: =C17 -> 0 | D105: =D17 -> 0 | E105: =D105/$D$37 -> 0 | G105: =IFERROR(D105*F105,"") -> 0 | I105: =IFERROR(D105*H105,"") -> 0 | K105: =IFERROR(D105*J105,"") -> 0 | L105: =IF(F17+H17+J17+J59+H59+F59+F105+H105+J105>1,"CORRIGIR",IF(F17+H17+J17+J59+H59+F59+F105+H105+J105=1,"OK","")) -> OK
B106: =B18 -> 0 | C106: =C18 -> 0 | D106: =D18 -> 0 | E106: =D106/$D$37 -> 0 | G106: =IFERROR(D106*F106,"") -> 0 | I106: =IFERROR(D106*H106,"") -> 0 | K106: =IFERROR(D106*J106,"") -> 0 | L106: =IF(F18+H18+J18+J60+H60+F60+F106+H106+J106>1,"CORRIGIR",IF(F18+H18+J18+J60+H60+F60+F106+H106+J106=1,"OK","")) -> OK
B107: =B19 -> 0 | C107: =C19 -> 0 | D107: =D19 -> 0 | E107: =D107/$D$37 -> 0 | G107: =IFERROR(D107*F107,"") -> 0 | I107: =IFERROR(D107*H107,"") -> 0 | K107: =IFERROR(D107*J107,"") -> 0 | L107: =IF(F19+H19+J19+J61+H61+F61+F107+H107+J107>1,"CORRIGIR",IF(F19+H19+J19+J61+H61+F61+F107+H107+J107=1,"OK","")) -> OK
B108: =B20 -> 0 | C108: =C20 -> 0 | D108: =D20 -> 0 | E108: =D108/$D$37 -> 0 | F108: 1 | G108: =IFERROR(D108*F108,"") -> 0 | I108: =IFERROR(D108*H108,"") -> 0 | K108: =IFERROR(D108*J108,"") -> 0 | L108: =IF(F20+H20+J20+J62+H62+F62+F108+H108+J108>1,"CORRIGIR",IF(F20+H20+J20+J62+H62+F62+F108+H108+J108=1,"OK","")) -> OK
B109: =B21 -> 0 | C109: =C21 -> 0 | D109: =D21 -> 0 | E109: =D109/$D$37 -> 0 | G109: =IFERROR(D109*F109,"") -> 0 | I109: =IFERROR(D109*H109,"") -> 0 | J109: 1 | K109: =IFERROR(D109*J109,"") -> 0 | L109: =IF(F21+H21+J21+J63+H63+F63+F109+H109+J109>1,"CORRIGIR",IF(F21+H21+J21+J63+H63+F63+F109+H109+J109=1,"OK","")) -> OK
B110: =B22 -> 0 | C110: =C22 -> 0 | D110: =D22 -> 0 | E110: =D110/$D$37 -> 0 | G110: =IFERROR(D110*F110,"") -> 0 | I110: =IFERROR(D110*H110,"") -> 0 | J110: 0.5 | K110: =IFERROR(D110*J110,"") -> 0 | L110: =IF(F22+H22+J22+J64+H64+F64+F110+H110+J110>1,"CORRIGIR",IF(F22+H22+J22+J64+H64+F64+F110+H110+J110=1,"OK",""))
B111: =B23 -> 0 | C111: =C23 -> 0 | D111: =D23 -> 0 | E111: =D111/$D$37 -> 0 | G111: =IFERROR(D111*F111,"") -> 0 | H111: 1 | I111: =IFERROR(D111*H111,"") -> 0 | K111: =IFERROR(D111*J111,"") -> 0 | L111: =IF(F23+H23+J23+J68+H68+F68+F111+H111+J111>1,"CORRIGIR",IF(F23+H23+J23+J68+H68+F68+F111+H111+J111=1,"OK","")) -> OK
B112: =B24 -> 0 | C112: =C24 -> 0 | D112: =D24 -> 0 | E112: =D112/$D$37 -> 0 | G112: =IFERROR(D112*F112,"") -> 0 | I112: =IFERROR(D112*H112,"") -> 0 | K112: =IFERROR(D112*J112,"") -> 0 | L112: =IF(F24+H24+J24+J69+H69+F69+F112+H112+J112>1,"CORRIGIR",IF(F24+H24+J24+J69+H69+F69+F112+H112+J112=1,"OK",""))
B113: =B25 -> 0 | C113: =C25 -> 0 | D113: =D25 -> 0 | E113: =D113/$D$37 -> 0 | I113: =IFERROR(D113*H113,"") -> 0 | K113: =IFERROR(D113*J113,"") -> 0 | L113: =IF(F25+H25+J25+J71+H71+F71+F113+H113+J113>1,"CORRIGIR",IF(F25+H25+J25+J71+H71+F71+F113+H113+J113=1,"OK",""))
B114: =B26 -> 0 | C114: =C26 -> 0 | D114: =D26 -> 0 | E114: =D114/$D$125 -> 0 | I114: =IFERROR(D114*H114,"") -> 0 | K114: =IFERROR(D114*J114,"") -> 0 | L114: =IF(F26+H26+J26+J72+H72+F72+F114+H114+J114>1,"CORRIGIR",IF(F26+H26+J26+J72+H72+F72+F114+H114+J114=1,"OK",""))
I115: =IFERROR(D115*H115,"") -> 0 | K115: =IFERROR(D115*J115,"") -> 0 | L115: =IF(F27+H27+J27+J73+H73+F73+F115+H115+J115>1,"CORRIGIR",IF(F27+H27+J27+J73+H73+F73+F115+H115+J115=1,"OK",""))
I116: =IFERROR(D116*H116,"") -> 0 | K116: =IFERROR(D116*J116,"") -> 0 | L116: =IF(F28+H28+J28+J74+H74+F74+F116+H116+J116>1,"CORRIGIR",IF(F28+H28+J28+J74+H74+F74+F116+H116+J116=1,"OK",""))
I117: =IFERROR(D117*H117,"") -> 0 | K117: =IFERROR(D117*J117,"") -> 0 | L117: =IF(F29+H29+J29+J75+H75+F75+F117+H117+J117>1,"CORRIGIR",IF(F29+H29+J29+J75+H75+F75+F117+H117+J117=1,"OK",""))
I118: =IFERROR(D118*H118,"") -> 0 | K118: =IFERROR(D118*J118,"") -> 0 | L118: =IF(F30+H30+J30+J76+H76+F76+F118+H118+J118>1,"CORRIGIR",IF(F30+H30+J30+J76+H76+F76+F118+H118+J118=1,"OK",""))
I119: =IFERROR(D119*H119,"") -> 0 | K119: =IFERROR(D119*J119,"") -> 0 | L119: =IF(F31+H31+J31+J77+H77+F77+F119+H119+J119>1,"CORRIGIR",IF(F31+H31+J31+J77+H77+F77+F119+H119+J119=1,"OK",""))
I120: =IFERROR(D120*H120,"") -> 0 | K120: =IFERROR(D120*J120,"") -> 0 | L120: =IF(F32+H32+J32+J78+H78+F78+F120+H120+J120>1,"CORRIGIR",IF(F32+H32+J32+J78+H78+F78+F120+H120+J120=1,"OK",""))
I121: =IFERROR(D121*H121,"") -> 0 | K121: =IFERROR(D121*J121,"") -> 0 | L121: =IF(F33+H33+J33+J79+H79+F79+F121+H121+J121>1,"CORRIGIR",IF(F33+H33+J33+J79+H79+F79+F121+H121+J121=1,"OK",""))
I122: =IFERROR(D122*H122,"") -> 0 | K122: =IFERROR(D122*J122,"") -> 0 | L122: =IF(F34+H34+J34+J80+H80+F80+F122+H122+J122>1,"CORRIGIR",IF(F34+H34+J34+J80+H80+F80+F122+H122+J122=1,"OK",""))
I123: =IFERROR(D123*H123,"") -> 0 | K123: =IFERROR(D123*J123,"") -> 0 | L123: =IF(F35+H35+J35+J81+H81+F81+F123+H123+J123>1,"CORRIGIR",IF(F35+H35+J35+J81+H81+F81+F123+H123+J123=1,"OK",""))
D125: =SUM(D101:D124) -> 104594.58 | E125: =SUM(E101:E124) -> 1 | F125: =G125/D125 -> 0 | G125: =SUM(G101:G123) -> 0 | H125: =I125/D125 -> 0 | I125: =SUM(I101:I123) -> 0 | J125: =K125/D125 -> 0.47914911 | K125: =SUM(K101:K123) -> 50116.4
F126: =F125+J84 -> 0.52085089 | G126: =G125+K84 -> 54478.18 | H126: =H125+F126 -> 0.52085089 | I126: =I125+G126 -> 54478.18 | J126: =J125+H126 -> 1 | K126: =K125+I126 -> 104594.58
...

Sheet Curva ABC
B1: PROGRAMA:
B2: CONCEDENTE: | C2: {='Plan. Orçam. Resumo'!D8:E8} -> 0 | D2: 0
B3: CONVENENTE: | C3: Prefeitura Municipal de Pombal
B4: CONTRATO: | C4: {='Plan. Orçam. Resumo'!D9:E9} -> 0 | D4: 0
B5: OBRA: | C5: {='Plan. Orçam. Resumo'!D10:E10} -> FORNECIMENTO E INSTALAÇÃO DE SUBESTAÇÕES AÉREAS EM DIVERSAS ESCOLAS DO MUNICIPIO DE POMBAL-PB | D5: 0 | F5: Encargos: | G5: =[1]Encargos!C36 -> 91.01
B6: REF. PREÇOS: | C6: ='Plan. Orçam. Resumo'!F9 -> SINAPI-PB / 12-2025 | F6: B.D.I.: | G6: =[1]BDI!C31 -> 0.2328
B7: CURVA ABC
B8: ITEM | C8: DESCRIÇÃO DOS SERVIÇOS | D8: QUANT. | E8: VALOR(R$) -UNIT. | F8: VALORES(R$) - TOTAL | G8: PESO | H8: PESO ACUM
F9: =SUM(F10:F186) -> #REF! | G9: % | H9: % | J9: =SUM(F10:F154) -> #REF!
B10: ='Plan. Global'!H12 -> #REF! | C10: ='Plan. Global'!I12 -> #REF! | D10: ='Plan. Global'!K12 -> #REF! | E10: ='Plan. Global'!M12 -> #REF! | F10: =D10*E10 -> #REF! | G10: =F10/$F$9 -> #REF! | H10: =G10 -> #REF!
B11: ='Plan. Global'!H13 -> #REF! | C11: ='Plan. Global'!I13 -> #REF! | D11: ='Plan. Global'!K13 -> #REF! | E11: ='Plan. Global'!M13 -> #REF! | F11: =D11*E11 -> #REF! | G11: =F11/$F$9 -> #REF! | H11: =G11+H10 -> #REF!
B12: ='Plan. Global'!H14 -> #REF! | C12: ='Plan. Global'!I14 -> #REF! | D12: ='Plan. Global'!K14 -> #REF! | E12: ='Plan. Global'!M14 -> #REF! | F12: =D12*E12 -> #REF! | G12: =F12/$F$9 -> #REF! | H12: =G12+H11 -> #REF!
B13: ='Plan. Global'!H15 -> #REF! | C13: ='Plan. Global'!I15 -> #REF! | D13: ='Plan. Global'!K15 -> #REF! | E13: ='Plan. Global'!M15 -> 218.39888 | F13: =D13*E13 -> #REF! | G13: =F13/$F$9 -> #REF! | H13: =G13+H12 -> #REF!
B14: ='Plan. Global'!H16 -> #REF! | C14: ='Plan. Global'!I16 -> #REF! | D14: ='Plan. Global'!K16 -> #REF! | E14: ='Plan. Global'!M16 -> #REF! | F14: =D14*E14 -> #REF! | G14: =F14/$F$9 -> #REF! | H14: =G14+H13 -> #REF!
B15: ='Plan. Global'!H17 -> #REF! | C15: ='Plan. Global'!I17 -> #REF! | D15: ='Plan. Global'!K17 -> #REF! | E15: ='Plan. Global'!M17 -> #REF! | F15: =D15*E15 -> #REF! | G15: =F15/$F$9 -> #REF! | H15: =G15+H14 -> #REF!
B16: ='Plan. Global'!H18 -> #REF! | C16: ='Plan. Global'!I18 -> #REF! | D16: ='Plan. Global'!K18 -> #REF! | E16: ='Plan. Global'!M18 -> #REF! | F16: =D16*E16 -> #REF! | G16: =F16/$F$9 -> #REF! | H16: =G16+H15 -> #REF!
B17: ='Plan. Global'!H19 -> #REF! | C17: ='Plan. Global'!I19 -> #REF! | D17: ='Plan. Global'!K19 -> #REF! | E17: ='Plan. Global'!M19 -> #REF! | F17: =D17*E17 -> #REF! | G17: =F17/$F$9 -> #REF! | H17: =G17+H16 -> #REF!
B18: ='Plan. Global'!H20 -> #REF! | C18: ='Plan. Global'!I20 -> #REF! | D18: ='Plan. Global'!K20 -> #REF! | E18: ='Plan. Global'!M20 -> #REF! | F18: =D18*E18 -> #REF! | G18: =F18/$F$9 -> #REF! | H18: =G18+H17 -> #REF!
B19: ='Plan. Global'!H21 -> #REF! | C19: ='Plan. Global'!I21 -> #REF! | D19: ='Plan. Global'!K21 -> #REF! | E19: ='Plan. Global'!M21 -> #REF! | F19: =D19*E19 -> #REF! | G19: =F19/$F$9 -> #REF! | H19: =G19+H18 -> #REF!
B20: ='Plan. Global'!H22 -> #REF! | C20: ='Plan. Global'!I22 -> #REF! | D20: ='Plan. Global'!K22 -> #REF! | E20: ='Plan. Global'!M22 -> #REF! | F20: =D20*E20 -> #REF! | G20: =F20/$F$9 -> #REF! | H20: =G20+H19 -> #REF!
B21: ='Plan. Global'!H23 -> #REF! | C21: ='Plan. Global'!I23 -> #REF! | D21: ='Plan. Global'!K23 -> #REF! | E21: ='Plan. Global'!M23 -> #REF! | F21: =D21*E21 -> #REF! | G21: =F21/$F$9 -> #REF! | H21: =G21+H20 -> #REF!
B22: ='Plan. Global'!H24 -> #REF! | C22: ='Plan. Global'!I24 -> #REF! | D22: ='Plan. Global'!K24 -> #REF! | E22: ='Plan. Global'!M24 -> #REF! | F22: =D22*E22 -> #REF! | G22: =F22/$F$9 -> #REF! | H22: =G22+H21 -> #REF!
... B186: ='Plan. Global'!H188 -> #REF! | C186: ='Plan. Global'!I188 -> #REF! | D186: ='Plan. Global'!K188 -> #REF! | E186: ='Plan. Global'!M188 -> #REF! | F186: =D186*E186 -> #REF! | G186: =F186/$F$9 -> #REF! | H186: =G186+H185 -> #REF!

Sheet Sinapi_Comp-12.2025
A1: PCI.817.01 - CUSTO DE COMPOSIÇÕES - SINTÉTICO DATA DE EMISSÃO: 09/01/2026
A2: ENCARGOS SOCIAIS SOBRE PREÇOS DA MÃO-DE-OBRA: 91,01%(HORA) 51,84%(MÊS)
A3: ABRANGÊNCIA : NACIONAL LOCALIDADE : JOAO PESSOA DATA DE PREÇO : 12/2025 REFERÊNCIA COLETA : MEDIANO
A5: DESCRICAO DA CLASSE | B5: SIGLA DA CLASSE | C5: DESCRICAO DO TIPO 1 | D5: SIGLA DO TIPO 1 | E5: CODIGO DO AGRUPADOR | F5: DESCRICAO DO AGRUPADOR | G5: CODIGO DA COMPOSICAO | H5: DESCRICAO DA COMPOSICAO | I5: UNIDADE | J5: ORIGEM DE PREÇO | K5: CUSTO TOTAL | L5: VINCULO
D6: 0318 | F6: Forros | G6: 104658 | H6: PISO PODOTÁTIL DE ALERTA OU DIRECIONAL, DE CONCRETO, ASSENTADO SOBRE ARGAMASSA. AF_03/2024 | I6: M2 | K6: 139.8 | L6: CAIXA REFERENCIAL
D7: 0318 | F7: Forros | G7: 105002 | H7: RAMPA DE ACESSIBILIDADE EM CONCRETO MOLDADO IN LOCO, EM CALÇADA NOVA COM LARGURA MAIOR OU IGUAL À 3,00 M, FCK 25MPA, COM PISO PODOTÁTIL. AF_03/2024 | I7: UN | K7: 693.18 | L7: CAIXA REFERENCIAL
D8: 0102 | F8: Forros | G8: 105004 | H8: RAMPA DE ACESSIBILIDADE EM CONCRETO MOLDADO IN LOCO, EM CALÇADA NOVA COM LARGURA MENOR À 3,00 M, FCK 25MPA, COM PISO PODOTÁTIL. AF_03/2024 | I8: M2 | K8: 117.62 | L8: CAIXA REFERENCIAL
D9: 0102 | F9: Forros | G9: 105003 | H9: RAMPA DE ACESSIBILIDADE EM CONCRETO MOLDADO IN LOCO, EM CALÇADA PRÉ EXISTENTE COM LARGURA MAIOR OU IGUAL À 3,00 M, FCK 25MPA, COM PISO PODOTÁTIL. AF_03/2024 | I9: UN | K9: 1054.13 | L9: CAIXA REFERENCIAL
D10: 0184 | F10: Forros | G10: 105005 | H10: RAMPA DE ACESSIBILIDADE EM CONCRETO MOLDADO IN LOCO, EM CALÇADA PRÉ EXISTENTE COM LARGURA MENOR À 3,00 M, FCK 25MPA, COM PISO PODOTÁTIL. AF_03/2024 | I10: M2 | K10: 184.46 | L10: CAIXA REFERENCIAL
D11: 0212 | F11: Instalações Hidráulicas - Reservação e Bombas de Recalque | G11: 105006 | H11: RAMPA DE ACESSIBILIDADE EM CONCRETO PRÉ MOLDADO, EM CALÇADA NOVA COM LARGURA MAIOR OU IGUAL À 3,00 M, FCK 25MPA, COM PISO PODOTÁTIL. AF_03/2024 | I11: UN | K11: 0 | L11: CAIXA REFERENCIAL
D12: 0212 | F12: Instalações Hidráulicas - Reservação e Bombas de Recalque | G12: 104999 | H12: RAMPA DE ACESSIBILIDADE EM CONCRETO PRÉ MOLDADO, EM CALÇADA PRÉ EXISTENTE COM LARGURA MAIOR OU IGUAL À 3,00 M, FCK 25MPA, COM PISO PODOTÁTIL. AF_03/2024 | I12: UN | K12: 0 | L12: CAIXA REFERENCIAL
D13: 0212 | F13: Instalações Hidráulicas - Reservação e Bombas de Recalque | G13: 105000 | H13: RAMPA DE ACESSIBILIDADE PARA ACESSO A EDIFICAÇÕES COM INCLINAÇÃO DE 8,33% EM CONCRETO MOLDADO IN LOCO, COM LARGURA DE 1,20M, FCK 25MPA, NÃO ARMADA, COM JUNTA A CADA 2M COM CORTE À SECO. AF_03/2024 | I13: M | K13: 1131.52 | L13: CAIXA REFERENCIAL
D14: 0212 | F14: Instalações Hidráulicas - Reservação e Bombas de Recalque | G14: 105001 | H14: RAMPA DE ACESSIBILIDADE PARA ACESSO A EDIFICAÇÕES COM INCLINAÇÃO DE 8,33% EM CONCRETO MOLDADO IN LOCO, COM LARGURA DE 1,50M, FCK 25MPA, NÃO ARMADA, COM JUNTA A CADA 2M COM CORTE À SECO. AF_03/2024 | I14: M | K14: 1163.57 | L14: CAIXA REFERENCIAL
D15: 0212 | F15: Instalações Hidráulicas - Reservação e Bombas de Recalque | G15: 89306 | H15: ALVENARIA ESTRUTURAL DE BLOCOS CERÂMICOS 14X19X29, (ESPESSURA DE 14 CM), UTILIZANDO COLHER DE PEDREIRO E ARGAMASSA DE ASSENTAMENTO COM PREPARO EM BETONEIRA. AF_03/2023 | I15: M2 | K15: 94.81 | L15: CAIXA REFERENCIAL
D16: 0212 | F16: Instalações Hidráulicas - Reservação e Bombas de Recalque | G16: 89307 | H16: ALVENARIA ESTRUTURAL DE BLOCOS CERÂMICOS 14X19X29, (ESPESSURA DE 14 CM), UTILIZANDO COLHER DE PEDREIRO E ARGAMASSA DE ASSENTAMENTO COM PREPARO MANUAL. AF_03/2023 | I16: M2 | K16: 97.22 | L16: CAIXA REFERENCIAL
D17: 0212 | F17: Instalações Hidráulicas - Reservação e Bombas de Recalque | G17: 89290 | H17: ALVENARIA ESTRUTURAL DE BLOCOS CERÂMICOS 14X19X29, (ESPESSURA DE 14 CM), UTILIZANDO PALHETA E ARGAMASSA DE ASSENTAMENTO COM PREPARO EM BETONEIRA. AF_03/2023 | I17: M2 | K17: 80.15 | L17: CAIXA REFERENCIAL
... D3546: 0180 | F3546: Instalações Elétricas - Eletrodutos, Conexões e Conduletes Aparentes | G3546: 101576 | H3546: ESCORAMENTO DE VALA, TIPO DESCONTÍNUO, COM PROFUNDIDADE DE 0 A 1,5 M, LARGURA MENOR QUE 1,5 M. AF_08/2020 | I3546: M2 | K3546: 38.34 | L3546: CAIXA REFERENCIAL
F3547: Instalações Hidráulicas - Reservação e Bombas de Recalque | G3547: 101579 | H3547: ESCORAMENTO DE VALA, TIPO DESCONTÍNUO, COM PROFUNDIDADE DE 1,5 A 3,0 M, LARGURA MAIOR OU IGUAL A 1,5 M E MENOR QUE 2,5 M. AF_08/2020 | I3547: M2 | K3547: 42.22
D3548: 0180 | F3548: Drenagem de ar condicionado | G3548: 101578 | H3548: ESCORAMENTO DE VALA, TIPO DESCONTÍNUO, COM PROFUNDIDADE DE 1,5 M A 3,0 M, LARGURA MENOR QUE 1,5 M. AF_08/2020 | I3548: M2 | K3548: 31.42 | L3548: CAIXA REFERENCIAL
D3549: 0180 | F3549: Drenagem de ar condicionado | G3549: 101581 | H3549: ESCORAMENTO DE VALA, TIPO DESCONTÍNUO, COM PROFUNDIDADE DE 3,0 A 4,5 M, LARGURA MAIOR OU IGUAL A 1,5 E MENOR QUE 2,5 M. AF_08/2020 | I3549: M2 | K3549: 38.31 | L3549: CAIXA REFERENCIAL
D3550: 0180 | F3550: Drenagem de ar condicionado | G3550: 101580 | H3550: ESCORAMENTO DE VALA, TIPO DESCONTÍNUO, COM PROFUNDIDADE DE 3,0 A 4,5 M, LARGURA MENOR QUE 1,5 M. AF_08/2020 | I3550: M2 | K3550: 27.32 | L3550: CAIXA REFERENCIAL
D3551: 0168 | F3551: Custos Horários Produtivo e Improdutivo dos Equipamentos | G3551: 101606 | H3551: ESCORAMENTO DE VALA, TIPO ESTACA PRANCHA METÁLICA CRAVADA, COM PROFUNDIDADE DE 0 A 1,5 M. AF_08/2020 | I3551: M2 | K3551: 0 | L3551: CAIXA REFERENCIAL
D3552: 0168 | F3552: Custos Horários Produtivo e Improdutivo dos Equipamentos | G3552: 101607 | H3552: ESCORAMENTO DE VALA, TIPO ESTACA PRANCHA METÁLICA CRAVADA, COM PROFUNDIDADE DE 1,5 A 3 M. AF_08/2020 | I3552: M2 | K3552: 0 | L3552: CAIXA REFERENCIAL
D3553: 0264 | F3553: Depreciação, Juros, Impostos e Seguros, Manutenção e Materiais na Operação dos Equipamentos | G3553: 101608 | H3553: ESCORAMENTO DE VALA, TIPO ESTACA PRANCHA METÁLICA CRAVADA, COM PROFUNDIDADE DE 3 A 4,5 M. AF_08/2020 | I3553: M2 | K3553: 0 | L3553: CAIXA REFERENCIAL
D3554: 0264 | F3554: Depreciação, Juros, Impostos e Seguros, Manutenção e Materiais na Operação dos Equipamentos | G3554: 101571 | H3554: ESCORAMENTO DE VALA, TIPO PONTALETEAMENTO, COM PROFUNDIDADE DE 0 A 1,5 M, LARGURA MAIOR OU IGUAL A 1,5 M E MENOR QUE 2,5 M. AF_08/2020 | I3554: M2 | K3554: 30.75 | L3554: CAIXA REFERENCIAL
D3555: 0264 | F3555: Depreciação, Juros, Impostos e Seguros, Manutenção e Materiais na Operação dos Equipamentos | G3555: 101570 | H3555: ESCORAMENTO DE VALA, TIPO PONTALETEAMENTO, COM PROFUNDIDADE DE 0 A 1,5 M, LARGURA MENOR QUE 1,5 M. AF_08/2020 | I3555: M2 | K3555: 22.29 | L3555: CAIXA REFERENCIAL
D3556: 0264 | F3556: Depreciação, Juros, Impostos e Seguros, Manutenção e Materiais na Operação dos Equipamentos | G3556: 101573 | H3556: ESCORAMENTO DE VALA, TIPO PONTALETEAMENTO, COM PROFUNDIDADE DE 1,5 A 3,0 M, LARGURA MAIOR OU IGUAL A 1,5 M E MENOR QUE 2,5 M. AF_08/2020 | I3556: M2 | K3556: 25.88 | L3556: CAIXA REFERENCIAL
D3557: 0329 | F3557: Custos Horários Produtivo e Improdutivo dos Equipamentos | G3557: 101572 | H3557: ESCORAMENTO DE VALA, TIPO PONTALETEAMENTO, COM PROFUNDIDADE DE 1,5 A 3,0 M, LARGURA MENOR QUE 1,5 M. AF_08/2020 | I3557: M2 | K3557: 17.43 | L3557: CAIXA REFERENCIAL
D3558: 0327 | F3558: Custos Horários Produtivo e Improdutivo dos Equipamentos | G3558: 101575 | H3558: ESCORAMENTO DE VALA, TIPO PONTALETEAMENTO, COM PROFUNDIDADE DE 3,0 A 4,5 M, LARGURA MAIOR OU IGUAL A 1,5 M E MENOR QUE 2,5 M. AF_08/2020 | I3558: M2 | K3558: 21.9 | L3558: CAIXA REFERENCIAL
D3559: 0042 | F3559: Depreciação, Juros, Impostos e Seguros, Manutenção e Materiais na Operação dos Equipamentos | G3559: 101574 | H3559: ESCORAMENTO DE VALA, TIPO PONTALETEAMENTO, COM PROFUNDIDADE DE 3,0 A 4,5 M, LARGURA MENOR QUE 1,5 M. AF_08/2020 | I3559: M2 | K3559: 13.26 | L3559: CAIXA REFERENCIAL
... D4990: 0291 | F4990: Estruturas de Madeira | G4990: 101527 | H4990: ENTRADA DE ENERGIA ELÉTRICA, SUBTERRÂNEA, BIFÁSICA, COM CAIXA DE EMBUTIR, CABO DE 25 MM2 E DISJUNTOR DIN 50A (NÃO INCLUSA MURETA DE ALVENARIA). AF_12/2025 | I4990: UN | K4990: 1444.95 | L4990: CAIXA REFERENCIAL
F4991: Instalações Hidráulicas - Reservação e Bombas de Recalque | G4991: 101528 | H4991: ENTRADA DE ENERGIA ELÉTRICA, SUBTERRÂNEA, BIFÁSICA, COM CAIXA DE EMBUTIR, CABO DE 35 MM2 E DISJUNTOR DIN 50A (NÃO INCLUSA MURETA DE ALVENARIA). AF_12/2025 | I4991: UN | K4991: 1686.31
F4992: Instalações Hidráulicas - Reservação e Bombas de Recalque | G4992: 101521 | H4992: ENTRADA DE ENERGIA ELÉTRICA, SUBTERRÂNEA, BIFÁSICA, COM CAIXA DE SOBREPOR, CABO DE 10 MM2 E DISJUNTOR DIN 50A (NÃO INCLUSA MURETA DE ALVENARIA). AF_12/2025 | I4992: UN | K4992: 1178.49
F4993: Instalações Hidráulicas - Reservação e Bombas de Recalque | G4993: 101522 | H4993: ENTRADA DE ENERGIA ELÉTRICA, SUBTERRÂNEA, BIFÁSICA, COM CAIXA DE SOBREPOR, CABO DE 16 MM2 E DISJUNTOR DIN 50A (NÃO INCLUSA MURETA DE ALVENARIA). AF_12/2025 | I4993: UN | K4993: 1379.07
F4994: Instalações Hidráulicas - Reservação e Bombas de Recalque | G4994: 101523 | H4994: ENTRADA DE ENERGIA ELÉTRICA, SUBTERRÂNEA, BIFÁSICA, COM CAIXA DE SOBREPOR, CABO DE 25 MM2 E DISJUNTOR DIN 50A (NÃO INCLUSA MURETA DE ALVENARIA). AF_12/2025 | I4994: UN | K4994: 1449.56
F4995: Instalações Hidráulicas - Reservação e Bombas de Recalque | G4995: 101524 | H4995: ENTRADA DE ENERGIA ELÉTRICA, SUBTERRÂNEA, BIFÁSICA, COM CAIXA DE SOBREPOR, CABO DE 35 MM2 E DISJUNTOR DIN 50A (NÃO INCLUSA MURETA DE ALVENARIA). AF_12/2025 | I4995: UN | K4995: 1690.92
F4996: Instalações Hidráulicas - Reservação e Bombas de Recalque | G4996: 101517 | H4996: ENTRADA DE ENERGIA ELÉTRICA, SUBTERRÂNEA, MONOFÁSICA, COM CAIXA DE EMBUTIR, CABO DE 10 MM2 E DISJUNTOR DIN 50A (NÃO INCLUSA MURETA DE ALVENARIA). AF_12/2025 | I4996: UN | K4996: 850.99
F4997: Instalações Hidráulicas - Reservação e Bombas de Recalque | G4997: 101518 | H4997: ENTRADA DE ENERGIA ELÉTRICA, SUBTERRÂNEA, MONOFÁSICA, COM CAIXA DE EMBUTIR, CABO DE 16 MM2 E DISJUNTOR DIN 50A (NÃO INCLUSA MURETA DE ALVENARIA). AF_12/2025 | I4997: UN | K4997: 984.7
F4998: Instalações Hidráulicas - Reservação e Bombas de Recalque | G4998: 101519 | H4998: ENTRADA DE ENERGIA ELÉTRICA, SUBTERRÂNEA, MONOFÁSICA, COM CAIXA DE EMBUTIR, CABO DE 25 MM2 E DISJUNTOR DIN 50A (NÃO INCLUSA MURETA DE ALVENARIA). AF_12/2025 | I4998: UN | K4998: 1031.7
F4999: Instalações Hidráulicas - Reservação e Bombas de Recalque | G4999: 101520 | H4999: ENTRADA DE ENERGIA ELÉTRICA, SUBTERRÂNEA, MONOFÁSICA, COM CAIXA DE EMBUTIR, CABO DE 35 MM2 E DISJUNTOR DIN 50A (NÃO INCLUSA MURETA DE ALVENARIA). AF_12/2025 | I4999: UN | K4999: 1192.6
F5000: Instalações Hidráulicas - Reservação e Bombas de Recalque | G5000: 101513 | H5000: ENTRADA DE ENERGIA ELÉTRICA, SUBTERRÂNEA, MONOFÁSICA, COM CAIXA DE SOBREPOR, CABO DE 10 MM2 E DISJUNTOR DIN 50A (NÃO INCLUSA MURETA DE ALVENARIA). AF_12/2025 | I5000: UN | K5000: 863.53
F5001: Instalações Hidráulicas - Reservação e Bombas de Recalque | G5001: 101514 | H5001: ENTRADA DE ENERGIA ELÉTRICA, SUBTERRÂNEA, MONOFÁSICA, COM CAIXA DE SOBREPOR, CABO DE 16 MM2 E DISJUNTOR DIN 50A (NÃO INCLUSA MURETA DE ALVENARIA). AF_12/2025 | I5001: UN | K5001: 997.24
F5002: Instalações Hidráulicas - Reservação e Bombas de Recalque | G5002: 101515 | H5002: ENTRADA DE ENERGIA ELÉTRICA, SUBTERRÂNEA, MONOFÁSICA, COM CAIXA DE SOBREPOR, CABO DE 25 MM2 E DISJUNTOR DIN 50A (NÃO INCLUSA MURETA DE ALVENARIA). AF_12/2025 | I5002: UN | K5002: 1044.24
... F9788: Válvulas para Redes de Saneamento | G9788: 103117 | H9788: ASSENTAMENTO DE CONEXÃO COM 2 ACESSOS, FERRO FUNDIDO PARA REDE DE ÁGUA, DN 800 MM, JUNTA FLANGEADA (NÃO INCLUI O FORNECIMENTO). AF_09/2021 | I9788: UN | K9788: 527.4
G9789: 103118 | H9789: ASSENTAMENTO DE CONEXÃO COM 2 ACESSOS, FERRO FUNDIDO PARA REDE DE ÁGUA, DN 900 MM, JUNTA FLANGEADA (NÃO INCLUI O FORNECIMENTO). AF_09/2021 | I9789: UN | K9789: 612.61
G9790: 103122 | H9790: ASSENTAMENTO DE CONEXÃO COM 3 ACESSOS, FERRO FUNDIDO PARA REDE DE ÁGUA, DN 100 MM, JUNTA FLANGEADA (NÃO INCLUI O FORNECIMENTO). AF_09/2021 | I9790: UN | K9790: 73.38
G9791: 103135 | H9791: ASSENTAMENTO DE CONEXÃO COM 3 ACESSOS, FERRO FUNDIDO PARA REDE DE ÁGUA, DN 1000 MM, JUNTA FLANGEADA (NÃO INCLUI O FORNECIMENTO). AF_09/2021 | I9791: UN | K9791: 976.04
G9792: 103136 | H9792: ASSENTAMENTO DE CONEXÃO COM 3 ACESSOS, FERRO FUNDIDO PARA REDE DE ÁGUA, DN 1200 MM, JUNTA FLANGEADA (NÃO INCLUI O FORNECIMENTO). AF_09/2021 | I9792: UN | K9792: 1169.75
G9793: 103123 | H9793: ASSENTAMENTO DE CONEXÃO COM 3 ACESSOS, FERRO FUNDIDO PARA REDE DE ÁGUA, DN 150 MM, JUNTA FLANGEADA (NÃO INCLUI O FORNECIMENTO). AF_09/2021 | I9793: UN | K9793: 106.34
G9794: 103124 | H9794: ASSENTAMENTO DE CONEXÃO COM 3 ACESSOS, FERRO FUNDIDO PARA REDE DE ÁGUA, DN 200 MM, JUNTA FLANGEADA (NÃO INCLUI O FORNECIMENTO). AF_09/2021 | I9794: UN | K9794: 139.27
G9795: 103125 | H9795: ASSENTAMENTO DE CONEXÃO COM 3 ACESSOS, FERRO FUNDIDO PARA REDE DE ÁGUA, DN 250 MM, JUNTA FLANGEADA (NÃO INCLUI O FORNECIMENTO). AF_09/2021 | I9795: UN | K9795: 234.14
G9796: 103126 | H9796: ASSENTAMENTO DE CONEXÃO COM 3 ACESSOS, FERRO FUNDIDO PARA REDE DE ÁGUA, DN 300 MM, JUNTA FLANGEADA (NÃO INCLUI O FORNECIMENTO). AF_09/2021 | I9796: UN | K9796: 267.09
G9797: 103127 | H9797: ASSENTAMENTO DE CONEXÃO COM 3 ACESSOS, FERRO FUNDIDO PARA REDE DE ÁGUA, DN 350 MM, JUNTA FLANGEADA (NÃO INCLUI O FORNECIMENTO). AF_09/2021 | I9797: UN | K9797: 361.97
G9798: 103128 | H9798: ASSENTAMENTO DE CONEXÃO COM 3 ACESSOS, FERRO FUNDIDO PARA REDE DE ÁGUA, DN 400 MM, JUNTA FLANGEADA (NÃO INCLUI O FORNECIMENTO). AF_09/2021 | I9798: UN | K9798: 394.91
G9799: 103129 | H9799: ASSENTAMENTO DE CONEXÃO COM 3 ACESSOS, FERRO FUNDIDO PARA REDE DE ÁGUA, DN 450 MM, JUNTA FLANGEADA (NÃO INCLUI O FORNECIMENTO). AF_09/2021 | I9799: UN | K9799: 489.78
G9800: 103130 | H9800: ASSENTAMENTO DE CONEXÃO COM 3 ACESSOS, FERRO FUNDIDO PARA REDE DE ÁGUA, DN 500 MM, JUNTA FLANGEADA (NÃO INCLUI O FORNECIMENTO). AF_09/2021 | I9800: UN | K9800: 522.71
... G10146: 103548 | H10146: VÁLVULA REDUTORA DE PRESSÃO DE FERRO FUNDIDO PARA REDE DE ÁGUA, DN 80 MM, JUNTA FLANGEADA. AF_12/2021 | I10146: UN | K10146: 0

Sheet Sinapi_Insum-12.2025
A1: PRECOS DE INSUMOS - BANCO NACIONAL
A3: MES DE COLETA: 12/2025
A4: LOCALIDADE: 1070 - JOAO PESSOA
A5: ENCARGOS SOCIAIS (%) HORISTA 91,01 MENSALISTA 51,84%
A7: CODIGO | B7: DESCRICAO DO INSUMO | C7: UNIDADE DE MEDIDA | D7: ORIGEM DO PRECO | E7: PRECO MEDIANO R$
A8: 45333 | B8: ABERTURA PARA ENCAIXE DE CUBA OU LAVATORIO EM BANCADA DE MARMORE/ GRANITO OU OUTRO TIPO DE PEDRA NATURAL | C8: UN | E8: 148.08
A9: 11270 | B9: ABRACADEIRA DE LATAO PARA FIXACAO DE CABO PARA-RAIO, DIMENSOES 32 X 24 X 24 MM | C9: UN
A10: 412 | B10: ABRACADEIRA DE NYLON PARA AMARRACAO DE CABOS, COMPRIMENTO DE *230* X *7,6* MM | C10: UN | E10: 0.92
A11: 414 | B11: ABRACADEIRA DE NYLON PARA AMARRACAO DE CABOS, COMPRIMENTO DE 100 X 2,5 MM | C11: UN | E11: 0.05
A12: 410 | B12: ABRACADEIRA DE NYLON PARA AMARRACAO DE CABOS, COMPRIMENTO DE 150 X *3,6* MM | C12: UN | E12: 0.14
A13: 411 | B13: ABRACADEIRA DE NYLON PARA AMARRACAO DE CABOS, COMPRIMENTO DE 200 X *4,6* MM | C13: UN | E13: 0.18
A14: 408 | B14: ABRACADEIRA DE NYLON PARA AMARRACAO DE CABOS, COMPRIMENTO DE 390 X *4,6* MM | C14: UN | E14: 0.89
A15: 39131 | B15: ABRACADEIRA EM ACO PARA AMARRACAO DE ELETRODUTOS, TIPO D, COM 1 1/2" E CUNHA DE FIXACAO | C15: UN | E15: 4.42
A16: 394 | B16: ABRACADEIRA EM ACO PARA AMARRACAO DE ELETRODUTOS, TIPO D, COM 1 1/2" E PARAFUSO DE FIXACAO | C16: UN | E16: 4.48
A17: 39130 | B17: ABRACADEIRA EM ACO PARA AMARRACAO DE ELETRODUTOS, TIPO D, COM 1 1/4" E CUNHA DE FIXACAO | C17: UN | E17: 4.03
A18: 395 | B18: ABRACADEIRA EM ACO PARA AMARRACAO DE ELETRODUTOS, TIPO D, COM 1 1/4" E PARAFUSO DE FIXACAO | C18: UN | E18: 4.31
A19: 39129 | B19: ABRACADEIRA EM ACO PARA AMARRACAO DE ELETRODUTOS, TIPO D, COM 1" E CUNHA DE FIXACAO | C19: UN | E19: 2.48
A20: 393 | B20: ABRACADEIRA EM ACO PARA AMARRACAO DE ELETRODUTOS, TIPO D, COM 1" E PARAFUSO DE FIXACAO | C20: UN | E20: 2.6
A21: 39127 | B21: ABRACADEIRA EM ACO PARA AMARRACAO DE ELETRODUTOS, TIPO D, COM 1/2" E CUNHA DE FIXACAO | C21: UN | E21: 2.12
... A46: 12615 | B46: ABRACADEIRA PVC, PARA CALHA PLUVIAL, DIAMETRO ENTRE *80 E 100* MM, PARA DRENAGEM PLUVIAL PREDIAL | C46: UN | E46: 12.7
A47: 11927 | B47: ABRACADEIRA, GALVANIZADA/ZINCADA, ROSCA SEM FIM, PARAFUSO INOX, LARGURA FITA *12,6 A *14 MM, D = 2" A 2 1/2" | C47: UN
A48: 11928 | B48: ABRACADEIRA, GALVANIZADA/ZINCADA, ROSCA SEM FIM, PARAFUSO INOX, LARGURA FITA *12,6 A *14 MM, D = 3" A 3 3/4" | C48: UN
A49: 11929 | B49: ABRACADEIRA, GALVANIZADA/ZINCADA, ROSCA SEM FIM, PARAFUSO INOX, LARGURA FITA *12,6 A *14 MM, D = 4" A 4 3/4" | C49: UN
A50: 36801 | B50: ACABAMENTO DE METAL CROMADO PARA REGISTRO PEQUENO, DE PAREDE, 1/2" OU 3/4" | C50: UN | E50: 35.28
A51: 36246 | B51: ACABAMENTO SIMPLES/CONVENCIONAL PARA FORRO PVC, TIPO "U" OU "C", COR BRANCA, COMPRIMENTO 6 M | C51: M | E51: 4.01
A52: 37600 | B52: ACESSORIO DE LIGACAO NAO ELETRICO PARA CARGAS EXPLOSIVAS, TUBO DE 6 M | C52: UN
A53: 37599 | B53: ACESSORIO INICIADOR NAO ELETRICO, TUBO DE 6 M, TEMPO DE RETARDO DE *160* MS | C53: UN
A54: 1 | B54: ACETILENO - RECARGA DE GAS PARA CILINDRO (NAO INCLUI TROCA/MANUTENCAO DO CILINDRO) | C54: KG | E54: 94.44
A55: 3 | B55: ACIDO CLORIDRICO / ACIDO MURIATICO, DILUICAO 10% A 12% PARA USO EM LIMPEZA | C55: L | E55: 14.72
A56: 43054 | B56: ACO CA-25, 10,0 MM, OU 12,5 MM, OU 16,0 MM, OU 20,0 MM, OU 25,0 MM, VERGALHAO | C56: KG | E56: 7.85
A57: 42402 | B57: ACO CA-25, 16,0 MM, BARRA DE TRANSFERENCIA | C57: KG | E57: 7.5
A58: 42403 | B58: ACO CA-25, 20,0 MM, BARRA DE TRANSFERENCIA | C58: KG | E58: 9.62
A59: 42404 | B59: ACO CA-25, 25,0 MM, BARRA DE TRANSFERENCIA | C59: KG | E59: 9.57
A60: 42405 | B60: ACO CA-25, 32,0 MM, BARRA DE TRANSFERENCIA | C60: KG | E60: 10.19
A61: 34341 | B61: ACO CA-25, 32,0 MM, VERGALHAO | C61: KG | E61: 8.85
A62: 43053 | B62: ACO CA-25, 6,3 MM OU 8,0 MM, VERGALHAO | C62: KG | E62: 7.01
A63: 43058 | B63: ACO CA-50, 10,0 MM, OU 12,5 MM, OU 16,0 MM, OU 20,0 MM, DOBRADO E CORTADO | C63: KG | E63: 7.27
A64: 34 | B64: ACO CA-50, 10,0 MM, VERGALHAO | C64: KG | E64: 7.31
A65: 43055 | B65: ACO CA-50, 12,5 MM OU 16,0 MM, VERGALHAO | C65: KG | E65: 6.33
... A74: 43060 | B74: ACO CA-60, 8,0 MM OU 9,5 MM, VERGALHAO | C74: KG | E74: 6.02
A75: 40410 | B75: ACOPLAMENTO RIGIDO EM FERRO FUNDIDO PARA SISTEMA DE TUBULACAO RANHURADA, DN 50 MM (2") | C75: UN
A76: 40411 | B76: ACOPLAMENTO RIGIDO EM FERRO FUNDIDO PARA SISTEMA DE TUBULACAO RANHURADA, DN 65 MM (2 1/2") | C76: UN
A77: 40412 | B77: ACOPLAMENTO RIGIDO EM FERRO FUNDIDO PARA SISTEMA DE TUBULACAO RANHURADA, DN 80 MM (3") | C77: UN
A78: 44254 | B78: ADAPTADOR CPVC, ROSCAVEL, COM FLANGES E ANEL DE VEDACAO, 15 MM, CAIXA D'AGUA PARA AGUA QUENTE | C78: UN
A79: 44255 | B79: ADAPTADOR CPVC, ROSCAVEL, COM FLANGES E ANEL DE VEDACAO, 22 MM, CAIXA D'AGUA PARA AGUA QUENTE | C79: UN
A80: 44256 | B80: ADAPTADOR CPVC, ROSCAVEL, COM FLANGES E ANEL DE VEDACAO, 28 MM, CAIXA D'AGUA PARA AGUA QUENTE | C80: UN
A81: 44257 | B81: ADAPTADOR CPVC, ROSCAVEL, COM FLANGES E ANEL DE VEDACAO, 35 MM, CAIXA D'AGUA PARA AGUA QUENTE | C81: UN
A82: 44258 | B82: ADAPTADOR CPVC, ROSCAVEL, COM FLANGES E ANEL DE VEDACAO, 42 MM, CAIXA D'AGUA PARA AGUA QUENTE | C82: UN
A83: 44259 | B83: ADAPTADOR CPVC, ROSCAVEL, COM FLANGES E ANEL DE VEDACAO, 54 MM, CAIXA D'AGUA PARA AGUA QUENTE | C83: UN
A84: 37997 | B84: ADAPTADOR CPVC, SOLDAVEL, 15 MM, PARA AGUA QUENTE | C84: UN
A85: 37998 | B85: ADAPTADOR CPVC, SOLDAVEL, 22 MM, PARA AGUA QUENTE | C85: UN
A86: 55 | B86: ADAPTADOR DE COMPRESSAO EM POLIPROPILENO (PP), PARA TUBO EM PEAD, 20 MM X 1/2", PARA LIGACAO PREDIAL DE AGUA (NTS 179) | C86: UN
... A88: 62 | B88: ADAPTADOR DE COMPRESSAO EM POLIPROPILENO (PP), PARA TUBO EM PEAD, 32 MM X 1", PARA LIGACAO PREDIAL DE AGUA (NTS 179) | C88: UN
A89: 10899 | B89: ADAPTADOR EM LATAO, ENGATE RAPIDO 2 1/2" X ROSCA INTERNA 5 FIOS 2 1/2", PARA INSTALACAO PREDIAL DE COMBATE A INCENDIO | C89: UN | E89: 87.61
A90: 10900 | B90: ADAPTADOR EM LATAO, ENGATE RAPIDO1 1/2" X ROSCA INTERNA 5 FIOS 2 1/2", PARA INSTALACAO PREDIAL DE COMBATE A INCENDIO | C90: UN | E90: 68.57
A91: 47 | B91: ADAPTADOR PVC PBA, BOLSA/ROSCA, JE, DN 100 / DE 110 MM | C91: UN
A92: 48 | B92: ADAPTADOR PVC PBA, BOLSA/ROSCA, JE, DN 50 / DE 60 MM | C92: UN
A93: 46 | B93: ADAPTADOR PVC PBA, BOLSA/ROSCA, JE, DN 75 / DE 85 MM | C93: UN
A94: 52 | B94: ADAPTADOR PVC PBA, PONTA/ROSCA, JE, DN 50 / DE 60 MM | C94: UN
A95: 43 | B95: ADAPTADOR PVC PBA, PONTA/ROSCA, JE, DN 75 / DE 85 MM | C95: UN
A96: 103 | B96: ADAPTADOR PVC SOLDAVEL CURTO COM BOLSA E ROSCA, 110 MM X 4", PARA AGUA FRIA | C96: UN | E96: 45.51
A97: 107 | B97: ADAPTADOR PVC SOLDAVEL CURTO COM BOLSA E ROSCA, 20 MM X 1/2", PARA AGUA FRIA | C97: UN | E97: 0.85
A98: 65 | B98: ADAPTADOR PVC SOLDAVEL CURTO COM BOLSA E ROSCA, 25 MM X 3/4", PARA AGUA FRIA | C98: UN | E98: 0.94
A99: 108 | B99: ADAPTADOR PVC SOLDAVEL CURTO COM BOLSA E ROSCA, 32 MM X 1", PARA AGUA FRIA | C99: UN | E99: 1.88
A100: 110 | B100: ADAPTADOR PVC SOLDAVEL CURTO COM BOLSA E ROSCA, 40 MM X 1 1/2", PARA AGUA FRIA | C100: UN | E100: 6.55
A101: 109 | B101: ADAPTADOR PVC SOLDAVEL CURTO COM BOLSA E ROSCA, 40 MM X 1 1/4", PARA AGUA FRIA | C101: UN | E101: 3.9
A102: 111 | B102: ADAPTADOR PVC SOLDAVEL CURTO COM BOLSA E ROSCA, 50 MM X 1 1/4", PARA AGUA FRIA | C102: UN | E102: 8.86
A103: 112 | B103: ADAPTADOR PVC SOLDAVEL CURTO COM BOLSA E ROSCA, 50 MM X1 1/2", PARA AGUA FRIA | C103: UN | E103: 4.69
A104: 113 | B104: ADAPTADOR PVC SOLDAVEL CURTO COM BOLSA E ROSCA, 60 MM X 2", PARA AGUA FRIA | C104: UN | E104: 11.75
A105: 104 | B105: ADAPTADOR PVC SOLDAVEL CURTO COM BOLSA E ROSCA, 75 MM X 2 1/2", PARA AGUA FRIA | C105: UN | E105: 20.46
A106: 102 | B106: ADAPTADOR PVC SOLDAVEL CURTO COM BOLSA E ROSCA, 85 MM X 3", PARA AGUA FRIA | C106: UN | E106: 28.2
A107: 95 | B107: ADAPTADOR PVC SOLDAVEL, COM FLANGE E ANEL DE VEDACAO, 20 MM X 1/2", PARA CAIXA D'AGUA | C107: UN | E107: 11.92
... A111: 99 | B111: ADAPTADOR PVC SOLDAVEL, COM FLANGE E ANEL DE VEDACAO, 50 MM X 1 1/2", PARA CAIXA D'AGUA | C111: UN | E111: 27.59
A112: 60 | B112: ADAPTADOR PVC, COM REGISTRO, PARA PEAD, 20 MM X 3/4", PARA LIGACAO PREDIAL DE AGUA | C112: UN
A113: 72 | B113: ADAPTADOR PVC, ROSCAVEL, COM FLANGES E ANEL DE VEDACAO, 1 1/2", PARA CAIXA D'AGUA | C113: UN | E113: 52.92
A114: 71 | B114: ADAPTADOR PVC, ROSCAVEL, COM FLANGES E ANEL DE VEDACAO, 1", PARA CAIXA D'AGUA | C114: UN | E114: 32.68
A115: 67 | B115: ADAPTADOR PVC, ROSCAVEL, COM FLANGES E ANEL DE VEDACAO, 1/2", PARA CAIXA D'AGUA | C115: UN | E115: 17.11
A116: 73 | B116: ADAPTADOR PVC, ROSCAVEL, COM FLANGES E ANEL DE VEDACAO, 3/4", PARA CAIXA D'AGUA | C116: UN | E116: 16.37
A117: 100 | B117: ADAPTADOR PVC, SOLDAVEL, COM FLANGES E ANEL DE VEDACAO, 60 MM X 2", PARA CAIXA D'AGUA | C117: UN | E117: 48.21
A118: 75 | B118: ADAPTADOR PVC, SOLDAVEL, COM FLANGES LIVRES, 110 MM X 4", PARA CAIXA D'AGUA | C118: UN | E118: 281.08
A119: 83 | B119: ADAPTADOR PVC, SOLDAVEL, COM FLANGES LIVRES, 75 MM X 2 1/2", PARA CAIXA D'AGUA | C119: UN | E119: 224.71
A120: 74 | B120: ADAPTADOR PVC, SOLDAVEL, COM FLANGES LIVRES, 85 MM X 3", PARA CAIXA D'AGUA | C120: UN | E120: 321.28
A121: 106 | B121: ADAPTADOR PVC, SOLDAVEL, LONGO, COM FLANGE LIVRE, 110 MM X 4", PARA CAIXA D'AGUA | C121: UN | E121: 406.27
A122: 88 | B122: ADAPTADOR PVC, SOLDAVEL, LONGO, COM FLANGE LIVRE, 32 MM X 1", PARA CAIXA D'AGUA | C122: UN | E122: 11.42
A123: 82 | B123: ADAPTADOR PVC, SOLDAVEL, LONGO, COM FLANGE LIVRE, 75 MM X 2 1/2", PARA CAIXA D'AGUA | C123: UN | E123: 213.8
A124: 105 | B124: ADAPTADOR PVC, SOLDAVEL, LONGO, COM FLANGE LIVRE, 85 MM X 3", PARA CAIXA D'AGUA | C124: UN | E124: 302.95
... A143: 43618 | B143: ADITIVO SUPERPLASTIFICANTE DE PEGA NORMAL PARA CONCRETO, LIQUIDO E ISENTO DE CLORETOS | C143: KG | E143: 23.26
A144: 37476 | B144: ADUELA/ GALERIA PRE-MOLDADA DE CONCRETO ARMADO, SECAO QUADRADA INTERNA DE 1,50 X 1,50 M (L X A), MISULA DE 20 X 20 CM, C = 1,00 M, ESPESSURA MIN = 15 CM, TB-45 E FCK DO CONCRETO = 30 MPA | C144: UN
A145: 37478 | B145: ADUELA/ GALERIA PRE-MOLDADA DE CONCRETO ARMADO, SECAO RETANGULAR INTERNA DE 2,00 X 2,00 M (L X A), MISULA DE 20 X 20 CM, C = 1,00 M, ESPESSURA MIN = 15 CM, TB-45 E FCK DO CONCRETO = 30 MPA | C145: UN
A146: 37477 | B146: ADUELA/ GALERIA PRE-MOLDADA DE CONCRETO ARMADO, SECAO RETANGULAR INTERNA DE 2,50 X 2,50 M (L X A), MISULA DE 20 X 20 CM, C = 1,00 M, ESPESSURA MIN = 15 CM, TB-45 E FCK DO CONCRETO = 30 MPA | C146: UN
A147: 37479 | B147: ADUELA/ GALERIA PRE-MOLDADA DE CONCRETO ARMADO, SECAO RETANGULAR INTERNA DE 3,00 X 3,00 M (L X A), MISULA DE 20 X 20 CM, C = 1.00 M, ESPESSURA MIN = 20 CM, TB-45 E FCK DO CONCRETO = 30 MPA | C147: UN
A148: 4319 | B148: AFASTADOR PARA TELHA DE FIBROCIMENTO CANALETE 90 OU KALHETAO | C148: UN | E148: 2.25
A149: 42409 | B149: AGENTE DE CURA, PROTETOR DA EVAPORACAO DA AGUA DE HIDRATACAO DO CONCRETO | C149: KG | E149: 14.65
A150: 40553 | B150: AGREGADO RECICLADO, TIPO RACHAO RECICLADO CINZA, CLASSE A | C150: M3
A151: 6114 | B151: AJUDANTE DE ARMADOR (HORISTA) | C151: H | E151: 14.89
A152: 40912 | B152: AJUDANTE DE ARMADOR (MENSALISTA) | C152: MES | E152: 2606.02
A153: 247 | B153: AJUDANTE DE ELETRICISTA (HORISTA) | C153: H | E153: 14.89
A154: 40919 | B154: AJUDANTE DE ELETRICISTA (MENSALISTA) | C154: MES | E154: 2606.02
A155: 44499 | B155: AJUDANTE DE ESTRUTURAS METALICAS (HORISTA) | C155: H | E155: 14.89
A156: 40984 | B156: AJUDANTE DE ESTRUTURAS METALICAS (MENSALISTA) | C156: MES | E156: 2606.02
...

Sheet DER
A1: DEPARTAMENTO DE ESTRADAS DE RODAGEM DA PARAÍBA - DER/PB
B2: DIRETORIA DE PLANEJAMENTO - DRP
B3: DIVISÃO DE PLANOS E PROGRAMAS - DPP
A4: TABELA DE PREÇOS atualizado 11/12/2024 com desoneração | C4: BDI = | E4: 0.3265
B5: (Vigência: OUTUBRO - DEZEMBRO 2024) Encargos Sociais: 100,13% | C5: (incluído no preço unitário)
A6: Código | B6: Descrição | C6: Unid | D6: Preço Unitário (R$)
D7: S/BDI | E7: C/BDI
A8: 1 - TERRAPLENAGEM
A9: 01.000.01 | B9: DESMATAMENTO DESTOCAMENTO E LIMPEZA | C9: m² | D9: 0.37 | E9: 0.49
A10: 01.000.02 | B10: DESMATAMENTO MANUAL INCLUSIVE QUEIMA E LIMPEZA | C10: m² | D10: 3.69 | E10: 4.89
A11: 01.000.03 | B11: ROÇADA MANUAL | C11: ha | D11: 1539.21 | E11: 2041.76
A12: 01.000.04 | B12: CAPINA MANUAL | C12: m² | D12: 0.82 | E12: 1.09
A13: 01.000.05 | B13: DESMATAMENTO E DESTOC. DE ÁRVORES DIAMETRO > 30 cm | C13: ud | D13: 47.61 | E13: 63.15
A14: 01.000.06 | B14: DESTOCAMENTO MANUAL DE ÁRVORES DIAMETRO < 30 cm | C14: ud | D14: 13.19 | E14: 17.5
A15: 01.000.07 | B15: ROÇADA MECANIZADA | C15: ha | D15: 577.66 | E15: 766.27
A16: 01.100.00 | B16: REGULARIZAÇÃO DO SUB-LEITO | C16: m² | D16: 1.68 | E16: 2.23
A17: 01.100.01 | B17: ESCAV.CARGA E TRANSP. MAT. 1A. CAT.ATE 50M C/TRATOR (MS) | C17: m³ | D17: 3.55 | E17: 4.71
A18: 01.100.02 | B18: ESCAV.CARGA E TRANSP. MAT. 1A. CAT. C/TRANSP. DE 0-200m (MS) | C18: m³ | D18: 5.67 | E18: 7.52
A19: 01.100.03 | B19: ESCAV.CARGA E TRANSP. MAT. 1A. CAT. C/TRANSP. DE 201-400m (MS) | C19: m³ | D19: 7.77 | E19: 10.31
A20: 01.100.04 | B20: ESCAV.CARGA E TRANSP. MAT. 1A. CAT. C/TRANSP. DE 401-600m (MS) | C20: m³ | D20: 9.63 | E20: 12.77
... A58: 01.102.10 | B58: ROCHA FRAGMENTADA POR FOGACHO (PEDRA DE MAO) | C58: m³ | D58: 20.18 | E58: 26.77
A59: 01.102.11 | B59: CONFECCAO DE BRITA | C59: m³
A60: 01.102.12 | B60: DESMONTE DE MATERIAL DE 3ª CAT. A FRIO COM ARGAMASSA EXPANSIVA A CÉU ABERTO | C60: m³ | D60: 415.48 | E60: 551.13
A61: 01.200.01 | B61: ESPALHAMENTO DE SOLO E/OU AREIA C/MOTONIVELADORA | C61: m³ | D61: 2.77 | E61: 3.67
A62: 01.200.04 | B62: COLCHAO DE AREIA EXCL.APENAS TRANSPORTE DA AREIA | C62: m³ | D62: 33.37 | E62: 44.27
A63: 01.400.02 | B63: RECONFORMACAO DE PLATAFORMA (PATROLAMENTO) | C63: km | D63: 457.91 | E63: 607.42
A64: 01.401.00 | B64: RECOMPOSICAO DE ACOSTAMENTO EXCLUSIVE TRANSP.SOLO | C64: m³ | D64: 19.46 | E64: 25.81
A65: 01.401.01 | B65: REVESTIMENTO PRIMARIO EXCLUSIVE APENAS TRANSPORTE | C65: m³ | D65: 14.98 | E65: 19.87
A66: 01.510.00 | B66: COMPACTACAO DE ATERRO 95% PN | C66: m³ | D66: 4.21 | E66: 5.58
A67: 01.510.01 | B67: COMPACTACAO DE ATERRO - CONTROLE VISUAL | C67: m³ | D67: 1.65 | E67: 2.19
A68: 01.510.02 | B68: COMPACTACAO MANUAL DE ATERROS | C68: m³ | D68: 41.4 | E68: 54.92
A69: 01.511.00 | B69: COMPACTACAO DE ATERRO 100% DO PROCTOR NORMAL | C69: m³ | D69: 4.51 | E69: 5.98
A70: 01.511.01 | B70: COMPACTAÇÃO DE ATERROS A 100% DO PROCTOR INTERMEDIÁRIO | C70: m³ | D70: 7.03 | E70: 9.33
A71: 01.999.03 | B71: DESMATAMENTO EM JAZIDAS | C71: m² | D71: 0.78 | E71: 1.03
... A78: 01.999.10 | B78: TRANSPORTE COM CAMINHÃO CARROCERIA DE 10 T ROD PAV | C78: t.km | D78: 0.6 | E78: 0.8
A79: 2 - PAVIMEN | B79: TAÇÃO
A80: 02.000.00 | B80: REGULARIZAÇÃO DO SUBLEITO | C80: m² | D80: 1.86 | E80: 2.47
A81: 02.100.00 | B81: REFORÇO DO SUBLEITO EXCLUSIVE APENAS TRANSPORTE | C81: m³ | D81: 14.98 | E81: 19.87
A82: 02.100.01 | B82: EXECUCAO DE SOLO BETUME EXCLUSIVE APENAS LIGANTE | C82: m³ | D82: 11.06 | E82: 14.67
A83: 02.200.00 | B83: SUB-BASE ESTAB. GRANUL.S/MISTURA EXCLUSIVE TRANSP. | C83: m³ | D83: 18.27 | E83: 24.24
A84: 02.200.01 | B84: BASE ESTAB. GRANUL.S/MISTURA EXCLUSIVE TRANSPORTE | C84: m³ | D84: 18.97 | E84: 25.16
A85: 02.200.02 | B85: REESTABILIZAÇÃO DE BASE EXISTENTE | C85: m³ | D85: 15.24 | E85: 20.22
A86: 02.200.03 | B86: REESTAB.DE BASE EXIST.C/ ADICAO 20% SOLO | C86: m³ | D86: 18.19 | E86: 24.13
A87: 02.200.04 | B87: REESTAB.DE BASE EXIST.C/ ADICAO 20% AREIA EM PESO | C87: m³ | D87: 19.26 | E87: 25.55
A88: 02.200.05 | B88: REEST.DE BASE EXIST.C/INCl.REV.ASF.C/ AD.20% SOLO,RECICLADORA | C88: m³ | D88: 33.81 | E88: 44.85
A89: 02.200.06 | B89: REEST.DE BASE EXIST.C/INCl.REV.ASF.C/ AD.20% BRITA COMERCIAL, RECICLADORA | C89: m3 | D89: 60.35 | E89: 80.06
A90: 02.200.07 | B90: REEST.DE BASE EXIST.C/INCl.REV.ASF.C/ AD.30% BRITA COMERCIAL, RECICLADORA | C90: m3 | D90: 75.75 | E90: 100.48
A91: 02.210.00 | B91: BASE ESTAB.GRANUL.SOLO / AREIA (70%-30%) EXC.TRANSP. | C91: m³ | D91: 26.3 | E91: 34.89
... A180: 02.999.36 | B180: LASTRO DE CONCRETO MAGRO, APLICADO EM PISOS OU RADIERS, ESPESSURA DE 5 CM | C180: m² | D180: 24.54 | E180: 32.55
A181: 3 - OBRAS D | B181: E ARTE ESPECIAIS
A182: 03.000.00 | B182: ESCAVACAO MANUAL PARA FUNDACAO EM MATERIAL 1A.CAT. | C182: m³ | D182: 55.41 | E182: 73.5
A183: 03.001.00 | B183: ESCAVACAO MANUAL PARA FUNDACAO EM MATERIAL 2A.CAT. | C183: m³ | D183: 67.72 | E183: 89.83
A184: 03.001.01 | B184: ESCAVACAO MANUAL PARA FUNDACAO EM MATERIAL 3A.CAT. | C184: m³ | D184: 161.75 | E184: 214.56
A185: 03.200.00 | B185: ENSECADEIRA SIMPLES C/PRANCHA DE MADEIRA | C185: m² | D185: 251.64 | E185: 333.81
A186: 03.300.01 | B186: CONCRETO MAGRO TRACO 1/4/8 , fornecimento e aplicação | C186: m³ | D186: 289.69 | E186: 384.27
A187: 03.300.02 | B187: CONCRETO MAGRO TRACO 1/4/8 (COMERCIAL), fornecimento e aplicação | C187: m³ | D187: 314.71 | E187: 417.46
A188: 03.300.03 | B188: CONCRETO SIMPLES TRACO 1/3/6, fornecimento e aplicação | C188: m³ | D188: 328.03 | E188: 435.13
A189: 03.300.04 | B189: CONCRETO SIMPLES TRACO 1/3/6 (COMERCIAL), fornecimento e aplicação | C189: m³ | D189: 351.73 | E189: 466.57
A190: 03.310.01 | B190: CONCRETO CICLOPICO FCK >=15 MPA C/30% RACHAO, fornecimento e aplicação | C190: m³ | D190: 246.29 | E190: 326.7
A191: 03.310.02 | B191: CONCRETO CICLOPICO FCK >=15 MPA C/30% RACHAO (COM), fornecimento e aplicação | C191: m³ | D191: 288.03 | E191: 382.07
A192: 03.321.00 | B192: CONCRETO ESTRUTURAL FCK >=15 MPA, fornecimento e aplicação | C192: m³ | D192: 309.71 | E192: 410.83
A193: 03.321.01 | B193: CONCRETO ESTRUTURAL FCK >=15 MPA (COMERCIAL), fornecimento e aplicação | C193: m³ | D193: 338.25 | E193: 448.69
... A280: 03.999.15 | B280: FORNECIMENTO, CRAVAÇÃO E ARRASAMENTO DE ESTACAS DE AÇO ASTM A572 GRAU 50, PERFIL HP 310 X 93 | C280: m | D280: 1395.87 | E280: 1851.62
A281: 4 - DRENAGE | B281: M
A282: 04.000.01 | B282: ESCAVACAO MANUAL PARA FUNDACAO EM MAT.1A.CATEGORIA | C282: m³ | D282: 55.41 | E282: 73.5
A283: 04.000.03 | B283: ESCAVACAO MANUAL DE VALETA E DRENO EM MATERIAL 1A.CATEG. | C283: m³ | D283: 55.41 | E283: 73.5
A284: 04.000.05 | B284: ESCAVACAO MANUAL MATERIAL 1A.CAT EM GALERIA | C284: m³ | D284: 55.41 | E284: 73.5
A285: 04.010.00 | B285: ESCAVACAO MANUAL PARA FUNDACAO EM MAT.2A.CATEGORIA | C285: m³ | D285: 67.72 | E285: 89.83
A286: 04.010.01 | B286: ESCAVACAO MANUAL DE VALETA E DRENO EM MATERIAL 2A.CATEG. | C286: m³ | D286: 67.72 | E286: 89.83
A287: 04.020.00 | B287: ESCAVACAO MANUAL PARA FUNDACAO EM MAT.3A.CATEGORIA | C287: m³ | D287: 161.75 | E287: 214.56
A288: 04.020.01 | B288: ESCAVACAO MANUAL DE VALETA E DRENO EM MATERIAL 3A.CATEG. | C288: m³ | D288: 161.75 | E288: 214.56
A289: 04.030.01 | B289: ESCAVAÇÃO MECÂNICA DE VALETA EM MATERIAL 1A.CATEGORIA | C289: m³ | D289: 11.56 | E289: 15.33
A290: 04.030.02 | B290: ESCAVAÇÃO MECÂNICA DE VALETA EM MATERIAL 2A.CATEGORIA | C290: m³ | D290: 13.87 | E290: 18.4
A291: 04.030.03 | B291: ESCAVAÇÃO MECÂNICA DE VALETA EM MATERIAL 3A.CATEGORIA | C291: m³ | D291: 116.36 | E291: 154.36
A292: 04.100.00 | B292: FORN.E ASSENTAMENTO DE TUBO DE CONCRETO(D=0,40M) | C292: m | D292: 117.32 | E292: 155.63
A293: 04.100.01 | B293: FORN.E ASSENTAMENTO DE TUBO DE CONCRETO(D=0,60M) | C293: m | D293: 227.48 | E293: 301.75
... A412: 04.999.31 | B412: LIMPEZA MANUAL DE ACOSTAMENTO C/ REMOÇÃO DE MATERIAL | C412: m³ | D412: 46.18 | E412: 61.26
A413: 5 - OBRAS D | B413: E CONTENÇÃO
A414: 05.000.00 | B414: ENROCAMENTO PEDRA DE MÃO ARUMADA | C414: m³ | D414: 118.37 | E414: 157.02
A415: 05.000.01 | B415: ENROCAMENTO PEDRA DE MÃO ARRUMADA (COMERCIAL) | C415: m³ | D415: 195.04 | E415: 258.72
A416: 05.001.00 | B416: ENROCAMENTO PEDRA DE MAO JOGADA | C416: m³ | D416: 75.59 | E416: 100.27
A417: 05.001.01 | B417: ENROCAMENTO PEDRA DE MAO JOGADA (COMERCIAL) | C417: m³ | D417: 148.61 | E417: 197.13
A418: 05.002.00 | B418: MURO GABIAO TIPO CAIXA | C418: m³ | D418: 592.12 | E418: 785.44
A419: 05.100.00 | B419: OBTENCAO DE GRAMA | C419: m² | D419: 2 | E419: 2.65
A420: 05.100.01 | B420: PROTECAO VEGETAL DE TALUDES | C420: m² | D420: 3.85 | E420: 5.11
A421: 05.100.02 | B421: PROTECAO VEGETAL NO CANTEIRO CENTRAL | C421: m² | D421: 3.85 | E421: 5.11
A422: 05.200.00 | B422: ALVENARIA DE TIJOLO MACIÇO E=0.20M | C422: m³ | D422: 237 | E422: 314.39
A423: 05.201.00 | B423: DEMOLICAO DE ALVENARIA DE TIJOLO | C423: m² | D423: 110.82 | E423: 147
A424: 05.999.00 | B424: CALCADA DE CONCRETO (E=0,05M) | C424: m² | D424: 65.51 | E424: 86.9
A425: 05.999.01 | B425: CALCADA DE CONCRETO (E=0,08M) | C425: m² | D425: 81.04 | E425: 107.5
A426: 6 - SINALIZ | B426: AÇÃO E SEGURANÇA
A427: 06.000.00 | B427: DEFENSA METALICA REFLETIVA MALEAVEL SIMPLES FORNECIMENTO E APLICACAO | C427: m | D427: 710.83 | E427: 942.92
A428: 06.000.01 | B428: DEFENSA METALICA REFLETIVA SEMI MALEAVEL SIMPLES FORN. E APLICACAO | C428: m | D428: 459.02 | E428: 608.89
A429: 06.000.02 | B429: PLACA DE SINALIZACAO (CONFECCAO) | C429: m² | D429: 503.83 | E429: 668.34
A430: 06.000.02(A | B430: ) PLACA DE SINALIZACAO COM CHAPA DE ALUMINIO COMPOSTO (ACM) 3mm (CONFECÇÃO) | C430: m² | D430: 933.01 | E430: 1237.64
A431: 06.000.03 R | B431: EMOÇÃO DE DEFENSA METÁLICA, SEM APROVEITAMENTO | C431: m | D431: 24.45 | E431: 32.43
A432: 06.100.00 | B432: SINALIZACAO HORIZONTAL COM TINTA 2 ANOS DURACAO | C432: m² | D432: 24.46 | E432: 32.45
A433: 06.100.01 | B433: SINALIZACAO DE SETAS E/OU DIRETRIZES NA PISTA | C433: m² | D433: 30.29 | E433: 40.18
A434: 06.100.02 | B434: SINALIZAÇÃO HORIZONTAL COM TINTA ACRÍLICA EMULSIONADA EM ÁGUA - ESPESSURA DE 0,5 MM | C434: m² | D434: 21.95 | E434: 29.11
A435: 06.101.00 | B435: SINALIZAÇÃO HORIZONTAL C/TERMOPLÁSTICO 3 ANOS DURAÇÃO | C435: m² | D435: 53.29 | E435: 70.69
...
